Workbook
Name Print_Area: 'ESTRUCTURA APU'!$A$1:$G$37

Sheet AU  Consul P2
A1: AU OFICIAL
O2: Componente socio ambiental
A3: SECRETARÍA DE TALENTO HUMANO Y SERVICIOS ADMINISTRATIVOS- DIRECCIÓN DE SERVICIOS GENERALES | O3: Item | P3: un | Q3: cantidad | R3: Valor | S3: Valor $ /mes
A4: =+'PRESUPUESTO OFICIAL 2026'!B4 -> Mantenimiento del sistema de climatización y equipos electro mecánicos del Centro Administrativo Departamental y sus Sedes Externas LOTE 1 | O4: Trasporte | P4: un | Q4: 1 | R4: 700000 | S4: =+R4*Q4 -> 700000
O5: Bandas | P5: un | Q5: 22 | R5: 25500 | S5: =+R5*Q5 -> 561000
A6: ÍTEM | B6: DESCRIPCIÓN | C6: UNIDAD | D6: CANTIDAD | E6: VALOR MES | F6: FACTOR PRESTACIONAL | G6: DEDICACIÓN | H6: MESES | I6: VALOR TOTAL | O6: Refrigerante | P6: un | Q6: 3 | R6: 67900 | S6: =+R6*Q6 -> 203700
A7: 1 | B7: PERSONAL PROFESIONAL Y TÉCNICO | O7: Escalera de 12 peldaños | P7: un | Q7: 1 | R7: 30295.078 | S7: =+R7*Q7 -> 30295.078
A8: 1.1 | B8: Coordinador Ingeniero electromecanico ó mecanico | C8: UN | D8: 1 | E8: =+'COSTO PERSONAL'!V5 -> 7879072.5 | F8: ='COSTO PERSONAL'!W42+1 -> 1.5829 | G8: 0.25 | H8: 10 | I8: =H8*G8*F8*E8*D8 -> 31179460 | O8: Escalera de 5 peldaños | P8: un | Q8: 1 | R8: 17000 | S8: =+R8*Q8 -> 17000
A9: 1.2 | B9: Profesional SISO | C9: UN | D9: 1 | E9: =+'COSTO PERSONAL'!Z5 -> 4377262.5 | F9: ='COSTO PERSONAL'!Y42+1 -> 1.5829 | G9: 0.2 | H9: =+H8 -> 10 | I9: =H9*G9*F9*E9*D9 -> 13857538
A10: 1.3 | B10: Técnico Administrativo | C10: UN | D10: 1 | E10: =+'COSTO PERSONAL'!AB5 -> 3501810 | F10: ='COSTO PERSONAL'!AA42+1 -> 1.5829 | G10: 0.2 | H10: =+H9 -> 10 | I10: =H10*G10*F10*E10*D10 -> 11086030 | V10: 18900
V11: 32000
A12: 2 | B12: SISTEMA DE COMPUTO, COMUNICACIONES Y SEÑALIZACIÓN
A13: 2.1 | B13: Computador (con office y AutoCAD) | C13: UN | D13: 1 | E13: 145000 | H13: =+H10 -> 10 | I13: =H13*E13*D13 -> 1450000
A14: 2.2 | B14: Comunicaciones (Telefono, Fax, Internet etc.) | C14: GLOBAL | D14: 1 | E14: 145000 | H14: =+H13 -> 10 | I14: =D14*E14*H14 -> 1450000
A15: 2.3 | B15: Señalización de zonas de trabajo, cintas, conos, etc | C15: GLOBAL | D15: 1 | E15: 145000 | H15: =+H8 -> 10 | I15: =D15*E15*H15 -> 1450000
A16: 3 | B16: PAPELERIA Y EQUIPO DE OFICINA | O16: suma | S16: =SUM(S4:S15) -> 1511995.1
A17: 3.1 | B17: Papeleria, tinta fotocopias, impresiones de planos y otros. | C17: GLOBAL | D17: 1 | E17: 100000 | H17: =+H8 -> 10 | I17: =H17*E17*D17 -> 1000000
A18: 4 | B18: COMPONENTE SOCIO-AMBIENTAL
A19: 4.1 | B19: Dotación, elementos de seguridad, EPP, implementos traslado RCD, Certificados, Capacitaciones, aseo y las demás que sean inherentes a sus funciones y/o que por razones del proyecto deban asumirse. | C19: GB | D19: 1 | E19: =+S33 -> 372423.08 | H19: 5 | I19: =H19*E19*D19 -> 1862115.4 | O19: Componente socio ambiental
A20: 5 | B20: RECURSOS TECNICOS Y DE OPERACIÓN | O20: Item | P20: un | Q20: Cant prom/ mes | R20: Valor $ /mes | S20: Subtotal
A21: 5.1 | B21: Gastos Operativos por transportes, Herramientas y consumibles menores | C21: GLOBAL | D21: 1 | E21: 1500000 | H21: 10 | I21: =H21*E21*D21 -> 15000000 | O21: Cascos | P21: un | Q21: 2 | R21: 25000 | S21: =+R21*Q21 -> 50000
A22: 6 | B22: IMPUESTOS | O22: gafas | P22: un | Q22: 2 | R22: 7000 | S22: =+R22*Q22 -> 14000
A23: 6.1 | B23: Impuesto 4/1000 (del costo total incluido AU) 50% | G23: 0.5 | H23: 0.004 | I23: 1405027 | O23: botas | P23: un | Q23: 2 | R23: 50000 | S23: =+R23*Q23 -> 100000
K24: =+I25/I28 -> 0.13674808 | O24: guantes | P24: un | Q24: 2 | R24: 10000 | S24: =+R24*Q24 -> 20000
A25: ADMINISTRACIÓN | G25: A | H25: =+K29 -> 0.13674808 | I25: =ROUND(I8+I9+I10+I11+I13+I14+I15+I17+I19+I21+I23,0) -> 79740170 | J25: =I25 -> 79740170 | K25: =+I25/I28 -> 0.13674808 | O25: tapa oidos | P25: un | Q25: 2 | R25: 5000 | S25: =+R25*Q25 -> 10000
A26: UTILIDAD | G26: U | H26: 0.05 | I26: =ROUND(I28*H26,0) -> 29155866 | O26: tapabocas | P26: un | Q26: 2 | R26: 2500 | S26: =+R26*Q26 -> 5000
A27: TOTAL AU | H27: =+H25+H26 -> 0.18674808 | I27: =SUM(I25:I26) -> 108896036 | O27: camisa | P27: un | Q27: 2 | R27: 15000 | S27: =+R27*Q27 -> 30000
A28: COSTO DIRECTO | I28: =+'PRESUPUESTO OFICIAL 2026'!L56 -> 5.8311731e+08 | O28: Identificación | P28: un | Q28: 2 | R28: 5000 | S28: =+R28*Q28 -> 10000
A29: COSTO TOTAL INCLUIDO AU | I29: =I28+I27 -> 6.9201335e+08 | K29: =+I25/I28 -> 0.13674808 | O29: costales | P29: un | Q29: 5 | R29: 2500 | S29: =+R29*Q29 -> 12500
A30: 7 | B30: Pólizas ( Valor máximo a reconocer contra certificación de pago y/o facturas) | C30: GLOBAL | D30: 1 | I30: =+Pólizas!G20 -> 2898257.9 | O30: canecas | P30: un | Q30: 0 | R30: 50000 | S30: =+R30*Q30 -> 0
A31: TOTAL PROYECTO CON AU Y PÓLIZAS | I31: =+I30+I29 -> 6.949116e+08 | O31: implementos aseo y limpieza | P31: mes | Q31: 1 | R31: 100000 | S31: =+R31*Q31 -> 100000
O32: Otros | P32: mes | Q32: 1 | R32: =SUM(R21:R31)/ 13 -> 20923.077 | S32: =+R32*Q32 -> 20923.077
A33: Nota 1: El valor definido por la Entidad por concepto de pólizas es un valor estimado que será un gasto comprobable, la entidad reconocerá al contratista el valor real efectivamente causado por este concepto (Gasto Reembolsable), para el efecto, el contratista deberá presentar los documentos que soporten el valor facturado por las garantías. Nota 2: Durante la ejecución del contrato la Entidad tendrá potestad de realizar deducciones y efectuar las respectivas multas y sanciones a las que haya lugar en las siguientes ocasiones: • Si se evidencia personal pensionado y dentro del factor prestacional se reconoce dicha prestación • Si se comprueba que el contratista está exonerado del pago de los aportes a SALUD (a cargo del empleador 8,5%), SENA (2%), ICBF (3%), y se está haciendo reconocimiento por estos dentro del factor prestacional. • Por ausencia de personal. • Cuando el contratista afilie al personal a un riesgo diferente al establecido en la propuesta económica. • Cuando el contratista afilie al personal a una empresa distinta a la que se le adjudica el contrato. • Cuando se evidencie un salario básico y un IBC inferior a lo estipulado en la propuesta económica (el salario debe ser igual al IBC, para esta situación el contratista debe pagar como mínimo el valor ofertado en su propuesta económica a cada uno de los profesionales). • Cuando se evidencie inconsistencias en la liquidación del personal al finalizar la obra (paz y salvo del contratista con la Entidad firmado por el trabajador donde se cancelan las cesantías, intereses a las cesantías, prima, vacaciones, dotación y auxilio de transporte cuando apliquen). • Cuando se contemplen primas extralegales diferentes a las establecidas legalmente en la legislación Nacional. • Cuando el contratista asigne personal que no cumpla con los requisitos de formación y experiencia establecidos en el pliego. • Cuando el personal del contratista participe en más de un cargo de los estipulados en el presupuesto oficial o exceda el 100% de dedicación. • Cuando el contratista reciba pago por horas extras y no sean canceladas al profesional. • Cuando el contratista reciba pago por reajuste de salarios y no sean canceladas al profesional. • Las demás circunstancias en las que evidencien pagos indebidos. | O33: suma | S33: =SUM(S21:S32) -> 372423.08

Sheet Pólizas
A1: CALCULO POLIZAS | I1: CALCULO POLIZAS | Q1: CALCULO POLIZAS
A3: =+'AU Consul P2'!A3:I3 -> SECRETARÍA DE TALENTO HUMANO Y SERVICIOS ADMINISTRATIVOS- DIRECCIÓN DE SERVICIOS GENERALES | I3: =+'AU Consul P2'!I3:Q3 -> 0 | Q3: =+'AU Consul P2'!Q3:Y3 -> cantidad
A4: =+'PRESUPUESTO OFICIAL 2026'!B4 -> Mantenimiento del sistema de climatización y equipos electro mecánicos del Centro Administrativo Departamental y sus Sedes Externas LOTE 1 | I4: =+'PRESUPUESTO OFICIAL 2026'!J4 -> 0 | Q4: =+'PRESUPUESTO OFICIAL 2026'!N4 -> 0
H5: Costodirecto + AU
A6: VALOR DEL CONTRATO ($) | C6: =H6 -> 692013346 | H6: =+'PRESUPUESTO OFICIAL 2026'!L59 -> 692013346 | I6: VALOR DEL CONTRATO ($) | K6: =+'PRESUPUESTO OFICIAL 2026 TH'!L59 -> 474155370 | Q6: VALOR DEL CONTRATO ($) | S6: =+'PRESUPUESTO OFICIAL 2026 SALUD'!L59 -> 217857977
A7: PLAZO DEL CONTRATO (DIAS) | C7: =10*30 -> 300 | I7: PLAZO DEL CONTRATO (DIAS) | K7: =+C7 -> 300 | Q7: PLAZO DEL CONTRATO (DIAS) | S7: =+C7 -> 300
A8: ANTICIPO | C8: 0 | I8: ANTICIPO | K8: 0 | Q8: ANTICIPO | S8: 0
A10: Tipo de garantia | C10: Valor Asegurado | E10: Cobertura | F10: Tasa Anual | G10: Prima | I10: Tipo de garantia | K10: Valor Asegurado | M10: Cobertura | N10: Tasa Anual | O10: Prima | Q10: Tipo de garantia | S10: Valor Asegurado | U10: Cobertura | V10: Tasa Anual | W10: Prima
A11: CUMPLIMIENTO | C11: 0.15 | D11: =C6*C11 -> 1.03802e+08 | E11: =C7+(6*30) -> 480 | F11: 0.004 | G11: =(D11*F11)/365*E11 -> 546026.97 | I11: CUMPLIMIENTO | K11: 0.15 | L11: =K6*K11 -> 71123306 | M11: =K7+(6*30) -> 480 | N11: 0.004 | O11: =(L11*N11)/365*M11 -> 374128.07 | Q11: CUMPLIMIENTO | S11: 0.15 | T11: =S6*S11 -> 32678697 | U11: =S7+(6*30) -> 480 | V11: 0.004 | W11: =(T11*V11)/365*U11 -> 171898.9
A12: PAGO DE SALARIOS Y PRESTACIONES SOCIALES | C12: 0.05 | D12: =C6*C12 -> 34600667 | E12: =C7+(3*360) -> 1380 | F12: 0.003 | G12: =(D12*F12)/365*E12 -> 392456.88 | I12: PAGO DE SALARIOS Y PRESTACIONES SOCIALES | K12: 0.05 | L12: =K6*K12 -> 23707768 | M12: =K7+(3*360) -> 1380 | N12: 0.003 | O12: =(L12*N12)/365*M12 -> 268904.55 | Q12: PAGO DE SALARIOS Y PRESTACIONES SOCIALES | S12: 0.05 | T12: =S6*S12 -> 10892899 | U12: =S7+(3*360) -> 1380 | V12: 0.003 | W12: =(T12*V12)/365*U12 -> 123552.33
A13: ESTABILIDAD, CALIDAD Y CORRECTO FUNCIONAMIENTO DE LA OBRA | D13: =C7*C13 -> 0 | E13: =C7+(5*360) -> 2100 | F13: 0.004 | G13: =(D13*F13)/365*E13 -> 0 | I13: ESTABILIDAD, CALIDAD Y CORRECTO FUNCIONAMIENTO DE LA OBRA | L13: =K7*K13 -> 0 | M13: =K7+(5*360) -> 2100 | N13: 0.004 | O13: =(L13*N13)/365*M13 -> 0 | Q13: ESTABILIDAD, CALIDAD Y CORRECTO FUNCIONAMIENTO DE LA OBRA | T13: =S7*S13 -> 0 | U13: =S7+(5*360) -> 2100 | V13: 0.004 | W13: =(T13*V13)/365*U13 -> 0
A14: CALIDAD Y CORRECTO FUNCIONAMIENTO | C14: 0.15 | D14: =C6*C14 -> 1.03802e+08 | E14: =C7+(6*30) -> 480 | F14: 0.004 | G14: =(D14*F14)/365*E14 -> 546026.97 | I14: CALIDAD Y CORRECTO FUNCIONAMIENTO | K14: 0.15 | L14: =K6*K14 -> 71123306 | M14: =K7+(6*30) -> 480 | N14: 0.004 | O14: =(L14*N14)/365*M14 -> 374128.07 | Q14: CALIDAD Y CORRECTO FUNCIONAMIENTO | S14: 0.15 | T14: =S6*S14 -> 32678697 | U14: =S7+(6*30) -> 480 | V14: 0.004 | W14: =(T14*V14)/365*U14 -> 171898.9
A15: RESPONABILIDAD CIVIL | C15: 200 SMMLV | D15: =200*1423500 -> 284700000 | E15: =C7 -> 300 | F15: 0.004 | G15: =(D15*F15)/365*E15 -> 936000 | I15: RESPONABILIDAD CIVIL | K15: 200 SMMLV | L15: =200*1423500 -> 284700000 | M15: =K7 -> 300 | N15: 0.004 | O15: =(L15*N15)/365*M15 -> 936000 | Q15: RESPONABILIDAD CIVIL | S15: 200 SMMLV | T15: 0 | U15: =S7 -> 300 | V15: 0.004 | W15: =(T15*V15)/365*U15 -> 0
A16: Subtotal prima | G16: =SUM(G11:G15) -> 2420510.8 | I16: Subtotal prima | O16: =SUM(O11:O15) -> 1953160.7 | Q16: Subtotal prima | W16: =SUM(W11:W15) -> 467350.13
A18: Gastos de expedición | G18: 15000 | I18: Gastos de expedición | O18: 15000 | Q18: Gastos de expedición
A19: IVA | G19: =(G18+G16)*19% -> 462747.06 | I19: IVA | O19: =(O18+O16)*19% -> 373950.53 | Q19: IVA | W19: =(W18+W16)*19% -> 88796.524
A20: TOTAL POLIZAS | G20: =SUM(G16:G19) -> 2898257.9 | I20: TOTAL POLIZAS | O20: =SUM(O16:O19) -> 2342111.2 | Q20: TOTAL POLIZAS | W20: =SUM(W16:W19) -> 556146.65
F22: Relación | G22: =+G20/C6 -> 0.0041881532 | N22: Relación | O22: =+O20/K6 -> 0.0049395438 | V22: Relación | W22: =+W20/S6 -> 0.0025527945

Sheet COSTO PERSONAL
G1: =+C5*5 -> 8754525 | V1: COORDINADOR | X1: PROFESIONAL | Z1: SISO | AB1: TÉCNICO ADMINISTRATIVO
B2: SALARIO | C2: 1 | E2: 1.2 | G2: 1.5 | I2: 1.8 | K2: 2 | M2: 2.5 | O2: 3 | Q2: 3.5 | S2: 5 | V2: 4.5 | X2: 4 | Z2: 2.5 | AB2: 2
C3: VALOR $ | D3: REF. | E3: VALOR $ | F3: REF. | G3: VALOR $ | H3: REF. | I3: VALOR $ | J3: REF. | K3: VALOR $ | L3: REF. | M3: VALOR $ | N3: REF. | O3: VALOR $ | P3: REF. | Q3: VALOR $ | R3: REF. | S3: VALOR $ | T3: REF. | V3: VALOR $ | W3: REF. | X3: VALOR $ | Y3: REF. | Z3: VALOR $ | AA3: REF. | AB3: VALOR $ | AC3: REF.
B5: SMMLV | C5: 1750905 | D5: A | E5: =$C$5*E2 -> 2101086 | G5: =$C$5*G2 -> 2626357.5 | I5: =$C$5*I2 -> 3151629 | K5: =$C$5*K2 -> 3501810 | M5: =$C$5*M2 -> 4377262.5 | O5: =$C$5*O2 -> 5252715 | Q5: =$C$5*Q2 -> 6128167.5 | S5: =C5*5 -> 8754525 | V5: =C5*V2 -> 7879072.5 | X5: =C5*X2 -> 7003620 | Z5: =C5*Z2 -> 4377262.5 | AB5: =C5*AB2 -> 3501810
B6: Dia sin subsidio de transporte | C6: =C5/30 -> 58363.5 | E6: =E5/30 -> 70036.2 | G6: =G5/30 -> 87545.25 | I6: =I5/30 -> 105054.3 | K6: =K5/30 -> 116727 | M6: =M5/30 -> 145908.75 | O6: =O5/30 -> 175090.5 | Q6: =Q5/30 -> 204272.25 | S6: =S5/30 -> 291817.5 | V6: =V5/30 -> 262635.75 | X6: =X5/30 -> 233454 | Z6: =Z5/30 -> 145908.75 | AB6: =AB5/30 -> 116727
B7: Subsidio de transporte | C7: 249095 | D7: B | E7: =$C$7 -> 249095 | G7: =$C$7 -> 249095 | I7: =$C$7 -> 249095 | K7: =$C$7 -> 249095 | V7: =IF(V2<2,$C$7,0) -> 0 | X7: =IF(X2<2,$C$7,0) -> 0 | Z7: =IF(Z2<2,$C$7,0) -> 0 | AB7: =IF(AB2<2,$C$7,0) -> 0
B8: Total Mensual | C8: =C7+C5 -> 2000000 | D8: C | E8: =E5+E7 -> 2350181 | G8: =G5+G7 -> 2875452.5 | I8: =I5+I7 -> 3400724 | K8: =K5+K7 -> 3750905 | M8: =M5+M7 -> 4377262.5 | O8: =O5+O7 -> 5252715 | Q8: =Q5+Q7 -> 6128167.5 | S8: =S7+S5 -> 8754525 | V8: =V7+V5 -> 7879072.5 | X8: =X7+X5 -> 7003620 | Z8: =Z7+Z5 -> 4377262.5 | AB8: =AB7+AB5 -> 3501810
B9: Valor Dia con Subsidio de transporte | C9: =C8/30 -> 66666.667 | E9: =E8/30 -> 78339.367 | G9: =G8/30 -> 95848.417 | I9: =I8/30 -> 113357.47 | K9: =K8/30 -> 125030.17 | AB9: =AB8/30 -> 116727
B10: Anual (Ax12) | C10: =C5*12 -> 21010860 | D10: D | E10: =(E5/30)*360 -> 25213032 | G10: =(G5/30)*360 -> 31516290 | I10: =(I5/30)*360 -> 37819548 | K10: =(K5/30)*360 -> 42021720 | M10: =(M5/30)*360 -> 52527150 | O10: =(O5/30)*360 -> 63032580 | Q10: =(Q5/30)*360 -> 73538010 | S10: =(S5/30)*360 -> 105054300 | V10: =(V5/30)*360 -> 94548870 | X10: =(X5/30)*360 -> 84043440 | Z10: =(Z5/30)*360 -> 52527150 | AB10: =(AB5/30)*360 -> 42021720
B11: Costo Anual Subsidio de Transporte | C11: =C7*12 -> 2989140 | E11: =C11 -> 2989140 | G11: =E11 -> 2989140 | I11: =G11 -> 2989140 | K11: =I11 -> 2989140 | S11: =S7*12 -> 0 | V11: =V7*12 -> 0 | X11: =X7*12 -> 0 | Z11: =Z7*12 -> 0 | AB11: =AB7*12 -> 0
B12: Total Anual con subsidio de transporte para calculo de liquidacion de cesantias y prima. | C12: =C11+C10 -> 24000000 | D12: E | E12: =E10+E11 -> 28202172 | G12: =G10+G11 -> 34505430 | I12: =I10+I11 -> 40808688 | K12: =K10+K11 -> 45010860 | M12: =M10+M11 -> 52527150 | O12: =O10+O11 -> 63032580 | Q12: =Q10+Q11 -> 73538010 | S12: =S11+S10 -> 105054300 | V12: =V11+V10 -> 94548870 | X12: =X11+X10 -> 84043440 | Z12: =Z11+Z10 -> 52527150 | AB12: =AB11+AB10 -> 42021720
B13: Cesantias y Prima | C13: =C12/12 -> 2000000 | E13: =E12/12 -> 2350181 | G13: =G12/12 -> 2875452.5 | I13: =I12/12 -> 3400724 | K13: =K12/12 -> 3750905 | M13: =M12/12 -> 4377262.5 | O13: =O12/12 -> 5252715 | Q13: =Q12/12 -> 6128167.5 | S13: =S12/12 -> 8754525 | V13: =V12/12 -> 7879072.5 | X13: =X12/12 -> 7003620 | Z13: =Z12/12 -> 4377262.5 | AB13: =AB12/12 -> 3501810
B14: 1% interes cesantias | C14: =C5*12% -> 210108.6 | E14: =E13*12% -> 282021.72 | G14: =G13*12% -> 345054.3 | I14: =I13*12% -> 408086.88 | K14: =K13*12% -> 450108.6 | M14: =M13*12% -> 525271.5 | O14: =O13*12% -> 630325.8 | Q14: =Q13*12% -> 735380.1 | S14: =S13*12% -> 1050543 | V14: =V13*12% -> 945488.7 | X14: =X13*12% -> 840434.4 | Z14: =Z13*12% -> 525271.5 | AB14: =AB13*12% -> 420217.2
B15: Total Anual subsidio de transporte para calculo de hora efectiva y VRS | C15: =(C7/30)*342 -> 2839683 | E15: =C15 -> 2839683 | G15: =E15 -> 2839683 | I15: =G15 -> 2839683 | K15: =I15 -> 2839683 | S15: =(S7/30)*342 -> 0 | V15: =(V7/30)*342 -> 0 | X15: =(X7/30)*342 -> 0 | Z15: =(Z7/30)*342 -> 0 | AB15: =(AB7/30)*342 -> 0
B17: CONCEPTO | C17: VALOR $ | D17: % | E17: VALOR $ | F17: % | G17: VALOR $ | H17: % | I17: VALOR $ | J17: % | K17: VALOR $ | L17: % | M17: VALOR $ | N17: % | O17: VALOR $ | P17: % | Q17: VALOR $ | R17: % | S17: VALOR $ | T17: % | V17: VALOR $ | W17: % | X17: VALOR $ | Y17: % | Z17: VALOR $ | AA17: % | AB17: VALOR $ | AC17: %
B19: SALARIO NOMINAL | V19: SALARIO NOMINAL
B20: Salario Anual (360 dias) | C20: =C10 -> 21010860 | D20: 1 | E20: =E10 -> 25213032 | F20: 1 | G20: =G10 -> 31516290 | H20: 1 | I20: =I10 -> 37819548 | J20: 1 | K20: =K10 -> 42021720 | L20: 1 | M20: =M10 -> 52527150 | N20: 1 | O20: =O10 -> 63032580 | P20: 1 | Q20: =Q10 -> 73538010 | R20: 1 | S20: =S10 -> 105054300 | T20: 1 | V20: =V10 -> 94548870 | W20: 1 | X20: =X10 -> 84043440 | Y20: 1 | Z20: =Z10 -> 52527150 | AA20: 1 | AB20: =AB10 -> 42021720 | AC20: 1
B21: Total Anual subsidio de transporte para calculo de hora efectiva y VRS | C21: =C15 -> 2839683 | D21: =C21/C20 -> 0.13515311 | E21: =E15 -> 2839683 | F21: =E21/E20 -> 0.11262759 | G21: =G15 -> 2839683 | H21: =G21/G20 -> 0.090102071 | I21: =I15 -> 2839683 | J21: =I21/I20 -> 0.075085059 | K21: =K15 -> 2839683 | L21: =K21/K20 -> 0.067576553 | M21: =M15 -> 0 | N21: =M21/M20 -> 0 | O21: =O15 -> 0 | P21: =O21/O20 -> 0 | Q21: =Q15 -> 0 | R21: =Q21/Q20 -> 0 | S21: =S15 -> 0 | T21: =S21/S20 -> 0 | V21: =V15 -> 0 | W21: =V21/V20 -> 0 | X21: =X15 -> 0 | Y21: =X21/X20 -> 0 | Z21: =Z15 -> 0 | AA21: =Z21/Z20 -> 0 | AB21: =AB15 -> 0 | AC21: =AB21/AB20 -> 0
B23: PRESTACIONES SOCIALES MES | V23: PRESTACIONES SOCIALES
B24: Cesantías | C24: =+(C5+C7)*D24 -> 166600 | D24: 0.0833 | E24: =+(E5+E7)*F24 -> 195770.08 | F24: 0.0833 | G24: =+(G5+G7)*H24 -> 239525.19 | H24: 0.0833 | I24: =+(I5+I7)*J24 -> 283280.31 | J24: 0.0833 | K24: =+(K5+K7)*L24 -> 312450.39 | L24: 0.0833 | M24: =+(M5+M7)*N24 -> 364625.97 | N24: 0.0833 | O24: =+(O5+O7)*P24 -> 437551.16 | P24: 0.0833 | Q24: =+(Q5+Q7)*R24 -> 510476.35 | R24: 0.0833 | S24: =+(S5+S7)*T24 -> 729251.93 | T24: 0.0833 | V24: =+(V5+V7)*W24 -> 656326.74 | W24: 0.0833 | X24: =+(X5+X7)*Y24 -> 583401.55 | Y24: 0.0833 | Z24: =+(Z5+Z7)*AA24 -> 364625.97 | AA24: 0.0833 | AB24: =+(AB5+AB7)*AC24 -> 291700.77 | AC24: 0.0833
B25: Intereses sobre la Cesantías | C25: =+(C5+C7)*D25 -> 20000 | D25: 0.01 | E25: =+(E5+E7)*F25 -> 23501.81 | F25: 0.01 | G25: =+(G5+G7)*H25 -> 28754.525 | H25: 0.01 | I25: =+(I5+I7)*J25 -> 34007.24 | J25: 0.01 | K25: =+(K5+K7)*L25 -> 37509.05 | L25: 0.01 | M25: =+(M5+M7)*N25 -> 43772.625 | N25: 0.01 | O25: =+(O5+O7)*P25 -> 52527.15 | P25: 0.01 | Q25: =+(Q5+Q7)*R25 -> 61281.675 | R25: 0.01 | S25: =+(S5+S7)*T25 -> 87545.25 | T25: 0.01 | V25: =+(V5+V7)*W25 -> 78790.725 | W25: 0.01 | X25: =+(X5+X7)*Y25 -> 70036.2 | Y25: 0.01 | Z25: =+(Z5+Z7)*AA25 -> 43772.625 | AA25: 0.01 | AB25: =+(AB5+AB7)*AC25 -> 35018.1 | AC25: 0.01
B26: Prima (30 dias) | C26: =+(C5+C7)*D26 -> 166600 | D26: 0.0833 | E26: =+(E5+E7)*F26 -> 195770.08 | F26: 0.0833 | G26: =+(G5+G7)*H26 -> 239525.19 | H26: 0.0833 | I26: =+(I5+I7)*J26 -> 283280.31 | J26: 0.0833 | K26: =+(K5+K7)*L26 -> 312450.39 | L26: 0.0833 | M26: =+(M5+M7)*N26 -> 364625.97 | N26: 0.0833 | O26: =+(O5+O7)*P26 -> 437551.16 | P26: 0.0833 | Q26: =+(Q5+Q7)*R26 -> 510476.35 | R26: 0.0833 | S26: =+(S5+S7)*T26 -> 729251.93 | T26: 0.0833 | V26: =+(V5+V7)*W26 -> 656326.74 | W26: 0.0833 | X26: =+(X5+X7)*Y26 -> 583401.55 | Y26: 0.0833 | Z26: =+(Z5+Z7)*AA26 -> 364625.97 | AA26: 0.0833 | AB26: =+(AB5+AB7)*AC26 -> 291700.77 | AC26: 0.0833
B27: Vacaciones (15 dias) | C27: =+C5*D27 -> 73012.739 | D27: 0.0417 | E27: =+E5*F27 -> 87615.286 | F27: 0.0417 | G27: =+G5*H27 -> 109519.11 | H27: 0.0417 | I27: =+I5*J27 -> 131422.93 | J27: 0.0417 | K27: =+K5*L27 -> 146025.48 | L27: 0.0417 | M27: =+M5*N27 -> 182531.85 | N27: 0.0417 | O27: =+O5*P27 -> 219038.22 | P27: 0.0417 | Q27: =+Q5*R27 -> 255544.58 | R27: 0.0417 | S27: =+S5*T27 -> 365063.69 | T27: 0.0417 | V27: =+V5*W27 -> 328557.32 | W27: 0.0417 | X27: =+X5*Y27 -> 292050.95 | Y27: 0.0417 | Z27: =+Z5*AA27 -> 182531.85 | AA27: 0.0417 | AB27: =+AB5*AC27 -> 146025.48 | AC27: 0.0417
B29: SEGURIDAD SOCIAL | V29: SEGURIDAD SOCIAL
B30: Pension | C30: =+C5*D30 -> 210108.6 | D30: 0.12 | E30: =+E5*F30 -> 252130.32 | F30: 0.12 | G30: =+G5*H30 -> 315162.9 | H30: 0.12 | I30: =+I5*J30 -> 378195.48 | J30: 0.12 | K30: =+K5*L30 -> 420217.2 | L30: 0.12 | M30: =+M5*N30 -> 525271.5 | N30: 0.12 | O30: =+O5*P30 -> 630325.8 | P30: 0.12 | Q30: =+Q5*R30 -> 735380.1 | R30: 0.12 | S30: =+S5*T30 -> 1050543 | T30: 0.12 | V30: =+V5*W30 -> 945488.7 | W30: 0.12 | X30: =+X5*Y30 -> 840434.4 | Y30: 0.12 | Z30: =+Z5*AA30 -> 525271.5 | AA30: 0.12 | AB30: =+AB5*AC30 -> 420217.2 | AC30: 0.12
B31: Salud (Exonerado) | C31: =+C5*D31 -> 148826.93 | D31: 0.085 | E31: =+E5*F31 -> 178592.31 | F31: 0.085 | G31: =+G5*H31 -> 223240.39 | H31: 0.085 | I31: =+I5*J31 -> 267888.47 | J31: 0.085 | K31: =+K5*L31 -> 297653.85 | L31: 0.085 | M31: =+M5*N31 -> 372067.31 | N31: 0.085 | O31: =+O5*P31 -> 446480.78 | P31: 0.085 | Q31: =+Q5*R31 -> 520894.24 | R31: 0.085 | S31: =+S5*T31 -> 744134.62 | T31: 0.085 | V31: =+V5*W31 -> 669721.16 | W31: 0.085 | X31: =+X5*Y31 -> 595307.7 | Y31: 0.085 | Z31: =+Z5*AA31 -> 372067.31 | AA31: 0.085 | AB31: =+AB5*AC31 -> 297653.85 | AC31: 0.085
B32: ARL | C32: =+C5*D32 -> 121862.99 | D32: 0.0696 | E32: =+E5*F32 -> 146235.59 | F32: 0.0696 | G32: =+G5*H32 -> 182794.48 | H32: 0.0696 | I32: =+I5*J32 -> 219353.38 | J32: 0.0696 | K32: =+K5*L32 -> 243725.98 | L32: 0.0696 | M32: =+M5*N32 -> 304657.47 | N32: 0.0696 | O32: =+O5*P32 -> 365588.96 | P32: 0.0696 | Q32: =+Q5*R32 -> 426520.46 | R32: 0.0696 | S32: =+S5*T32 -> 609314.94 | T32: 0.0696 | V32: =+V5*W32 -> 548383.45 | W32: 0.0696 | X32: =+X5*Y32 -> 487451.95 | Y32: 0.0696 | Z32: =+Z5*AA32 -> 304657.47 | AA32: 0.0696 | AB32: =+AB5*AC32 -> 243725.98 | AC32: 0.0696
B34: PARAFISCALES | V34: PARAFISCALES
B35: Caja de Compensación | C35: =+C5*D35 -> 70036.2 | D35: 0.04 | E35: =+E5*F35 -> 84043.44 | F35: 0.04 | G35: =+G5*H35 -> 105054.3 | H35: 0.04 | I35: =+I5*J35 -> 126065.16 | J35: 0.04 | K35: =+K5*L35 -> 140072.4 | L35: 0.04 | M35: =+M5*N35 -> 175090.5 | N35: 0.04 | O35: =+O5*P35 -> 210108.6 | P35: 0.04 | Q35: =+Q5*R35 -> 245126.7 | R35: 0.04 | S35: =+S5*T35 -> 350181 | T35: 0.04 | V35: =+V5*W35 -> 315162.9 | W35: 0.04 | X35: =+X5*Y35 -> 280144.8 | Y35: 0.04 | Z35: =+Z5*AA35 -> 175090.5 | AA35: 0.04 | AB35: =+AB5*AC35 -> 140072.4 | AC35: 0.04
B36: SENA | C36: =+C5*D36 -> 35018.1 | D36: 0.02 | E36: =+E5*F36 -> 42021.72 | F36: 0.02 | G36: =+G5*H36 -> 52527.15 | H36: 0.02 | I36: =+I5*J36 -> 63032.58 | J36: 0.02 | K36: =+K5*L36 -> 70036.2 | L36: 0.02 | M36: =+M5*N36 -> 87545.25 | N36: 0.02 | O36: =+O5*P36 -> 105054.3 | P36: 0.02 | Q36: =+Q5*R36 -> 122563.35 | R36: 0.02 | S36: =+S5*T36 -> 175090.5 | T36: 0.02 | V36: =+V5*W36 -> 157581.45 | W36: 0.02 | X36: =+X5*Y36 -> 140072.4 | Y36: 0.02 | Z36: =+Z5*AA36 -> 87545.25 | AA36: 0.02 | AB36: =+AB5*AC36 -> 70036.2 | AC36: 0.02
B37: ICBF | C37: =+C5*D37 -> 52527.15 | D37: 0.03 | E37: =+E5*F37 -> 63032.58 | F37: 0.03 | G37: =+G5*H37 -> 78790.725 | H37: 0.03 | I37: =+I5*J37 -> 94548.87 | J37: 0.03 | K37: =+K5*L37 -> 105054.3 | L37: 0.03 | M37: =+M5*N37 -> 131317.88 | N37: 0.03 | O37: =+O5*P37 -> 157581.45 | P37: 0.03 | Q37: =+Q5*R37 -> 183845.02 | R37: 0.03 | S37: =+S5*T37 -> 262635.75 | T37: 0.03 | V37: =+V5*W37 -> 236372.17 | W37: 0.03 | X37: =+X5*Y37 -> 210108.6 | Y37: 0.03 | Z37: =+Z5*AA37 -> 131317.88 | AA37: 0.03 | AB37: =+AB5*AC37 -> 105054.3 | AC37: 0.03
B38: DOTACIÓN | V38: DOTACIÓN
B39: Dotaciones | D39: =C39/C20 -> 0 | F39: =E39/E20 -> 0 | H39: =G39/G20 -> 0 | J39: =I39/I20 -> 0 | L39: =K39/K20 -> 0 | N39: =M39/M20 -> 0 | P39: =O39/O20 -> 0 | R39: =Q39/Q20 -> 0 | T39: 0 | V39: =V20*W39 -> 0 | W39: 0 | X39: =X20*Y39 -> 0 | Y39: 0 | Z39: =Z20*AA39 -> 0 | AA39: 0 | AB39: =C39 -> 0 | AC39: =AB39/AB20 -> 0
B40: Elementos de Seguridad Industrial | D40: =C40/C20 -> 0 | F40: =E40/E20 -> 0 | H40: =G40/G20 -> 0 | J40: =I40/I20 -> 0 | L40: =K40/K20 -> 0 | N40: =M40/M20 -> 0 | P40: =O40/O20 -> 0 | R40: =Q40/Q20 -> 0 | T40: =S40/S20 -> 0 | V40: =C40 -> 0 | W40: =V40/V20 -> 0 | X40: =C40 -> 0 | Y40: =X40/X20 -> 0 | Z40: =C40 -> 0 | AA40: =Z40/Z20 -> 0 | AB40: =C40 -> 0 | AC40: =AB40/AB20 -> 0
B42: VALOR REAL SALARIO | C42: =SUM(C24:C40) -> 1064592.7 | D42: =SUM(D24:D40) -> 0.5829 | E42: =SUM(E24:E40) -> 1268713.2 | F42: =SUM(F24:F40) -> 0.5829 | G42: =SUM(G24:G40) -> 1574894 | H42: =SUM(H24:H40) -> 0.5829 | I42: =SUM(I24:I40) -> 1881074.7 | J42: =SUM(J24:J40) -> 0.5829 | ... T42: =SUM(T24:T40) -> 0.5829 | V42: =SUM(V24:V40) -> 4592711.4 | W42: =SUM(W21:W40) -> 0.5829 | X42: =SUM(X24:X40) -> 4082410.1 | Y42: =SUM(Y21:Y40) -> 0.5829 | Z42: =SUM(Z24:Z40) -> 2551506.3 | AA42: =SUM(AA21:AA40) -> 0.5829 | AB42: =SUM(AB24:AB40) -> 2041205 | AC42: =SUM(AC21:AC40) -> 0.5829
C43: =+C42+C5+C7 -> 3064592.7
B44: VALOR HORA | V44: VALOR HORA
B45: Hora Calendario Anuales (360 dias X 7,33 horas) | C45: =360*7.33 -> 2638.8 | E45: =360*8 -> 2880 | G45: =360*8 -> 2880 | I45: =360*8 -> 2880 | K45: =360*8 -> 2880 | M45: =360*8 -> 2880 | O45: =360*8 -> 2880 | Q45: =360*8 -> 2880 | S45: =360*8 -> 2880 | V45: =360*8 -> 2880 | X45: =360*8 -> 2880 | Z45: =360*8 -> 2880 | AB45: =360*8 -> 2880
B46: Horas Laborales mensuales (44/6*30) | C46: =+(44/6*30) -> 220 | E46: =+(44/6*30) -> 220 | G46: =+(44/6*30) -> 220 | I46: =+(44/6*30) -> 220 | K46: =+(44/6*30) -> 220 | M46: =+(44/6*30) -> 220 | O46: =+(44/6*30) -> 220 | Q46: =+(44/6*30) -> 220 | S46: =+(44/6*30) -> 220 | V46: =+(44/6*30) -> 220 | X46: =+(44/6*30) -> 220 | Z46: =+(44/6*30) -> 220 | AB46: =+(44/6*30) -> 220
B47: Horas Efectivas Anuales 2928 horas- (52 Domingos+18 festivos+3 permisos+15 dias Vacaciones)
B48: Valor Hora Laboral | C48: =(C42+C5+C7)/C46 -> 13929.967 | E48: =(E42+E5+E7)/E46 -> 16449.519 | G48: =(G42+G5+G7)/G46 -> 20228.848 | I48: =(I42+I5+I7)/I46 -> 24008.176 | K48: =(K42+K5+K7)/K46 -> 26527.728 | M48: =(M42+M5+M7)/M46 -> 31494.404 | O48: =(O42+O5+O7)/O46 -> 37793.284 | Q48: =(Q42+Q5+Q7)/Q46 -> 44092.165 | S48: =(S42+S5+S7)/S46 -> 62988.807 | V48: =(V42+V5+V7)/V46 -> 56689.927 | X48: =(X42+X5+X7)/X46 -> 50391.046 | Z48: =(Z42+Z5+Z7)/Z46 -> 31494.404 | AB48: =(AB42+AB5+AB7)/AB46 -> 25195.523
B52: VALOR JORNAL | V52: VALOR JORNAL
B53: Valor Jornal Con prestaciones | C53: =+(C42+C5+C7)/30 -> 102153.09 | E53: =+(E42+E5+E7)/30 -> 120629.81 | G53: =+(G42+G5+G7)/30 -> 148344.88 | I53: =+(I42+I5+I7)/30 -> 176059.96 | K53: =+(K42+K5+K7)/30 -> 194536.67 | M53: =+(M42+M5+M7)/30 -> 230958.96 | O53: =+(O42+O5+O7)/30 -> 277150.75 | Q53: =+(Q42+Q5+Q7)/30 -> 323342.54 | S53: =+(S42+S5+S7)/30 -> 461917.92 | V53: =+(V42+V5+V7)/30 -> 415726.13 | X53: =+(X42+X5+X7)/30 -> 369534.34 | Z53: =+(Z42+Z5+Z7)/30 -> 230958.96 | AB53: =+(AB42+AB5+AB7)/30 -> 184767.17
B54: Valor Jornal Sin Prestaciones | C54: =+C53-C55 -> 66666.667 | E54: =+E53-E55 -> 78339.367 | G54: =+G53-G55 -> 95848.417 | I54: =+I53-I55 -> 113357.47 | K54: =+K53-K55 -> 125030.17 | M54: =+M53-M55 -> 145908.75 | O54: =+O53-O55 -> 175090.5 | Q54: =+Q53-Q55 -> 204272.25 | S54: =+S53-S55 -> 291817.5 | V54: =+V53-V55 -> 262635.75 | X54: =+X53-X55 -> 233454 | Z54: =+Z53-Z55 -> 145908.75 | AB54: =+AB53-AB55 -> 116727
B55: Valor Prestaciones | C55: =+C42/30 -> 35486.423 | E55: =+E42/30 -> 42290.44 | G55: =+G42/30 -> 52496.465 | I55: =+I42/30 -> 62702.491 | K55: =+K42/30 -> 69506.508 | M55: =+M42/30 -> 85050.21 | O55: =+O42/30 -> 102060.25 | Q55: =+Q42/30 -> 119070.29 | S55: =+S42/30 -> 170100.42 | V55: =+V42/30 -> 153090.38 | X55: =+X42/30 -> 136080.34 | Z55: =+Z42/30 -> 85050.21 | AB55: =+AB42/30 -> 68040.168
B58: CUADRILLAS | C58: JORNAL | E58: PRESTACIONES | G58: TOTAL
B60: Ayudante 1 Salario minimo | C60: =C9 -> 66666.667 | E60: =C55 -> 35486.423 | G60: =E60+C60 -> 102153.09
B61: Ayudante 1,2 Salario minimo | C61: =E9 -> 78339.367 | E61: =E55 -> 42290.44 | G61: =E61+C61 -> 120629.81 | K61: DOTACION
B62: Oficial 1.5 Salarios minimo | C62: =G9 -> 95848.417 | E62: =G55 -> 52496.465 | G62: =E62+C62 -> 148344.88 | K62: BOTAS | L62: 91900
B63: Oficial 1,8 Salarios minimo | C63: =I9 -> 113357.47 | E63: =I55 -> 62702.491 | G63: =E63+C63 -> 176059.96 | K63: CAMISA | L63: 59900
B64: Oficial 2,5 Salarios minimo | C64: =M6 -> 145908.75 | E64: =M55 -> 85050.21 | G64: =E64+C64 -> 230958.96 | K64: PANTALON | L64: 49900
B65: Estucador | C65: =C62 -> 95848.417 | E65: =E62 -> 52496.465 | G65: =E65+C65 -> 148344.88 | K65: TOTAL | L65: =SUM(L62:L64) -> 201700
B66: Carpintero | C66: =C64 -> 145908.75 | E66: =E64 -> 85050.21 | G66: =E66+C66 -> 230958.96 | K66: AÑO | L66: =L65*3 -> 605100
B67: Soldador 2,5 Salarios mínimo | C67: =+C64 -> 145908.75 | E67: =M55 -> 85050.21 | G67: =E67+C67 -> 230958.96 | K67: MES | L67: =L66/12 -> 50425
B68: Topografo 5 salarios minimo | C68: =+S6 -> 291817.5 | E68: =S55 -> 170100.42 | G68: =E68+C68 -> 461917.92
B69: Auxiliar Topografia | C69: =+M6 -> 145908.75 | E69: =M55 -> 85050.21 | G69: =E69+C69 -> 230958.96
B70: Cadenero | C70: =+G54 -> 95848.417 | E70: =G55 -> 52496.465 | G70: =E70+C70 -> 148344.88
B71: Encargado de Obra Elec 30% 3.5 Salarios minimo | C71: =Q54 -> 204272.25 | E71: =Q55 -> 119070.29 | G71: =E71+C71 -> 323342.54
B72: Encargado de Obra Elec Espc 60% 3.5 Salarios minimo | C72: =+Q54 -> 204272.25 | E72: =Q55 -> 119070.29 | G72: =E72+C72 -> 323342.54
B73: Encargado de Obra | C73: =+Q54 -> 204272.25 | E73: =Q55 -> 119070.29 | G73: =E73+C73 -> 323342.54
B74: Ingeniero Electrico | C74: =+X6 -> 233454 | E74: =X55 -> 136080.34 | G74: =SUM(C74+E74) -> 369534.34
B75: Jefe de mantenimiento | C75: =M6 -> 145908.75 | E75: =M55 -> 85050.21 | G75: =SUM(C75+E75) -> 230958.96
B76: Tecnico HVAC | C76: =C63 -> 113357.47 | D76: =D63 -> 0 | E76: =E63 -> 62702.491 | F76: =F63 -> 0 | G76: =G63 -> 176059.96
B77: Ayudante Tecnico | C77: =C61 -> 78339.367 | D77: =D61 -> 0 | E77: =E61 -> 42290.44 | F77: =F61 -> 0 | G77: =G61 -> 120629.81
B78: Profesional SISO | C78: =I9 -> 113357.47 | E78: =I55 -> 62702.491 | G78: =SUM(C78+E78) -> 176059.96
B79: Electricista | C79: =C62 -> 95848.417 | E79: =E62 -> 52496.465 | G79: =SUM(C79+E79) -> 148344.88
B81: Cuadrilla (Tecnico HVAC + Ayundante) | C81: =+C76+C77 -> 191696.83 | E81: =E76+E77 -> 104992.93
B82: Cuadrilla (Oficial + Ayudante) | C82: =C60+C62 -> 162515.08 | E82: =E60+E62 -> 87982.889 | G82: =E82+C82 -> 250497.97 | I82: =+E82/C82 -> 0.54138291 | K82: ELEMENTOS DE SEGURIDAD
B83: Cuadrilla (Oficial + Ayudante)2 | C83: =+C62+C61 -> 174187.78 | E83: =+E62+E61 -> 94786.906 | G83: =E83+C83 -> 268974.69 | I83: =+E83/C83 -> 0.54416506 | K83: CASCO | L83: 33900
B84: Cuadrilla (Oficial + 2 Ayudante) | C84: =C62+(C60*2) -> 229181.75 | E84: =E62+(E60*2) -> 123469.31 | G84: =E84+C84 -> 352651.06 | I84: =+E84/C84 -> 0.53873972 | K84: GUANTES DE CARNAZA | L84: 10900
B85: Cuadrilla (Oficial + 3 Ayudantes) | C85: =C62+(C60*3) -> 295848.42 | E85: =E62+(E60*3) -> 158955.74 | G85: =E85+C85 -> 454804.15 | I85: =+E85/C85 -> 0.53728777 | K85: MONOGAFAS | L85: 13900
B86: Cuadrilla (2 Ayudantes) | C86: =C60*2 -> 133333.33 | E86: =E60*2 -> 70972.847 | G86: =E86+C86 -> 204306.18 | I86: =+E86/C86 -> 0.53229635 | K86: BOTAS DE CAUCHO | L86: 39900
B87: Cuadrilla (4 Ayudantes) | C87: =C60*4 -> 266666.67 | E87: =E60*4 -> 141945.69 | G87: =E87+C87 -> 408612.36 | I87: =+E87/C87 -> 0.53229635 | K87: TAPABOCAS (20U) | L87: 27900
B88: Cuadrilla de Aseo KK | C88: =C60*2 -> 133333.33 | E88: =E60*2 -> 70972.847 | G88: =E88+C88 -> 204306.18 | I88: =+E88/C88 -> 0.53229635 | K88: TAPAOIDO (5 UN) | L88: =4200*5 -> 21000
B89: Cuadrilla Jardineria (2 jardineros) | C89: =+C62*2 -> 191696.83 | E89: =+E62*2 -> 104992.93 | G89: =E89+C89 -> 296689.76 | I89: =+E89/C89 -> 0.547703 | K89: TOTAL | L89: =SUM(L83:L88) -> 147500
B90: Cuadrilla de Instalaciones Hidrosanitarias | C90: =+C61+C64 -> 224248.12 | E90: =+E61+E64 -> 127340.65 | G90: =E90+C90 -> 351588.77 | I90: =+E90/C90 -> 0.56785605 | K90: AÑO | L90: =L89*3 -> 442500
B91: Pareja de Instalación Drywall (1 oficial + 1 ayud) | C91: =+G9+Q6 -> 300120.67 | E91: =+G55+Q55 -> 171566.76 | G91: =E91+C91 -> 471687.43 | I91: =+E91/C91 -> 0.57165927 | K91: MES | L91: =L90/12 -> 36875
B92: Oficial de acabado Drywall | C92: =+Q6 -> 204272.25 | E92: =+Q55 -> 119070.29 | G92: =E92+C92 -> 323342.54 | I92: =+E92/C92 -> 0.5829
B93: Cuadrilla 1 Of Obra Blanca + 1 Ay Entendido | C93: =+C64+C61 -> 224248.12 | E93: =+E64+E61 -> 127340.65 | G93: =E93+C93 -> 351588.77 | I93: =+E93/C93 -> 0.56785605
B94: Oficial HVAC+Ayudante | C94: =+C76+C77 -> 191696.83 | D94: =+D76+D77 -> 0 | E94: =+E76+E77 -> 104992.93 | F94: =+F76+F77 -> 0 | G94: =+G76+G77 -> 296689.76 | I94: =+E94/C94 -> 0.547703

Sheet Insumos
C3: Nominal con Sub. Transp | D3: Prestaciones | E3: Total Jornal
B4: Ayudante 1 Salario minimo | C4: =+'COSTO PERSONAL'!C60 -> 66666.667 | D4: =+'COSTO PERSONAL'!E60 -> 35486.423 | E4: =+C4+D4 -> 102153.09 | F4: =+D4/C4 -> 0.53229635 | G4: Actualizados 2026
B5: Ayudante 1,2 Salario minimo | C5: =+'COSTO PERSONAL'!C61 -> 78339.367 | D5: =+'COSTO PERSONAL'!E61 -> 42290.44 | E5: =+C5+D5 -> 120629.81 | F5: =+D5/C5 -> 0.53983638
B6: Oficial 1.5 Salarios minimo | C6: =+'COSTO PERSONAL'!C62 -> 95848.417 | D6: =+'COSTO PERSONAL'!E62 -> 52496.465 | E6: =+C6+D6 -> 148344.88 | F6: =+D6/C6 -> 0.547703
B7: Oficial 1,8 Salarios minimo | C7: =+'COSTO PERSONAL'!C63 -> 113357.47 | D7: =+'COSTO PERSONAL'!E63 -> 62702.491 | E7: =+C7+D7 -> 176059.96 | F7: =+D7/C7 -> 0.55313948
B8: Oficial 2,5 Salarios minimo | C8: =+'COSTO PERSONAL'!C64 -> 145908.75 | D8: =+'COSTO PERSONAL'!E64 -> 85050.21 | E8: =+C8+D8 -> 230958.96 | F8: =+D8/C8 -> 0.5829
B9: Estucador | C9: =+'COSTO PERSONAL'!C65 -> 95848.417 | D9: =+'COSTO PERSONAL'!E65 -> 52496.465 | E9: =+C9+D9 -> 148344.88 | F9: =+D9/C9 -> 0.547703
B10: Carpintero | C10: =+'COSTO PERSONAL'!C66 -> 145908.75 | D10: =+'COSTO PERSONAL'!E66 -> 85050.21 | E10: =+C10+D10 -> 230958.96 | F10: =+D10/C10 -> 0.5829
B11: Soldador 2,5 Salarios mínimo | C11: =+'COSTO PERSONAL'!C67 -> 145908.75 | D11: =+'COSTO PERSONAL'!E67 -> 85050.21 | E11: =+C11+D11 -> 230958.96 | F11: =+D11/C11 -> 0.5829
B12: Topografo 5 salarios minimo | C12: =+'COSTO PERSONAL'!C68 -> 291817.5 | D12: =+'COSTO PERSONAL'!E68 -> 170100.42 | E12: =+C12+D12 -> 461917.92 | F12: =+D12/C12 -> 0.5829
B13: Auxiliar Topografia | C13: =+'COSTO PERSONAL'!C69 -> 145908.75 | D13: =+'COSTO PERSONAL'!E69 -> 85050.21 | E13: =+C13+D13 -> 230958.96 | F13: =+D13/C13 -> 0.5829
B14: Cadenero | C14: =+'COSTO PERSONAL'!C70 -> 95848.417 | D14: =+'COSTO PERSONAL'!E70 -> 52496.465 | E14: =+C14+D14 -> 148344.88 | F14: =+D14/C14 -> 0.547703
B15: Encargado de Obra Elec 30% 3.5 Salarios minimo | C15: =+'COSTO PERSONAL'!C71 -> 204272.25 | D15: =+'COSTO PERSONAL'!E71 -> 119070.29 | E15: =+C15+D15 -> 323342.54 | F15: =+D15/C15 -> 0.5829
B16: Encargado de Obra Elec Espc 60% 3.5 Salarios minimo | C16: =+'COSTO PERSONAL'!C72 -> 204272.25 | D16: =+'COSTO PERSONAL'!E72 -> 119070.29 | E16: =+C16+D16 -> 323342.54 | F16: =+D16/C16 -> 0.5829
B17: Encargado de Obra | C17: =+'COSTO PERSONAL'!C73 -> 204272.25 | D17: =+'COSTO PERSONAL'!E73 -> 119070.29 | E17: =+C17+D17 -> 323342.54 | F17: =+D17/C17 -> 0.5829
B18: Ingeniero Electrico HVAC | C18: ='COSTO PERSONAL'!C74 -> 233454 | D18: ='COSTO PERSONAL'!E74 -> 136080.34 | E18: =+C18+D18 -> 369534.34 | F18: =D18/C18 -> 0.5829 | H18: 1,9
B19: Jefe de mantenimiento | C19: ='COSTO PERSONAL'!C75 -> 145908.75 | D19: ='COSTO PERSONAL'!E75 -> 85050.21 | E19: =+C19+D19 -> 230958.96 | F19: =D19/C19 -> 0.5829
B20: Tecnico HVAC | C20: ='COSTO PERSONAL'!C76 -> 113357.47 | D20: ='COSTO PERSONAL'!E76 -> 62702.491 | E20: =+C20+D20 -> 176059.96 | F20: =D20/C20 -> 0.55313948
B21: Ayudante Tecnico | C21: ='COSTO PERSONAL'!C77 -> 78339.367 | D21: ='COSTO PERSONAL'!E77 -> 42290.44 | E21: =+C21+D21 -> 120629.81 | F21: =D21/C21 -> 0.53983638
B22: Profesional SISO | C22: ='COSTO PERSONAL'!C78 -> 113357.47 | D22: ='COSTO PERSONAL'!E78 -> 62702.491 | E22: =+C22+D22 -> 176059.96 | F22: =D22/C22 -> 0.55313948
B23: Jefe de mantenimiento 2.5 | C23: =C19/8 -> 18238.594 | D23: =D19/8 -> 10631.276 | E23: =+C23+D23 -> 28869.87 | F23: =D23/C23 -> 0.5829
B24: Tecnico HVAC 1.5 | C24: =C20/8 -> 14169.683 | D24: =D20/8 -> 7837.8113 | E24: =+C24+D24 -> 22007.495 | F24: =D24/C24 -> 0.55313948
B25: Ayudante Tecnico 1 | C25: =C21/8 -> 9792.4208 | D25: =D21/8 -> 5286.305 | E25: =+C25+D25 -> 15078.726 | F25: =D25/C25 -> 0.53983638
B26: Profesional SISO 1.8 | C26: =C22/8 -> 14169.683 | D26: =D22/8 -> 7837.8113 | E26: =+C26+D26 -> 22007.495 | F26: =D26/C26 -> 0.55313948
B27: Electricista | C27: ='COSTO PERSONAL'!C79 -> 95848.417 | D27: ='COSTO PERSONAL'!E79 -> 52496.465 | E27: =+C27+D27 -> 148344.88 | F27: =D27/C27 -> 0.547703
D29: ='COSTO PERSONAL'!E80 -> 0 | E29: =+C29+D29 -> 0
B30: Cuadrilla (Electrico + Ayudante) | C30: =+'COSTO PERSONAL'!C94 -> 191696.83 | D30: =+'COSTO PERSONAL'!E94 -> 104992.93 | E30: =+C30+D30 -> 296689.76 | F30: =D30/C30 -> 0.547703
B31: Cuadrilla (Oficial + Ayudante) | C31: =+'COSTO PERSONAL'!C83 -> 174187.78 | D31: =+'COSTO PERSONAL'!E83 -> 94786.906 | E31: =+C31+D31 -> 268974.69 | F31: =D31/C31 -> 0.54416506
B32: Cuadrilla (Oficial + 2 Ayudantes) | C32: =+'COSTO PERSONAL'!C84 -> 229181.75 | D32: =+'COSTO PERSONAL'!E84 -> 123469.31 | E32: =+C32+D32 -> 352651.06 | F32: =D32/C32 -> 0.53873972
B33: Cuadrilla (Oficial + 3 Ayudantes) | C33: =+'COSTO PERSONAL'!C85 -> 295848.42 | D33: =+'COSTO PERSONAL'!E85 -> 158955.74 | E33: =+C33+D33 -> 454804.15 | F33: =D33/C33 -> 0.53728777
B34: Cuadrilla (2 Ayudantes) | C34: =+'COSTO PERSONAL'!C86 -> 133333.33 | D34: =+'COSTO PERSONAL'!E86 -> 70972.847 | E34: =+C34+D34 -> 204306.18 | F34: =D34/C34 -> 0.53229635
B35: Cuadrilla (4 Ayudantes) | C35: =+'COSTO PERSONAL'!C87 -> 266666.67 | D35: =+'COSTO PERSONAL'!E87 -> 141945.69 | E35: =+C35+D35 -> 408612.36 | F35: =D35/C35 -> 0.53229635
B36: Cuadrilla de Aseo KK | C36: =+'COSTO PERSONAL'!C88 -> 133333.33 | D36: =+'COSTO PERSONAL'!E88 -> 70972.847 | E36: =+C36+D36 -> 204306.18 | F36: =D36/C36 -> 0.53229635
B37: Cuadrilla Jardineria (2 jardineros) | C37: =+'COSTO PERSONAL'!C89 -> 191696.83 | D37: =+'COSTO PERSONAL'!E89 -> 104992.93 | E37: =+C37+D37 -> 296689.76 | F37: =D37/C37 -> 0.547703
B38: Cuadrilla de Instalaciones Hidrosanitarias | C38: =+'COSTO PERSONAL'!C90 -> 224248.12 | D38: =+'COSTO PERSONAL'!E90 -> 127340.65 | E38: =+C38+D38 -> 351588.77 | F38: =D38/C38 -> 0.56785605
B39: ='COSTO PERSONAL'!B94 -> Oficial HVAC+Ayudante | C39: =+'COSTO PERSONAL'!C94 -> 191696.83 | D39: =+'COSTO PERSONAL'!E94 -> 104992.93 | E39: =+C39+D39 -> 296689.76 | F39: =D39/C39 -> 0.547703
B40: Oficial HVAC+Ayudante hora | C40: =+C39/7.33 -> 26152.365 | D40: =+D39/7.33 -> 14323.729 | E40: =+E39/7.33 -> 40476.093 | F40: =D40/C40 -> 0.547703
B41: Cuadrilla(Oficial+Ayudante) | C41: =+'COSTO PERSONAL'!C94 -> 191696.83 | D41: =+'COSTO PERSONAL'!E94 -> 104992.93 | E41: =+C41+D41 -> 296689.76 | F41: =D41/C41 -> 0.547703
B42: Ingeniero HVAC Automatización | C42: ='COSTO PERSONAL'!X6 -> 233454 | D42: ='COSTO PERSONAL'!X55 -> 136080.34 | E42: =+C42+D42 -> 369534.34 | F42: =D42/C42 -> 0.5829 | H42: 4 Salarios
B46: Pareja de Instalación Drywall (1 oficial + 1 ayud) | C46: =+'COSTO PERSONAL'!C91 -> 300120.67 | D46: =+'COSTO PERSONAL'!E91 -> 171566.76 | E46: =+C46+D46 -> 471687.43 | F46: =D46/C46 -> 0.57165927
B47: Oficial de acabado Drywall | C47: =+'COSTO PERSONAL'!C92 -> 204272.25 | D47: =+'COSTO PERSONAL'!E92 -> 119070.29 | E47: =+C47+D47 -> 323342.54 | F47: =D47/C47 -> 0.5829
B48: Cuadrilla 1 Of Obra Blanca + 1 Ay Entendido | C48: =+'COSTO PERSONAL'!C93 -> 224248.12 | D48: =+'COSTO PERSONAL'!E93 -> 127340.65 | E48: =+C48+D48 -> 351588.77 | F48: =D48/C48 -> 0.56785605
B49: Cuadrilla armada y desarmada campamento | C49: =450000+225000 -> 675000
B50: Cuadrilla de Montaje de Estructuras Metálicas | C50: 160161 | D50: =+C50*0.94584 -> 151486.68 | E50: =D50+C50 -> 311647.68
B52: Transporte
B53: Volqueta (Viaje 6m³ 30 Km Aprox.) Con cargue | C53: =286300*1.1312 -> 323862.56 | D53: viaje | E53: =C53/30/6 -> 1799.2364 | G53: Actualizados 2025 | H53: Emvarios
B54: Acarreo camioneta estacas o platon | C54: 60000 | D54: viaje area metropol
B55: Materiales
B56: Sikadur 32 | C56: =142900*1.1312 -> 161648.48 | D56: kg | H56: HomeCenter
B57: Pegacor | C57: =2990*1.1312 -> 3382.288 | D57: kg | H57: Corona
B58: Royal Beta e:1,5cm | C58: =139400*1.1312 -> 157689.28 | D58: m2 | H58: Meup.co
B59: Boquilla latex | C59: =13450*1.1312 -> 15214.64 | D59: kg | H59: HomeCenter | I59: Rendimiento 4.5m2*kg
B60: Sellador hidrofugo | C60: =122000*1.1312 -> 138006.4 | D60: gl | H60: Meup.co
B61: Mortero 1:3 Impermeabilizado | C61: =669057*1.1312 -> 756837.28 | D61: m3
B62: Mortero 1:3 | C62: =431714*1.1312 -> 488354.88 | D62: m3 | H62: INVIAS
B63: Malla electrosoldada | C63: =6204*1.1312 -> 7017.9648 | D63: m2 | E63: 254100 | F63: =E63/(6*2.35) -> 18021.277 | H63: HomeCenter
B64: Vulkem 116 o similar | C64: =((25175+36111)/2)*1.1312 -> 34663.362 | D64: 300cc | F64: AcerOzuma | H64: Elpalustre.com.co | I64: Rendimiento 3.5ml*300cc
B65: Yumbolón 3/8" o similar | C65: =436*1.1312 -> 493.2032 | D65: ml | H65: HomeCenter
B66: Vulkem 171 primer o similar | C66: =351000*1.1312 -> 397051.2 | D66: gal | H66: Centimped | I66: Rendimiento 35m2*gl | L66: =35/0.1 -> 350
B67: Vulkem 350 NF | C67: =E67*1.059*1.06*1.06*1.1312 -> 219721.26 | D67: gal | E67: =816197/5 -> 163239.4 | H67: Lista de precios 2018 | I67: Rendimiento 3,7m2*gl
B68: Eucofiller | C68: =E68*1.059*1.06*1.06*1.1312 -> 2657.2856 | D68: kg | E68: =59226/30 -> 1974.2 | H68: Lista de precios 2019 | I68: Rendimiento 0,8m2*kg
B69: Cinta de enmascarar | C69: =(9900/40)*1.1312 -> 279.972 | D69: ml | H69: HomeCenter
B70: Sikaplan 12R-CO | C70: =E70/(1.6*20)*1.1312 -> 74974.487 | D70: m2 | E70: 2120919 | H70: https://fenusas.com.co/
B71: Sarnacol | C71: =E71/25*1.1312 -> 22649.52 | D71: kg | E71: 500564 | H71: https://fenusas.com.co/ | I71: Rendimiento 0,6kg*m2
B72: SikaFelt | C72: =2359*1.1312 -> 2668.5008 | D72: m2 | H72: https://fenusas.com.co/
B73: Sika 1 | C73: =1095900/220*1.1312 -> 5634.9185 | D73: kg | H73: HomeCenter
B74: Hidrofugo | C74: =108900*1.1312 -> 123187.68 | D74: gal | H74: HomeCenter | I74: Rendimiento 15m2*gl
B75: Perfiles de fijacion membrana | C75: =E75/60*1.1312 -> 10937.29 | D75: un | E75: =580125 -> 580125 | H75: https://fenusas.com.co/
B76: Grama sintetica | C76: =(86940+94500)/2*1.1312 -> 102622.46 | D76: m2 | H76: calypso y protezzioni
B77: Cemento de contacto Gramapeg | C77: =105900*1.1312 -> 119794.08 | D77: gal | H77: HomeCenter
B78: Tuberia redonda en acero inoxidable de 2" calibre 18 | C78: =69000*1.1312 -> 78052.8 | D78: ml | H78: HomeCenter
B79: Brida y tapabrida | C79: =9000*1.1312 -> 10180.8 | D79: un
B80: Anchorfix | C80: =E80/600*1.1312 -> 182.50027 | D80: cc | E80: 96800 | H80: Mercadolibre
B81: Chazo Concreto Expansivo 3/8X3 | C81: =1290*1.1312 -> 1459.248 | D81: un | H81: HomeCenter
B82: Platina de anclaje e:4,5mm | C82: =10000*1.1312 -> 11312 | D82: un
B83: Tuberia estructural redonda 2" 2,5mm de espesor | C83: =28950*1.1312 -> 32748.24 | D83: ml | H83: HomeCenter
B84: Pintura anticorrosiva y electrostatica | C84: =5000*1.1312 -> 5656 | D84: ml
C85: =E85/600 -> 161.33333 | D85: cc | E85: 96800 | H85: Mercadolibre
C86: 1290 | D86: un | H86: HomeCenter
B87: Placa de yeso estandar de 1/2" | C87: 38505 | D87: un | E87: =+C87/2.98 -> 12921.141 | F87: m2 | H87: Pinturas y yesos
B89: Piso vinilo 2mm antibacterial puesto en obra | E89: 212000 | H89: cotización
B90: Lavamanos en acero inox 304 cal 18 de 45cm x45cm x 20cm de pared | C90: 1785856.8 | H90: cot de Inmedinox 09-11-22
B92: Barra de agarre en acero inoxidable de 1 1/2" x 24" (61cm)
B93: Barra de agarre abatible verticamente en acero inoxidable de 1 1/2" de 60cm | C93: 369900
B94: Frescasa ECO de 3 1/2 " (89mm) sin papel | C94: 129000 | D94: 9 | E94: =+C94/D94 -> 14333.333 | F94: m2
B96: Anclaje Certificado para trabajo seguro en alturas en acero inoxidable 316L para exteriores marca Orbit, capacidad 5000lb, garantia 10 años. Incluye perforación, varilla perno estructural grado 8 de 1/2", epoxico alta resistencia, tuerca y arandela grado 8, anillo de anclaje tipo D marca Orbit de 5000lb en acero inoxidable, prueba y certificación bajo norma europea EN 795 de 2012 y todo lo necesario para su correcta instalación y funcionamiento. Aseo y retiro de escombros, capacitación al personal SGSST de la entidad y mantenimiento al año de insalación. | C96: 483320 | D96: un
C98: V/Unitario
B99: LADRILLO 15X20X40 | C99: 3900
B100: MORTERO 1:4 | C100: 320205
B101: CONCRETO DE 21MPA PREPARADO EN OBRA | C101: 358249
B102: SUPERT 19MM (UN) | C102: 270395
B103: CLAVO 1" | C103: 4982 | D103: Lb
B104: ANGULO 2 1/2" X 1/4" | C104: 16900 | D104: m
B105: PISO CERAMICO 33.8 x 33.8 CM | C105: 42100 | D105: m2
B106: MORTERO 1:5 | C106: 287376 | D106: m3
B107: PEGA CERAMICA | C107: 1596 | D107: kg
B108: BOQUILLA BLANCA | C108: 5840 | D108: kg
B109: CARNAZA | C109: 1650 | D109: kg
B110: CERAMICA EGEO PARED 20.5 X 20.5 CM | C110: 28500 | D110: m2
B111: ESTOPA | C111: 15900 | D111: kg
...

Sheet PRESUPUESTO OFICIAL 2026
B1: ANEXO 5 - PRESUPUESTO OFICIAL 2026
B2: ESTUDIO PREVIO N°17059
B3: SECRETARÍA DE TALENTO HUMANO Y SERVICIOS ADMINISTRATIVOS- DIRECCIÓN DE SERVICIOS GENERALES
B4: Mantenimiento del sistema de climatización y equipos electro mecánicos del Centro Administrativo Departamental y sus Sedes Externas LOTE 1
B6: MANTENIMIENTO EQUIPOS DE AIRE ACONDICIONADO
B7: ÍTEM | C7: DESCRIPCIÓN | H7: Un | I7: Cant | J7: Rutinas | K7: Vr.Unit | L7: Vr. Total
B9: 1. MANTENIMIENTO PREVENTIVO EQUIPOS DE AIRE ACONDICIONADO
B10: 1.1 | C10: Mantenimiento Preventivo Integral de Unidades Manejadoras de Aire (4,000 a 21,696 CFM - 15 a 25 TR) Incluyendo: elementos de transmisión, componentes eléctricos y de control, elementos mecánicos y de soporte, componentes hidráulicos y de refrigeración, calidad de aire, conforme a actividades definidas en el anexo técnico. | H10: GLO | I10: =+'PRESUPUESTO OFICIAL 2026 TH'!I10+'PRESUPUESTO OFICIAL 2026 SALUD'!I10 -> 40 | J10: 2 | K10: =+'APU 1,1'!G46 -> 210173.44 | L10: =K10*I10*J10 -> 16813875
B11: 1.1 | C11: Mantenimiento Preventivo Integral de Unidades Manejadoras de Aire (4,000 a 21,696 CFM - 15 a 25 TR) Incluyendo: elementos de transmisión, componentes eléctricos y de control, elementos mecánicos y de soporte, componentes hidráulicos y de refrigeración, calidad de aire, conforme a actividades definidas en el anexo técnico. | H11: GLO | I11: =+'PRESUPUESTO OFICIAL 2026 TH'!I11+'PRESUPUESTO OFICIAL 2026 SALUD'!I11 -> 3 | J11: =+'PRESUPUESTO OFICIAL 2026 SALUD'!J11 -> 10 | K11: =+K10 -> 210173.44 | L11: =K11*I11*J11 -> 6305203.1
B12: 1.2 | C12: Mantenimiento Preventivo Integral de Fancoils incluyendo: inspección, ajuste, limpieza, lubricación, diagnóstico y pruebas funcionales en elementos de transmisión, componentes eléctricos y de control, elementos mecánicos y de soporte, componentes hidráulicos y de refrigeración, y sistemas de calidad de aire, conforme a actividades definidas en el anexo técnico | H12: GLO | I12: =+'PRESUPUESTO OFICIAL 2026 TH'!I12+'PRESUPUESTO OFICIAL 2026 SALUD'!I12 -> 8 | J12: =+'PRESUPUESTO OFICIAL 2026 TH'!J12 -> 2 | K12: =+'APU 1,2'!G46 -> 174221.65 | L12: =K12*I12*J12 -> 2787546.4
B13: 1.3 | C13: Mantenimiento Preventivo Integral de Equipos Tipo Paquete de Agua Helada - Incluye: inspección, ajuste, limpieza, lubricación, diagnóstico y pruebas funcionales en elementos de transmisión, componentes eléctricos y de control, elementos mecánicos y de soporte, componentes hidráulicos y de refrigeración, y sistemas de calidad de aire, conforme a actividades definidas en el anexo técnico | H13: GLO | I13: =+'PRESUPUESTO OFICIAL 2026 TH'!I13+'PRESUPUESTO OFICIAL 2026 SALUD'!I13 -> 3 | J13: =+'PRESUPUESTO OFICIAL 2026 TH'!J13 -> 2 | K13: =+'APU 1,3'!G45 -> 181269.39 | L13: =K13*I13*J13 -> 1087616.3
B14: 1.4 | C14: Mantenimiento Preventivo Integral de Equipos Tipo Paquete de Expansión Directa - Incluye: inspección, ajuste, limpieza, lubricación, diagnóstico y pruebas funcionales en elementos de transmisión, componentes eléctricos y de control, elementos mecánicos y de soporte, componentes hidráulicos y de refrigeración, y sistemas de calidad de aire, conforme a actividades definidas en el anexo técnico | H14: GLO | I14: =+'PRESUPUESTO OFICIAL 2026 TH'!I14+'PRESUPUESTO OFICIAL 2026 SALUD'!I14 -> 2 | J14: =+'PRESUPUESTO OFICIAL 2026 TH'!J14 -> 3 | K14: =+'APU 1,4'!G45 -> 196860 | L14: =K14*I14*J14 -> 1181160
B15: 1.5 | C15: Mantenimiento Preventivo Integral de Equipos Tipo Ventana y Portátiles - Incluye: inspección, ajuste, limpieza, lubricación, diagnóstico y pruebas funcionales en elementos de transmisión, componentes eléctricos y de control, elementos mecánicos y de soporte, componentes hidráulicos y de refrigeración, y sistemas de calidad de aire, conforme a actividades definidas en el anexo técnico | H15: GLO | I15: =+'PRESUPUESTO OFICIAL 2026 TH'!I15+'PRESUPUESTO OFICIAL 2026 SALUD'!I15 -> 6 | J15: =+'PRESUPUESTO OFICIAL 2026 SALUD'!J15 -> 10 | K15: =+'APU 1,5'!G44 -> 152961.66 | L15: =K15*I15*J15 -> 9177699.6
B16: 1.6 | C16: Mantenimiento Preventivo Integral de Unidad Interna (Evaporadora) de Aire Acondicionado de Expansión Directa (desde 9,000 BTU en adelante) - Incluye: inspección, limpieza, lubricación, ajuste, diagnóstico y pruebas funcionales en elementos mecánicos, eléctricos y de control, componentes de soporte, sistemas hidráulicos y de refrigeración, y calidad de aire, conforme a actividades definidas en el anexo técnico. | H16: GLO | I16: =+'PRESUPUESTO OFICIAL 2026 TH'!I16+'PRESUPUESTO OFICIAL 2026 SALUD'!I16 -> 57 | J16: =+'PRESUPUESTO OFICIAL 2026 TH'!J16 -> 6 | K16: =+'APU 1,6'!G46 -> 104191.3 | L16: =K16*I16*J16 -> 35633424
B17: 1.7 | C17: Mantenimiento Preventivo Integral de Condensadoras de Aire Acondicionado de Expansión Directa (Desde 9,000 BTU en adelante): Incluye Limpieza Interior y Exterior, Revisión y Mantenimiento de Componentes Eléctricos, Mecánicos y de Refrigeración, Verificación de la Operación de Válvulas, Medición de Presión de Refrigerante y Control de Bandas, Poleas y Motores Eléctricos | H17: GLO | I17: =+'PRESUPUESTO OFICIAL 2026 TH'!I17+'PRESUPUESTO OFICIAL 2026 SALUD'!I17 -> 63 | J17: =+'PRESUPUESTO OFICIAL 2026 TH'!J17 -> 6 | K17: =+'APU 1,7'!G46 -> 128489.82 | L17: =K17*I17*J17 -> 48569152
B18: 1.8 | C18: Mantenimiento Preventivo para electrobombas con potencia hasta 15 HP, según actividades establecidas en el anexo técnico. Incluye kit completo de rodamientos, empaque, tornilleria, sello mecánico y pintura. | H18: GLO | I18: =+'PRESUPUESTO OFICIAL 2026 TH'!I18+'PRESUPUESTO OFICIAL 2026 SALUD'!I18 -> 15 | J18: =+'PRESUPUESTO OFICIAL 2026 TH'!J18 -> 1 | K18: =+'APU 1,8'!G45 -> 634047.41 | L18: =K18*I18*J18 -> 9510711.1
B19: 1.9 | C19: Mantenimiento puerta electrica , incluye mantenimiento y lubricación de partes móviles, cambio de partes móviles dañadas y mantenimiento de motor 220V de 3HP | H19: GLO | I19: =+'PRESUPUESTO OFICIAL 2026 TH'!I19+'PRESUPUESTO OFICIAL 2026 SALUD'!I19 -> 4 | J19: =+'PRESUPUESTO OFICIAL 2026 TH'!J19 -> 2 | K19: =+'APU 1,9'!G44 -> 175499.69 | L19: =K19*I19*J19 -> 1403997.6
B20: 1.1 | C20: Mantenimiento Preventivo Integral de Condensadoras Tipo VRF - Incluye inspección, limpieza y mantenimiento de componentes eléctricos, mecánicos y del sistema de refrigeración, tales como compresores, serpentines, válvulas de servicio, sensores, ventiladores, bandejas, líneas de refrigerante y drenajes, conforme a actividades detalladas en el anexo técnico | H20: GLO | I20: =+'PRESUPUESTO OFICIAL 2026 TH'!I20+'PRESUPUESTO OFICIAL 2026 SALUD'!I20 -> 6 | J20: =+'PRESUPUESTO OFICIAL 2026 SALUD'!J20 -> 10 | K20: =+'APU 1.10'!G46 -> 309082.84 | L20: =K20*I20*J20 -> 18544971
B21: 1.11 | C21: Mantenimiento Preventivo Integral de Unidad Interna (Evaporadora) de Aire Acondicionado de Expansión Directa (desde 9,000 BTU en adelante) del Laboratorio Departamental – Incluye: inspección, limpieza, lubricación, ajuste, diagnóstico y pruebas funcionales en elementos mecánicos, eléctricos y de control, componentes de soporte, sistemas hidráulicos y de refrigeración, y calidad de aire, conforme a actividades definidas en el anexo técnico. | H21: GLO | I21: =+'PRESUPUESTO OFICIAL 2026 TH'!I21+'PRESUPUESTO OFICIAL 2026 SALUD'!I21 -> 14 | J21: =+'PRESUPUESTO OFICIAL 2026 SALUD'!J20 -> 10 | K21: ='APU 1,11'!G46 -> 104191.3 | L21: =K21*I21*J21 -> 14586782
B22: 1.12 | C22: Mantenimiento preventivo y correctivo de los sistemas de aire acondicionados de precisión del centro de computo ubicados en el edificio de la gobernación de antioquia, según actividades definidas en el anexo técnico | H22: GLO | I22: 0 | J22: 0 | K22: =5625000/2 -> 2812500 | L22: =K22*I22*J22 -> 0
B23: 1,12.1 | C23: Mantenimiento preventivo y correctivo de los sistemas de aire acondicionados de precisión del Archivo y Edatel, según actividades definidas en el anexo técnico | H23: GLO | I23: =+'PRESUPUESTO OFICIAL 2026 TH'!I23+'PRESUPUESTO OFICIAL 2026 SALUD'!I23 -> 6 | J23: 6 | K23: =+'APU 1,12.1'!G47 -> 687233.41 | L23: =K23*I23*J23 -> 24740403
B24: 1.13 | C24: Mantenimiento preventivo de extractor de aire en laboratorio departamental. Incluye inspección general, limpieza del equipo (hélices, carcasa, rejillas), revisión y ajuste de partes mecánicas, verificación eléctrica, lubricación si aplica, pruebas de funcionamiento y reposición de filtros de aire. | H24: GLO | I24: =+'PRESUPUESTO OFICIAL 2026 TH'!I24+'PRESUPUESTO OFICIAL 2026 SALUD'!I24 -> 4 | J24: =+'PRESUPUESTO OFICIAL 2026 SALUD'!J22 -> 10 | K24: ='APU 1,13'!G46 -> 138817.69 | L24: =K24*I24*J24 -> 5552707.8
B25: Total mantenimiento preventivo | L25: =SUM(L10:L24) -> 1.9589525e+08
B26: 2. MANTENIMIENTO DISTRIBUCIÓN DE AIRE
B27: 2.1 | C27: Mantenimiento de ductos del Sistema de Distribución de Aire – Incluye inspección del estado y aislamiento de ductos, reparación de fugas, y verificación de soportes, conforme a actividades detalladas en el anexo técnico | H27: GLO | I27: =+'PRESUPUESTO OFICIAL 2026 TH'!I27+'PRESUPUESTO OFICIAL 2026 SALUD'!I27 -> 14 | J27: =+'PRESUPUESTO OFICIAL 2026 TH'!J27 -> 2 | K27: =+'APU 2,1'!G45 -> 312527.29 | L27: =K27*I27*J27 -> 8750764
B28: 2.2 | C28: Mantenimiento Preventivo de Rejillas y Difusores del Sistema de Distribución de Aire – Incluye limpieza y verificación funcional, conforme a actividades detalladas en el anexo técnico | H28: UN | I28: =+'PRESUPUESTO OFICIAL 2026 TH'!I28+'PRESUPUESTO OFICIAL 2026 SALUD'!I28 -> 1100 | J28: =+'PRESUPUESTO OFICIAL 2026 TH'!J28 -> 1 | K28: =+'APU 2,2'!G45 -> 13849.969 | L28: =K28*I28*J28 -> 15234966
B29: Total mantenimiento distribución de aire | L29: =SUM(L27:L28) -> 23985730
B30: 3. MANTENIMIENTO PREVENTIVO EQUIPOS COMPLEMENTARIOS | L30: =K30/I30 -> #DIV/0!
B31: 3.1 | C31: Servicio de mantenimiento preventivo y habilitación operativa de extractores o inyectores de aire, que contempla la inspección del sistema eléctrico y de control, limpieza general, lubricación de componentes mecánicos, y elaboración de un informe del estado final del equipo, de acuerdo con las actividades establecidas en el anexo técnico | H31: GLO | I31: =+'PRESUPUESTO OFICIAL 2026 TH'!I31+'PRESUPUESTO OFICIAL 2026 SALUD'!I31 -> 2 | J31: =+'PRESUPUESTO OFICIAL 2026 TH'!J31 -> 2 | K31: =+'APU 3,1'!$G$45 -> 141695.03 | L31: =K31*I31*J31 -> 566780.11
B32: 3.2 | C32: Mantenimiento preventivo de puertas automatizadas de parqueadero – Incluye verificación del sistema de apertura y cierre, inspección de rieles, cadenas o cremalleras, lubricación de mecanismos móviles, revisión de sensores de presencia, chequeo del panel de control, aseguramiento de la estructura y prueba funcional completa, conforme a actividades definidas en el anexo técnico | H32: GLO | I32: =+'PRESUPUESTO OFICIAL 2026 TH'!I32+'PRESUPUESTO OFICIAL 2026 SALUD'!I32 -> 6 | J32: =+'PRESUPUESTO OFICIAL 2026 TH'!J32 -> 2 | K32: =+'APU 3,2'!G45 -> 233647.41 | L32: =K32*I32*J32 -> 2803768.9
B33: 3.3 | C33: Mantenimiento preventivo de puertas presurizadas – Incluye revisión de gato hidráulico, comprobación de cierre automático, ajuste de velocidad y amortiguación, inspección y lubricación de bisagras, verificación de sellos perimetrales, alineamiento estructural, detección de obstrucciones y prueba funcional completa, conforme a actividades definidas en el anexo técnico | H33: GLO | I33: =+'PRESUPUESTO OFICIAL 2026 TH'!I33+'PRESUPUESTO OFICIAL 2026 SALUD'!I33 -> 28 | J33: =+'PRESUPUESTO OFICIAL 2026 TH'!J33 -> 2 | K33: =+'APU 3,3'!G45 -> 90139.796 | L33: =K33*I33*J33 -> 5047828.6
B34: 3.4 | C34: Mantenimiento preventivo de equipos de gimnasio – Incluye inspección de funcionamiento general, lubricación de poleas y rieles, revisión de cables y bandas, verificación de pantallas o interfaces, comprobación de tornillería estructural, limpieza con productos no corrosivos y reporte de daños en tapicería, conforme a actividades definidas en el anexo técnico | H34: GLO | I34: =+'PRESUPUESTO OFICIAL 2026 TH'!I34+'PRESUPUESTO OFICIAL 2026 SALUD'!I34 -> 8 | J34: =+'PRESUPUESTO OFICIAL 2026 TH'!J34 -> 4 | K34: =+'APU 3,4'!G45 -> 120309.75 | L34: =K34*I34*J34 -> 3849911.8
B35: 3.5 | C35: Mantenimiento preventivo al sistema DMS2 del laboratorio Departamental, incluyendo respaldo de configuración, verificación de comunicación con equipos HVAC, análisis de alarmas y actualización del software de monitoreo. | H35: GLO | I35: =+'PRESUPUESTO OFICIAL 2026 TH'!I35+'PRESUPUESTO OFICIAL 2026 SALUD'!I35 -> 1 | J35: =+'PRESUPUESTO OFICIAL 2026 SALUD'!J35 -> 2 | K35: ='APU 3,5'!G45 -> 264673.3 | L35: =K35*I35*J35 -> 529346.59
B36: 3.6 | C36: Mantenimiento preventivo a compactadora de 7 toneladas, incluyendo requintada de tornillos, ajustes en sensores de inicio y fin de carrera, limpieza general con aire a presión, lubricación de componentes móviles, revisión de filtros, inspección de tuberías, detección de posibles fugas, verificación de guías y control de niveles de aceite para asegurar su correcto funcionamiento. | H36: GLO | I36: =+'PRESUPUESTO OFICIAL 2026 TH'!I36+'PRESUPUESTO OFICIAL 2026 SALUD'!I36 -> 1 | J36: =+'PRESUPUESTO OFICIAL 2026 TH'!J36 -> 2 | K36: ='APU 3,6'!G45 -> 134279.69 | L36: =K36*I36*J36 -> 268559.39
B37: Total mantenimiento equipos complementarios. | L37: =SUM(L31:L36) -> 13066195
B38: 4. MANTENIMIENTO CORRECTIVO | L38: =K38/I38 -> #DIV/0!
B39: 4.1 | C39: Reparación de electrobomba de impulsión de 12 a 15 HP 220/400V diámetro de salida 2", presión de 140 PSI, trifásica, velocidad de 3500 RPM, incluye kit completo de rodamientos, embobinado, sello mecánico y pintura. | H39: GLO | I39: =+'PRESUPUESTO OFICIAL 2026 TH'!I39+'PRESUPUESTO OFICIAL 2026 SALUD'!I39 -> 0 | J39: =+'PRESUPUESTO OFICIAL 2026 TH'!J39 -> 1 | K39: ='APU 4.1'!G45 -> 936547.41 | L39: =K39*I39*J39 -> 0
B40: 4.2 | C40: Reparación de motor de puerta eléctrica 220V de 3HP, incluye mantenimiento y lubricación de partes móviles y cambio de partes móviles dañadas. | H40: GLO | I40: =+'PRESUPUESTO OFICIAL 2026 TH'!I40+'PRESUPUESTO OFICIAL 2026 SALUD'!I40 -> 0 | J40: =+'PRESUPUESTO OFICIAL 2026 TH'!J40 -> 1 | K40: ='APU 4.2'!G45 -> 729047.41 | L40: =K40*I40*J40 -> 0
B41: 4.1 | C41: Mantenimiento correctivo de ductos del sistema de distribución de aire, que incluye la inspección del estado físico y del aislamiento, la reparación de fugas de aire mediante aplicación de selladores, cintas aluminizadas o refuerzos, y la verificación, ajuste o reposición de soportes estructurales deteriorados, de acuerdo con lo definido en el anexo técnico. | H41: m2 | I41: =+'PRESUPUESTO OFICIAL 2026 TH'!I41+'PRESUPUESTO OFICIAL 2026 SALUD'!I41 -> 2242.2532 | J41: =+'PRESUPUESTO OFICIAL 2026 TH'!J41 -> 1 | K41: ='APU 4.1.'!G45 -> 112955.41 | L41: =K41*I41*J41 -> 2.5327463e+08
B42: 4.2 | C42: Suministro, instalación, calibración y retiro del equipo existente para sistemas de presurización tipo HIDROFLO, utilizado en redes hidráulicas de edificaciones. El ítem contempla todas las actividades necesarias para garantizar el funcionamiento correcto del nuevo equipo, cumpliendo con los requisitos técnicos, eléctricos e hidráulicos. | H42: GLO | I42: =+'PRESUPUESTO OFICIAL 2026 TH'!I42+'PRESUPUESTO OFICIAL 2026 SALUD'!I42 -> 1 | J42: =+'PRESUPUESTO OFICIAL 2026 TH'!J42 -> 1 | K42: ='APU 4.2.'!G45 -> 2737203.5 | L42: =K42*I42*J42 -> 2737203.5
B43: 4.5 | C43: Reparación integral de motor eléctrico con potencia entre 1 y 10 HP, que incluye desmontaje, diagnóstico, sustitución de rodamientos, reparación o rectificación de eje, pintura, conexionado eléctrico y pruebas funcionales para asegurar el correcto funcionamiento del motor. | H43: GLO | I43: =+'PRESUPUESTO OFICIAL 2026 TH'!I43+'PRESUPUESTO OFICIAL 2026 SALUD'!I43 -> 0 | J43: =+'PRESUPUESTO OFICIAL 2026 TH'!J43 -> 1 | K43: ='APU 4.5'!G45 -> 150999.8 | L43: =K43*I43*J43 -> 0
B44: 4.3 | C44: Suministro, retiro e instalación de contactor trifásico 3 polos, 25 amperios, categoría AC3, tensión de bobina 220V 60Hz, con contacto auxiliar normalmente abierto (1NA). Incluye desconexión del contactor averiado, verificación del cableado, montaje del nuevo equipo, pruebas de funcionamiento y puesta en marcha. | H44: GLO | I44: =+'PRESUPUESTO OFICIAL 2026 TH'!I44+'PRESUPUESTO OFICIAL 2026 SALUD'!I44 -> 6 | J44: =+'PRESUPUESTO OFICIAL 2026 TH'!J44 -> 1 | K44: ='APU 4.3.'!G45 -> 141655.23 | L44: =K44*I44*J44 -> 849931.39
B45: 4.4 | C45: Suministro, retiro e instalación de relé térmico de 25 amperios compatible con contactor trifásico. Incluye desmontaje del relé averiado, conexión del nuevo equipo, verificación de fases, pruebas de disparo y puesta en funcionamiento del sistema. | H45: GLO | I45: =+'PRESUPUESTO OFICIAL 2026 TH'!I45+'PRESUPUESTO OFICIAL 2026 SALUD'!I45 -> 6 | J45: =+'PRESUPUESTO OFICIAL 2026 TH'!J45 -> 1 | K45: ='APU 4.4.'!G45 -> 92055.231 | L45: =K45*I45*J45 -> 552331.39
B46: 4.5 | C46: Suministro, retiro e instalación de temporizador electrónico AC110V 16A 250VAC. Incluye desmontaje del equipo anterior, instalación del nuevo dispositivo, conexión eléctrica, verificación de continuidad y puesta en funcionamiento del sistema. | H46: GLO | I46: =+'PRESUPUESTO OFICIAL 2026 TH'!I46+'PRESUPUESTO OFICIAL 2026 SALUD'!I46 -> 5 | J46: =+'PRESUPUESTO OFICIAL 2026 TH'!J46 -> 1 | K46: ='APU 4.5. '!G45 -> 121079.04 | L46: =K46*I46*J46 -> 605395.18
B47: 4.6 | C47: Suministro e instalación de chumacera tipo flanche cuadrado UCF209-28, con eje de 1-3/4", incluyendo retiro de la unidad existente, limpieza y preparación del área de montaje, montaje del nuevo rodamiento, alineación con el eje, fijación con pernos, aplicación de lubricante y verificación de funcionamiento. | H47: GLO | I47: =+'PRESUPUESTO OFICIAL 2026 TH'!I47+'PRESUPUESTO OFICIAL 2026 SALUD'!I47 -> 5 | J47: =+'PRESUPUESTO OFICIAL 2026 TH'!J47 -> 1 | K47: ='APU 4.6.'!G45 -> 301150.14 | L47: =K47*I47*J47 -> 1505750.7
B48: 4.7 | C48: Suministro e instalación de bomba de condensado para sistema de drenaje incluyendo el retiro de la bomba existente (si aplica), desconexión eléctrica e hidráulica, limpieza del área de trabajo, preparación de puntos de anclaje, conexión de línea de drenaje, instalación del nuevo equipo, reconexión eléctrica con pruebas de funcionamiento. | H48: GLO | I48: =+'PRESUPUESTO OFICIAL 2026 TH'!I48+'PRESUPUESTO OFICIAL 2026 SALUD'!I48 -> 5 | J48: =+'PRESUPUESTO OFICIAL 2026 TH'!J48 -> 1 | K48: ='APU 4.7.'!G45 -> 327715.74 | L48: =K48*I48*J48 -> 1638578.7
B49: 4.8 | C49: Suministro e instalación de prefiltros tipo guata y filtros HEPA en extractores y unidades manejadoras de aire (UMA) del laboratorio departamental, incluyendo retiro y disposición de filtros usados, limpieza de portafiltros, pruebas de ajuste y registro de mantenimiento preventivo, de acuerdo con especificaciones técnicas y normativas vigentes. | H49: GLO | I49: =+'PRESUPUESTO OFICIAL 2026 TH'!I49+'PRESUPUESTO OFICIAL 2026 SALUD'!I49 -> 12 | J49: =+'PRESUPUESTO OFICIAL 2026 SALUD'!J49 -> 2 | K49: ='APU 4.8.'!G45 -> 337889.95 | L49: =K49*I49*J49 -> 8109358.8
B50: 4.9 | C50: Suministro, instalación y puesta en marcha de extractor axial de 6 pulgadas para baños y cafetines del Centro Administrativo Departamental (CAD), incluyendo materiales, conexión eléctrica, fijación mecánica, sellado y pruebas de funcionamiento, conforme a especificaciones técnicas del fabricante | H50: GLO | I50: =+'PRESUPUESTO OFICIAL 2026 TH'!I50+'PRESUPUESTO OFICIAL 2026 SALUD'!I50 -> 5 | J50: =+'PRESUPUESTO OFICIAL 2026 TH'!J50 -> 1 | K50: ='APU 4.9.'!G45 -> 179392.46 | L50: =K50*I50*J50 -> 896962.31
B51: Total mantenimiento correctivos . | L51: =SUM(L39:L50) -> 2.7017014e+08
B52: 5. BOLSA DE REPUESTOS | L52: =K52/I52 -> #DIV/0!
B53: 5.1 | C53: Bolsa presupuestal para la provisión de repuestos, materiales o componentes no contemplados en el listado y que corresponden al alcance del contrato, que puedan ser requeridos durante la ejecución del contrato, previa justificación técnica y autorización expresa del supervisor o interventor. | H53: GLO | I53: 1 | J53: =+'PRESUPUESTO OFICIAL 2026 TH'!J53 -> 1 | K53: =+'PRESUPUESTO OFICIAL 2026 TH'!K53+'PRESUPUESTO OFICIAL 2026 SALUD'!K53 -> 80000000 | L53: =+'PRESUPUESTO OFICIAL 2026 TH'!K53+'PRESUPUESTO OFICIAL 2026 SALUD'!K53 -> 80000000
B54: Total bolsa de repuestos | L54: =SUM(L53) -> 80000000
B56: COSTO DIRECTO SIN AU | K56: SUMA | L56: =+L37+L29+L25+L51+L54 -> 5.8311731e+08
B57: ADMINISTRACION | K57: =+'AU Consul P2'!H25 -> 0.13674808 | L57: =+L56*K57 -> 79740170
B58: UTILIDAD 5% | K58: 0.05 | L58: =+L56*K58 -> 29155866
B59: TOTAL INCLUIDO AU | K59: =+K57+K58 -> 0.18674808 | L59: =ROUND(SUM(L56:L58),0) -> 692013346
B60: PÓLIZAS DE GARANTÍA (Valor máximo a reconocer contra factura o comprobante de pago) | L60: =+'AU Consul P2'!I30 -> 2898257.9
B61: TOTAL (INCLUIDO AU Y PÓLIZAS) | L61: =+L59+L60 -> 6.949116e+08
L65: =+'PRESUPUESTO OFICIAL 2026 SALUD'!L61 -> 2.1841412e+08
L66: =+'PRESUPUESTO OFICIAL 2026 TH'!L61 -> 4.7649748e+08
L67: =SUM(L65:L66) -> 6.949116e+08

Sheet PRESUPUESTO OFICIAL 2026 TH
B1: PRESUPUESTO MANTENIMIENTO 2026
B3: SECRETARÍA DE TALENTO HUMANO Y SERVICIOS ADMINISTRATIVOS- DIRECCIÓN DE SERVICIOS GENERALES
B4: Mantenimiento del sistema de climatización y equipos electro mecánicos del Centro Administrativo Departamental y sus Sedes Externas-LOTE 1
B6: MANTENIMIENTO EQUIPOS DE AIRE ACONDICIONADO
B7: ÍTEM | C7: DESCRIPCIÓN | H7: Un | I7: Cant | J7: Rutinas | K7: Vr.Unit | L7: Vr. Total
B9: 1. MANTENIMIENTO PREVENTIVO EQUIPOS DE AIRE ACONDICIONADO
B10: 1.1 | C10: Mantenimiento Preventivo Integral de Unidades Manejadoras de aire (4,000 a 21,696 CFM - 15 a 25 TR) Incluyendo: elementos de transmisión, componentes eléctricos y de control, elementos mecánicos y de soporte, componentes hidráulicos y de refrigeración, calidad de aire, conforme a actividades definidas en el anexo técnico. | H10: GLO | I10: 40 | J10: 2 | K10: =+'APU 1,1'!G46 -> 210173.44 | L10: =K10*I10*J10 -> 16813875
B11: 1.1 | C11: Mantenimiento Preventivo Integral de Unidades Manejadoras de Aire (4,000 a 21,696 CFM - 15 a 25 TR) Incluyendo: elementos de transmisión, componentes eléctricos y de control, elementos mecánicos y de soporte, componentes hidráulicos y de refrigeración, calidad de aire, conforme a actividades definidas en el anexo técnico. | H11: GLO | I11: 0 | J11: 0 | K11: 231324.39 | L11: =K11*I11*J11 -> 0
B12: 1.2 | C12: Mantenimiento Preventivo Integral de Fancoils incluyendo: inspección, ajuste, limpieza, lubricación, diagnóstico y pruebas funcionales en elementos de transmisión, componentes eléctricos y de control, elementos mecánicos y de soporte, componentes hidráulicos y de refrigeración, y sistemas de calidad de aire, conforme a actividades definidas en el anexo técnico | H12: GLO | I12: 8 | J12: 2 | K12: =+'APU 1,2'!G46 -> 174221.65 | L12: =K12*I12*J12 -> 2787546.4
B13: 1.3 | C13: Mantenimiento Preventivo Integral de Equipos Tipo Paquete de Agua Helada - Incluye: inspección, ajuste, limpieza, lubricación, diagnóstico y pruebas funcionales en elementos de transmisión, componentes eléctricos y de control, elementos mecánicos y de soporte, componentes hidráulicos y de refrigeración, y sistemas de calidad de aire, conforme a actividades definidas en el anexo técnico | H13: GLO | I13: 3 | J13: 2 | K13: =+'APU 1,3'!G45 -> 181269.39 | L13: =K13*I13*J13 -> 1087616.3
B14: 1.4 | C14: Mantenimiento Preventivo Integral de Equipos Tipo Paquete de Expansión Directa - Incluye: inspección, ajuste, limpieza, lubricación, diagnóstico y pruebas funcionales en elementos de transmisión, componentes eléctricos y de control, elementos mecánicos y de soporte, componentes hidráulicos y de refrigeración, y sistemas de calidad de aire, conforme a actividades definidas en el anexo técnico | H14: GLO | I14: 2 | J14: 3 | K14: =+'APU 1,4'!G45 -> 196860 | L14: =K14*I14*J14 -> 1181160
B15: 1.5 | C15: Mantenimiento Preventivo Integral de Equipos Tipo Ventana y Portátiles - Incluye: inspección, ajuste, limpieza, lubricación, diagnóstico y pruebas funcionales en elementos de transmisión, componentes eléctricos y de control, elementos mecánicos y de soporte, componentes hidráulicos y de refrigeración, y sistemas de calidad de aire, conforme a actividades definidas en el anexo técnico | H15: GLO | I15: 0 | J15: 3 | K15: =+'APU 1,5'!G44 -> 152961.66 | L15: =K15*I15*J15 -> 0
B16: 1.6 | C16: Mantenimiento Preventivo Integral de Unidad Interna (Evaporadora) de Aire Acondicionado de Expansión Directa (desde 9,000 BTU en adelante) - Incluye: inspección, limpieza, lubricación, ajuste, diagnóstico y pruebas funcionales en elementos mecánicos, eléctricos y de control, componentes de soporte, sistemas hidráulicos y de refrigeración, y calidad de aire, conforme a actividades definidas en el anexo técnico. | H16: GLO | I16: 43 | J16: 6 | K16: =+'APU 1,6'!G46 -> 104191.3 | L16: =K16*I16*J16 -> 26881355
B17: 1.7 | C17: Mantenimiento Preventivo Integral de Condensadoras de Aire Acondicionado de Expansión Directa (Desde 9,000 BTU en adelante): Incluye Limpieza Interior y Exterior, Revisión y Mantenimiento de Componentes Eléctricos, Mecánicos y de Refrigeración, Verificación de la Operación de Válvulas, Medición de Presión de Refrigerante y Control de Bandas, Poleas y Motores Eléctricos | H17: GLO | I17: 43 | J17: 6 | K17: =+'APU 1,7'!G46 -> 128489.82 | L17: =K17*I17*J17 -> 33150373
B18: 1.8 | C18: Mantenimiento Preventivo para electrobombas con potencia hasta 15 HP, según actividades establecidas en el anexo técnico. Incluye kit completo de rodamientos, empaque, tornilleria, sello mecánico y pintura. | H18: GLO | I18: 15 | J18: 1 | K18: =+'APU 1,8'!G45 -> 634047.41 | L18: =K18*I18*J18 -> 9510711.1
B19: 1.9 | C19: Mantenimiento puerta electrica , incluye mantenimiento y lubricación de partes móviles, cambio de partes móviles dañadas y mantenimiento de motor 220V de 3HP | H19: GLO | I19: 2 | J19: 2 | K19: =+'APU 1,9'!G44 -> 175499.69 | L19: =K19*I19*J19 -> 701998.78
B20: 1.1 | C20: Mantenimiento Preventivo Integral de Condensadoras Tipo VRF - Incluye inspección, limpieza y mantenimiento de componentes eléctricos, mecánicos y del sistema de refrigeración, tales como compresores, serpentines, válvulas de servicio, sensores, ventiladores, bandejas, líneas de refrigerante y drenajes, conforme a actividades detalladas en el anexo técnico | H20: GLO | I20: 0 | J20: 0 | K20: =+'APU 1.10'!G46 -> 309082.84 | L20: =K20*I20*J20 -> 0
B21: 1.11 | C21: Mantenimiento Preventivo Integral de Unidad Interna (Evaporadora) de Aire Acondicionado de Expansión Directa (desde 9,000 BTU en adelante) del Laboratorio Departamental – Incluye: inspección, limpieza, lubricación, ajuste, diagnóstico y pruebas funcionales en elementos mecánicos, eléctricos y de control, componentes de soporte, sistemas hidráulicos y de refrigeración, y calidad de aire, conforme a actividades definidas en el anexo técnico. | H21: GLO | I21: 0 | J21: 0 | K21: ='APU 1,11'!G46 -> 104191.3 | L21: =K21*I21*J21 -> 0
B22: 1.12 | C22: Mantenimiento preventivo y correctivo de los sistemas de aire acondicionados de precisión del centro de computo ubicados en el edificio de la gobernación de antioquia, según actividades definidas en el anexo técnico TIC | H22: GLO | K22: =5625000/2 -> 2812500 | L22: =K22*I22*J22 -> 0
B23: 1,12.1 | C23: Mantenimiento preventivo y correctivo de los sistemas de aire acondicionados de precisión del Archivo y Edatel, según actividades definidas en el anexo técnico | H23: GLO | I23: 6 | J23: 6 | K23: =+'APU 1,12.1'!G47 -> 687233.41 | L23: =K23*I23*J23 -> 24740403
B24: 1.13 | C24: Mantenimiento preventivo de extractor de aire en laboratorio departamental. Incluye inspección general, limpieza del equipo (hélices, carcasa, rejillas), revisión y ajuste de partes mecánicas, verificación eléctrica, lubricación si aplica, pruebas de funcionamiento y reposición de filtros de aire. | H24: GLO | I24: 0 | J24: 5 | K24: ='APU 1,13'!G46 -> 138817.69 | L24: =K24*I24*J24 -> 0
B25: Total mantenimiento preventivo | L25: =SUM(L10:L24) -> 1.1685504e+08
B26: 2. MANTENIMIENTO DISTRIBUCIÓN DE AIRE
B27: 2.1 | C27: Mantenimiento de ductos del Sistema de Distribución de Aire – Incluye inspección del estado y aislamiento de ductos, reparación de fugas, y verificación de soportes, conforme a actividades detalladas en el anexo técnico | H27: GLO | I27: 13 | J27: 2 | K27: =+'APU 2,1'!G45 -> 312527.29 | L27: =K27*I27*J27 -> 8125709.4
B28: 2.2 | C28: Mantenimiento Preventivo de Rejillas y Difusores del Sistema de Distribución de Aire – Incluye limpieza y verificación funcional, conforme a actividades detalladas en el anexo técnico | H28: UN | I28: 1000 | J28: 1 | K28: =+'APU 2,2'!G45 -> 13849.969 | L28: =K28*I28*J28 -> 13849969
B29: Total mantenimiento distribución de aire | L29: =SUM(L27:L28) -> 21975679
B30: 3. MANTENIMIENTO PREVENTIVO EQUIPOS COMPLEMENTARIOS | L30: =K30/I30 -> #DIV/0!
B31: 3.1 | C31: Servicio de mantenimiento preventivo y habilitación operativa de extractores o inyectores de aire, que contempla la inspección del sistema eléctrico y de control, limpieza general, lubricación de componentes mecánicos, y elaboración de un informe del estado final del equipo, de acuerdo con las actividades establecidas en el anexo técnico | H31: GLO | I31: 2 | J31: 2 | K31: =+'APU 3,1'!$G$45 -> 141695.03 | L31: =K31*I31*J31 -> 566780.11
B32: 3.2 | C32: Mantenimiento preventivo de puertas automatizadas de parqueadero – Incluye verificación del sistema de apertura y cierre, inspección de rieles, cadenas o cremalleras, lubricación de mecanismos móviles, revisión de sensores de presencia, chequeo del panel de control, aseguramiento de la estructura y prueba funcional completa, conforme a actividades definidas en el anexo técnico | H32: GLO | I32: 6 | J32: 2 | K32: =+'APU 3,2'!G45 -> 233647.41 | L32: =K32*I32*J32 -> 2803768.9
B33: 3.3 | C33: Mantenimiento preventivo de puertas presurizadas – Incluye revisión de gato hidráulico, comprobación de cierre automático, ajuste de velocidad y amortiguación, inspección y lubricación de bisagras, verificación de sellos perimetrales, alineamiento estructural, detección de obstrucciones y prueba funcional completa, conforme a actividades definidas en el anexo técnico | H33: GLO | I33: 28 | J33: 2 | K33: =+'APU 3,3'!G45 -> 90139.796 | L33: =K33*I33*J33 -> 5047828.6
B34: 3.4 | C34: Mantenimiento preventivo de equipos de gimnasio – Incluye inspección de funcionamiento general, lubricación de poleas y rieles, revisión de cables y bandas, verificación de pantallas o interfaces, comprobación de tornillería estructural, limpieza con productos no corrosivos y reporte de daños en tapicería, conforme a actividades definidas en el anexo técnico | H34: GLO | I34: 8 | J34: 4 | K34: =+'APU 3,4'!G45 -> 120309.75 | L34: =K34*I34*J34 -> 3849911.8
B35: 3.5 | C35: Mantenimiento preventivo al sistema DMS2 del laboratorio Departamental, incluyendo respaldo de configuración, verificación de comunicación con equipos HVAC, análisis de alarmas y actualización del software de monitoreo. | H35: GLO | I35: 0 | J35: 0 | K35: ='APU 3,5'!G45 -> 264673.3 | L35: =K35*I35*J35 -> 0
B36: 3.6 | C36: Mantenimiento preventivo a compactadora de 7 toneladas, incluyendo requintada de tornillos, ajustes en sensores de inicio y fin de carrera, limpieza general con aire a presión, lubricación de componentes móviles, revisión de filtros, inspección de tuberías, detección de posibles fugas, verificación de guías y control de niveles de aceite para asegurar su correcto funcionamiento. | H36: GLO | I36: 1 | J36: 2 | K36: ='APU 3,6'!G45 -> 134279.69 | L36: =K36*I36*J36 -> 268559.39
B37: Total mantenimiento equipos complementarios. | L37: =SUM(L31:L36) -> 12536849
B38: 4. MANTENIMIENTO CORRECTIVO | L38: =K38/I38 -> #DIV/0!
B39: 4.1 | C39: Reparación de electrobomba de impulsión de 12 a 15 HP 220/400V diámetro de salida 2", presión de 140 PSI, trifásica, velocidad de 3500 RPM, incluye kit completo de rodamientos, embobinado, sello mecánico y pintura. | H39: GLO | I39: 0 | J39: 1 | K39: ='APU 4.1'!G45 -> 936547.41 | L39: =K39*I39*J39 -> 0
B40: 4.2 | C40: Reparación de motor de puerta eléctrica 220V de 3HP, incluye mantenimiento y lubricación de partes móviles y cambio de partes móviles dañadas. | H40: GLO | I40: 0 | J40: 1 | K40: ='APU 4.2'!G45 -> 729047.41 | L40: =K40*I40*J40 -> 0
B41: 4.1 | C41: Mantenimiento correctivo de ductos del sistema de distribución de aire, que incluye la inspección del estado físico y del aislamiento, la reparación de fugas de aire mediante aplicación de selladores, cintas aluminizadas o refuerzos, y la verificación, ajuste o reposición de soportes estructurales deteriorados, de acuerdo con lo definido en el anexo técnico. | H41: m2 | I41: 1942.2532 | J41: 1 | K41: ='APU 4.1.'!G45 -> 112955.41 | L41: =K41*I41*J41 -> 2.19388e+08
B42: 4.2 | C42: Suministro, instalación, calibración y retiro del equipo existente para sistemas de presurización tipo HIDROFLO, utilizado en redes hidráulicas de edificaciones. El ítem contempla todas las actividades necesarias para garantizar el funcionamiento correcto del nuevo equipo, cumpliendo con los requisitos técnicos, eléctricos e hidráulicos. | H42: GLO | I42: 1 | J42: 1 | K42: ='APU 4.2.'!G45 -> 2737203.5 | L42: =K42*I42*J42 -> 2737203.5
B43: 4.5 | C43: Reparación integral de motor eléctrico con potencia entre 1 y 10 HP, que incluye desmontaje, diagnóstico, sustitución de rodamientos, reparación o rectificación de eje, pintura, conexionado eléctrico y pruebas funcionales para asegurar el correcto funcionamiento del motor. | H43: GLO | I43: 0 | J43: 1 | K43: ='APU 4.5'!G45 -> 150999.8 | L43: =K43*I43*J43 -> 0
B44: 4.3 | C44: Suministro, retiro e instalación de contactor trifásico 3 polos, 25 amperios, categoría AC3, tensión de bobina 220V 60Hz, con contacto auxiliar normalmente abierto (1NA). Incluye desconexión del contactor averiado, verificación del cableado, montaje del nuevo equipo, pruebas de funcionamiento y puesta en marcha. | H44: GLO | I44: 6 | J44: 1 | K44: ='APU 4.3.'!G45 -> 141655.23 | L44: =K44*I44*J44 -> 849931.39
B45: 4.4 | C45: Suministro, retiro e instalación de relé térmico de 25 amperios compatible con contactor trifásico. Incluye desmontaje del relé averiado, conexión del nuevo equipo, verificación de fases, pruebas de disparo y puesta en funcionamiento del sistema. | H45: GLO | I45: 6 | J45: 1 | K45: ='APU 4.4.'!G45 -> 92055.231 | L45: =K45*I45*J45 -> 552331.39
B46: 4.5 | C46: Suministro, retiro e instalación de temporizador electrónico AC110V 16A 250VAC. Incluye desmontaje del equipo anterior, instalación del nuevo dispositivo, conexión eléctrica, verificación de continuidad y puesta en funcionamiento del sistema. | H46: GLO | I46: 5 | J46: 1 | K46: ='APU 4.5. '!G45 -> 121079.04 | L46: =K46*I46*J46 -> 605395.18
B47: 4.6 | C47: Suministro e instalación de chumacera tipo flanche cuadrado UCF209-28, con eje de 1-3/4", incluyendo retiro de la unidad existente, limpieza y preparación del área de montaje, montaje del nuevo rodamiento, alineación con el eje, fijación con pernos, aplicación de lubricante y verificación de funcionamiento. | H47: GLO | I47: 5 | J47: 1 | K47: ='APU 4.6.'!G45 -> 301150.14 | L47: =K47*I47*J47 -> 1505750.7
B48: 4.7 | C48: Suministro e instalación de bomba de condensado para sistema de drenaje incluyendo el retiro de la bomba existente (si aplica), desconexión eléctrica e hidráulica, limpieza del área de trabajo, preparación de puntos de anclaje, conexión de línea de drenaje, instalación del nuevo equipo, reconexión eléctrica con pruebas de funcionamiento. | H48: GLO | I48: 5 | J48: 1 | K48: ='APU 4.7.'!G45 -> 327715.74 | L48: =K48*I48*J48 -> 1638578.7
B49: 4.8 | C49: Suministro e instalación de prefiltros tipo guata y filtros HEPA en extractores y unidades manejadoras de aire (UMA) del laboratorio departamental, incluyendo retiro y disposición de filtros usados, limpieza de portafiltros, pruebas de ajuste y registro de mantenimiento preventivo, de acuerdo con especificaciones técnicas y normativas vigentes. | H49: GLO | I49: 0 | J49: 1 | K49: ='APU 4.8.'!G45 -> 337889.95 | L49: =K49*I49*J49 -> 0
B50: 4.9 | C50: Suministro, instalación y puesta en marcha de extractor axial de 6 pulgadas para baños y cafetines del Centro Administrativo Departamental (CAD), incluyendo materiales, conexión eléctrica, fijación mecánica, sellado y pruebas de funcionamiento, conforme a especificaciones técnicas del fabricante | H50: GLO | I50: 5 | J50: 1 | K50: ='APU 4.9.'!G45 -> 179392.46 | L50: =K50*I50*J50 -> 896962.31
B51: Total mantenimiento correctivos . | L51: =SUM(L39:L50) -> 2.2817416e+08
B52: 5. BOLSA DE REPUESTOS | L52: =K52/I52 -> #DIV/0!
B53: 5.1 | C53: Bolsa presupuestal para la provisión de repuestos, materiales o componentes no contemplados en el listado y que corresponden al aalcance del contrato, que puedan ser requeridos durante la ejecución del contrato, previa justificación técnica y autorización expresa del supervisor o interventor. | H53: GLO | I53: 1 | J53: 1 | K53: 20000000 | L53: =K53*I53*J53 -> 20000000
B54: Total bolsa de repuestos | L54: =SUM(L53) -> 20000000
B56: COSTO DIRECTO SIN AU | K56: SUMA | L56: =+L37+L29+L25+L51+L54 -> 3.9954172e+08
B57: ADMINISTRACION | K57: =+'AU Consul P2'!H25 -> 0.13674808 | L57: =+L56*K57 -> 54636562
B58: UTILIDAD 5% | K58: 0.05 | L58: =+L56*K58 -> 19977086
B59: TOTAL INCLUIDO AU | K59: =+K57+K58 -> 0.18674808 | L59: =ROUND(SUM(L56:L58),0) -> 474155370
B60: PÓLIZAS DE GARANTÍA (Valor máximo a reconocer contra factura o comprobante de pago) | L60: =+Pólizas!O20 -> 2342111.2
B61: TOTAL (INCLUIDO AU Y PÓLIZAS) | L61: =+L59+L60 -> 4.7649748e+08
J69: =+L61+'PRESUPUESTO OFICIAL 2026 SALUD'!L61 -> 6.949116e+08

Sheet PRESUPUESTO OFICIAL 2026 SALUD
B1: PRESUPUESTO MANTENIMIENTO 2025
B3: SECRETARÍA DE TALENTO HUMANO Y SERVICIOS ADMINISTRATIVOS- DIRECCIÓN DE SERVICIOS GENERALES
B4: Mantenimiento del sistema de climatización y equipos electro mecánicos del Centro Administrativo Departamental y sus Sedes Externas. LOTE 1
B6: MANTENIMIENTO EQUIPOS DE AIRE ACONDICIONADO
B7: ÍTEM | C7: DESCRIPCIÓN | H7: Un | I7: Cant | J7: Rutinas | K7: Vr.Unit | L7: Vr. Total
B9: 1. MANTENIMIENTO PREVENTIVO EQUIPOS DE AIRE ACONDICIONADO
B10: 1.1 | C10: Mantenimiento Preventivo Integral de Unidades Manejadoras de Aire (4,000 a 21,696 CFM - 15 a 25 TR) Incluyendo: elementos de transmisión, componentes eléctricos y de control, elementos mecánicos y de soporte, componentes hidráulicos y de refrigeración, calidad de aire, conforme a actividades definidas en el anexo técnico. | H10: GLO | I10: 0 | J10: 0 | K10: 0 | L10: =+I10*J10*K10 -> 0
B11: 1.1 | C11: Mantenimiento Preventivo Integral de Unidades Manejadoras de Aire (4,000 a 21,696 CFM - 15 a 25 TR) Incluyendo: elementos de transmisión, componentes eléctricos y de control, elementos mecánicos y de soporte, componentes hidráulicos y de refrigeración, calidad de aire, conforme a actividades definidas en el anexo técnico. | H11: GLO | I11: 3 | J11: 10 | K11: =+'APU 1,1'!G46 -> 210173.44 | L11: =+I11*J11*K11 -> 6305203.1
B12: 1.2 | C12: Mantenimiento Preventivo Integral de Fancoils incluyendo: inspección, ajuste, limpieza, lubricación, diagnóstico y pruebas funcionales en elementos de transmisión, componentes eléctricos y de control, elementos mecánicos y de soporte, componentes hidráulicos y de refrigeración, y sistemas de calidad de aire, conforme a actividades definidas en el anexo técnico | H12: GLO | I12: 0 | J12: 10 | K12: =+'APU 1,2'!G46 -> 174221.65 | L12: =K12*I12*J12 -> 0
B13: 1.3 | C13: Mantenimiento Preventivo Integral de Equipos Tipo Paquete de Agua Helada - Incluye: inspección, ajuste, limpieza, lubricación, diagnóstico y pruebas funcionales en elementos de transmisión, componentes eléctricos y de control, elementos mecánicos y de soporte, componentes hidráulicos y de refrigeración, y sistemas de calidad de aire, conforme a actividades definidas en el anexo técnico | H13: GLO | I13: 0 | J13: 10 | K13: =+'APU 1,3'!G45 -> 181269.39 | L13: =K13*I13*J13 -> 0
B14: 1.4 | C14: Mantenimiento Preventivo Integral de Equipos Tipo Paquete de Expansión Directa - Incluye: inspección, ajuste, limpieza, lubricación, diagnóstico y pruebas funcionales en elementos de transmisión, componentes eléctricos y de control, elementos mecánicos y de soporte, componentes hidráulicos y de refrigeración, y sistemas de calidad de aire, conforme a actividades definidas en el anexo técnico | H14: GLO | I14: 0 | J14: 10 | K14: =+'APU 1,4'!G45 -> 196860 | L14: =K14*I14*J14 -> 0
B15: 1.5 | C15: Mantenimiento Preventivo Integral de Equipos Tipo Ventana y Portátiles - Incluye: inspección, ajuste, limpieza, lubricación, diagnóstico y pruebas funcionales en elementos de transmisión, componentes eléctricos y de control, elementos mecánicos y de soporte, componentes hidráulicos y de refrigeración, y sistemas de calidad de aire, conforme a actividades definidas en el anexo técnico | H15: GLO | I15: 6 | J15: 10 | K15: =+'APU 1,5'!G44 -> 152961.66 | L15: =K15*I15*J15 -> 9177699.6
B16: 1.6 | C16: Mantenimiento Preventivo Integral de Unidad Interna (Evaporadora) de Aire Acondicionado de Expansión Directa (desde 9,000 BTU en adelante) - Incluye: inspección, limpieza, lubricación, ajuste, diagnóstico y pruebas funcionales en elementos mecánicos, eléctricos y de control, componentes de soporte, sistemas hidráulicos y de refrigeración, y calidad de aire, conforme a actividades definidas en el anexo técnico. | H16: GLO | I16: 14 | J16: 6 | K16: =+'APU 1,6'!G46 -> 104191.3 | L16: =K16*I16*J16 -> 8752069.2
B17: 1.7 | C17: Mantenimiento Preventivo Integral de Condensadoras de Aire Acondicionado de Expansión Directa (Desde 9,000 BTU en adelante): Incluye Limpieza Interior y Exterior, Revisión y Mantenimiento de Componentes Eléctricos, Mecánicos y de Refrigeración, Verificación de la Operación de Válvulas, Medición de Presión de Refrigerante y Control de Bandas, Poleas y Motores Eléctricos | H17: GLO | I17: 20 | J17: 6 | K17: =+'APU 1,7'!G46 -> 128489.82 | L17: =K17*I17*J17 -> 15418778
B18: 1.8 | C18: Mantenimiento Preventivo para electrobombas con potencia hasta 15 HP, según actividades establecidas en el anexo técnico. Incluye kit completo de rodamientos, empaque, tornilleria, sello mecánico y pintura. | H18: GLO | I18: 0 | J18: 1 | K18: =+'APU 1,8'!G45 -> 634047.41 | L18: =K18*I18*J18 -> 0
B19: 1.9 | C19: Mantenimiento puerta electrica , incluye mantenimiento y lubricación de partes móviles, cambio de partes móviles dañadas y mantenimiento de motor 220V de 3HP | H19: GLO | I19: 2 | J19: 2 | K19: =+'APU 1,9'!G44 -> 175499.69 | L19: =K19*I19*J19 -> 701998.78
B20: 1.1 | C20: Mantenimiento Preventivo Integral de Condensadoras Tipo VRF - Incluye inspección, limpieza y mantenimiento de componentes eléctricos, mecánicos y del sistema de refrigeración, tales como compresores, serpentines, válvulas de servicio, sensores, ventiladores, bandejas, líneas de refrigerante y drenajes, conforme a actividades detalladas en el anexo técnico | H20: GLO | I20: 6 | J20: 10 | K20: =+'APU 1.10'!G46 -> 309082.84 | L20: =K20*I20*J20 -> 18544971
B21: 1.11 | C21: Mantenimiento Preventivo Integral de Unidad Interna (Evaporadora) de Aire Acondicionado de Expansión Directa (desde 9,000 BTU en adelante) del Laboratorio Departamental – Incluye: inspección, limpieza, lubricación, ajuste, diagnóstico y pruebas funcionales en elementos mecánicos, eléctricos y de control, componentes de soporte, sistemas hidráulicos y de refrigeración, y calidad de aire, conforme a actividades definidas en el anexo técnico. | H21: GLO | I21: 14 | J21: 10 | K21: ='APU 1,11'!G46 -> 104191.3 | L21: =K21*I21*J21 -> 14586782
B22: 1.12 | C22: Mantenimiento preventivo y correctivo de los sistemas de aire acondicionados de precisión del centro de computo ubicados en el edificio de la gobernación de antioquia, según actividades definidas en el anexo técnico (TIC) | H22: GLO | I22: 0 | J22: 10 | K22: =5625000/2 -> 2812500 | L22: =K22*I22*J22 -> 0
B23: 1,12.1 | C23: Mantenimiento preventivo y correctivo de los sistemas de aire acondicionados de precisión del Archivo y Edatel, según actividades definidas en el anexo técnico | H23: GLO | I23: 0 | J23: 6 | K23: =+'APU 1,12.1'!G47 -> 687233.41 | L23: =K23*I23*J23 -> 0
B24: 1.13 | C24: Mantenimiento preventivo de extractor de aire en laboratorio departamental. Incluye inspección general, limpieza del equipo (hélices, carcasa, rejillas), revisión y ajuste de partes mecánicas, verificación eléctrica, lubricación si aplica, pruebas de funcionamiento y reposición de filtros de aire. | H24: GLO | I24: 4 | J24: 10 | K24: ='APU 1,13'!G46 -> 138817.69 | L24: =K24*I24*J24 -> 5552707.8
B25: Total mantenimiento preventivo | L25: =SUM(L10:L24) -> 79040209
B26: 2. MANTENIMIENTO DISTRIBUCIÓN DE AIRE
B27: 2.1 | C27: Mantenimiento de ductos del Sistema de Distribución de Aire – Incluye inspección del estado y aislamiento de ductos, reparación de fugas, y verificación de soportes, conforme a actividades detalladas en el anexo técnico | H27: GLO | I27: 1 | J27: 2 | K27: =+'APU 2,1'!G45 -> 312527.29 | L27: =K27*I27*J27 -> 625054.57
B28: 2.2 | C28: Mantenimiento Preventivo de Rejillas y Difusores del Sistema de Distribución de Aire – Incluye limpieza y verificación funcional, conforme a actividades detalladas en el anexo técnico | H28: UN | I28: 100 | J28: 1 | K28: =+'APU 2,2'!G45 -> 13849.969 | L28: =K28*I28*J28 -> 1384996.9
B29: Total mantenimiento distribución de aire | L29: =SUM(L27:L28) -> 2010051.5
B30: 3. MANTENIMIENTO PREVENTIVO EQUIPOS COMPLEMENTARIOS | L30: =K30/I30 -> #DIV/0!
B31: 3.1 | C31: Servicio de mantenimiento preventivo y habilitación operativa de extractores o inyectores de aire, que contempla la inspección del sistema eléctrico y de control, limpieza general, lubricación de componentes mecánicos, y elaboración de un informe del estado final del equipo, de acuerdo con las actividades establecidas en el anexo técnico | H31: GLO | I31: 0 | J31: 1 | K31: =+'APU 3,1'!$G$45 -> 141695.03 | L31: =K31*I31*J31 -> 0
B32: 3.2 | C32: Mantenimiento preventivo de puertas automatizadas de parqueadero – Incluye verificación del sistema de apertura y cierre, inspección de rieles, cadenas o cremalleras, lubricación de mecanismos móviles, revisión de sensores de presencia, chequeo del panel de control, aseguramiento de la estructura y prueba funcional completa, conforme a actividades definidas en el anexo técnico | H32: GLO | I32: 0 | J32: 1 | K32: =+'APU 3,2'!G45 -> 233647.41 | L32: =K32*I32*J32 -> 0
B33: 3.3 | C33: Mantenimiento preventivo de puertas presurizadas – Incluye revisión de gato hidráulico, comprobación de cierre automático, ajuste de velocidad y amortiguación, inspección y lubricación de bisagras, verificación de sellos perimetrales, alineamiento estructural, detección de obstrucciones y prueba funcional completa, conforme a actividades definidas en el anexo técnico | H33: GLO | I33: 0 | J33: 1 | K33: =+'APU 3,3'!G45 -> 90139.796 | L33: =K33*I33*J33 -> 0
B34: 3.4 | C34: Mantenimiento preventivo de equipos de gimnasio – Incluye inspección de funcionamiento general, lubricación de poleas y rieles, revisión de cables y bandas, verificación de pantallas o interfaces, comprobación de tornillería estructural, limpieza con productos no corrosivos y reporte de daños en tapicería, conforme a actividades definidas en el anexo técnico | H34: GLO | I34: 0 | J34: 1 | K34: =+'APU 3,4'!G45 -> 120309.75 | L34: =K34*I34*J34 -> 0
B35: 3.5 | C35: Mantenimiento preventivo al sistema DMS2 del laboratorio Departamental, incluyendo respaldo de configuración, verificación de comunicación con equipos HVAC, análisis de alarmas y actualización del software de monitoreo. | H35: GLO | I35: 1 | J35: 2 | K35: ='APU 3,5'!G45 -> 264673.3 | L35: =K35*I35*J35 -> 529346.59
B36: 3.6 | C36: Mantenimiento preventivo a compactadora de 7 toneladas, incluyendo requintada de tornillos, ajustes en sensores de inicio y fin de carrera, limpieza general con aire a presión, lubricación de componentes móviles, revisión de filtros, inspección de tuberías, detección de posibles fugas, verificación de guías y control de niveles de aceite para asegurar su correcto funcionamiento. | H36: GLO | I36: 0 | J36: 1 | K36: ='APU 3,6'!G45 -> 134279.69 | L36: =K36*I36*J36 -> 0
B37: Total mantenimiento equipos complementarios. | L37: =SUM(L31:L36) -> 529346.59
B38: 4. MANTENIMIENTO CORRECTIVO | L38: =K38/I38 -> #DIV/0!
B39: 4.1 | C39: Reparación de electrobomba de impulsión de 12 a 15 HP 220/400V diámetro de salida 2", presión de 140 PSI, trifásica, velocidad de 3500 RPM, incluye kit completo de rodamientos, embobinado, sello mecánico y pintura. | H39: GLO | I39: 0 | J39: 1 | K39: ='APU 4.1'!G45 -> 936547.41 | L39: =K39*I39*J39 -> 0
B40: 4.2 | C40: Reparación de motor de puerta eléctrica 220V de 3HP, incluye mantenimiento y lubricación de partes móviles y cambio de partes móviles dañadas. | H40: GLO | I40: 0 | J40: 1 | K40: ='APU 4.2'!G45 -> 729047.41 | L40: =K40*I40*J40 -> 0
B41: 4.1 | C41: Mantenimiento correctivo de ductos del sistema de distribución de aire, que incluye la inspección del estado físico y del aislamiento, la reparación de fugas de aire mediante aplicación de selladores, cintas aluminizadas o refuerzos, y la verificación, ajuste o reposición de soportes estructurales deteriorados, de acuerdo con lo definido en el anexo técnico. | H41: m2 | I41: 300 | J41: 1 | K41: ='APU 4.1.'!G45 -> 112955.41 | L41: =K41*I41*J41 -> 33886623
B42: 4.2 | C42: Suministro, instalación, calibración y retiro del equipo existente para sistemas de presurización tipo HIDROFLO, utilizado en redes hidráulicas de edificaciones. El ítem contempla todas las actividades necesarias para garantizar el funcionamiento correcto del nuevo equipo, cumpliendo con los requisitos técnicos, eléctricos e hidráulicos. | H42: GLO | I42: 0 | J42: 1 | K42: ='APU 4.2.'!G45 -> 2737203.5 | L42: =K42*I42*J42 -> 0
B43: 4.5 | C43: Reparación integral de motor eléctrico con potencia entre 1 y 10 HP, que incluye desmontaje, diagnóstico, sustitución de rodamientos, reparación o rectificación de eje, pintura, conexionado eléctrico y pruebas funcionales para asegurar el correcto funcionamiento del motor. | H43: GLO | I43: 0 | J43: 1 | K43: ='APU 4.5'!G45 -> 150999.8 | L43: =K43*I43*J43 -> 0
B44: 4.3 | C44: Suministro, retiro e instalación de contactor trifásico 3 polos, 25 amperios, categoría AC3, tensión de bobina 220V 60Hz, con contacto auxiliar normalmente abierto (1NA). Incluye desconexión del contactor averiado, verificación del cableado, montaje del nuevo equipo, pruebas de funcionamiento y puesta en marcha. | H44: GLO | I44: 0 | J44: 1 | K44: ='APU 4.3.'!G45 -> 141655.23 | L44: =K44*I44*J44 -> 0
B45: 4.4 | C45: Suministro, retiro e instalación de relé térmico de 25 amperios compatible con contactor trifásico. Incluye desmontaje del relé averiado, conexión del nuevo equipo, verificación de fases, pruebas de disparo y puesta en funcionamiento del sistema. | H45: GLO | I45: 0 | J45: 1 | K45: ='APU 4.4.'!G45 -> 92055.231 | L45: =K45*I45*J45 -> 0
B46: 4.5 | C46: Suministro, retiro e instalación de temporizador electrónico AC110V 16A 250VAC. Incluye desmontaje del equipo anterior, instalación del nuevo dispositivo, conexión eléctrica, verificación de continuidad y puesta en funcionamiento del sistema. | H46: GLO | I46: 0 | J46: 1 | K46: ='APU 4.5. '!G45 -> 121079.04 | L46: =K46*I46*J46 -> 0
B47: 4.6 | C47: Suministro e instalación de chumacera tipo flanche cuadrado UCF209-28, con eje de 1-3/4", incluyendo retiro de la unidad existente, limpieza y preparación del área de montaje, montaje del nuevo rodamiento, alineación con el eje, fijación con pernos, aplicación de lubricante y verificación de funcionamiento. | H47: GLO | I47: 0 | J47: 1 | K47: ='APU 4.6.'!G45 -> 301150.14 | L47: =K47*I47*J47 -> 0
B48: 4.7 | C48: Suministro e instalación de bomba de condensado para sistema de drenaje incluyendo el retiro de la bomba existente (si aplica), desconexión eléctrica e hidráulica, limpieza del área de trabajo, preparación de puntos de anclaje, conexión de línea de drenaje, instalación del nuevo equipo, reconexión eléctrica con pruebas de funcionamiento. | H48: GLO | I48: 0 | J48: 1 | K48: ='APU 4.7.'!G45 -> 327715.74 | L48: =K48*I48*J48 -> 0
B49: 4.8 | C49: Suministro e instalación de prefiltros tipo guata y filtros HEPA en extractores y unidades manejadoras de aire (UMA) del laboratorio departamental, incluyendo retiro y disposición de filtros usados, limpieza de portafiltros, pruebas de ajuste y registro de mantenimiento preventivo, de acuerdo con especificaciones técnicas y normativas vigentes. | H49: GLO | I49: 12 | J49: 2 | K49: ='APU 4.8.'!G45 -> 337889.95 | L49: =K49*I49*J49 -> 8109358.8
B50: 4.9 | C50: Suministro, instalación y puesta en marcha de extractor axial de 6 pulgadas para baños y cafetines del Centro Administrativo Departamental (CAD), incluyendo materiales, conexión eléctrica, fijación mecánica, sellado y pruebas de funcionamiento, conforme a especificaciones técnicas del fabricante | H50: GLO | I50: 0 | J50: 1 | K50: ='APU 4.9.'!G45 -> 179392.46 | L50: =K50*I50*J50 -> 0
B51: Total mantenimiento correctivos . | L51: =SUM(L39:L50) -> 41995981
B52: 5. BOLSA DE REPUESTOS | L52: =K52/I52 -> #DIV/0!
B53: 5.1 | C53: Bolsa presupuestal para la provisión de repuestos, materiales o componentes no contemplados en el listado y que corresponden al aalcance del contrato, que puedan ser requeridos durante la ejecución del contrato, previa justificación técnica y autorización expresa del supervisor o interventor. | H53: GLO | I53: 1 | J53: 1 | K53: 60000000 | L53: =K53*I53*J53 -> 60000000
B54: Total bolsa de repuestos | L54: =SUM(L53) -> 60000000
B56: COSTO DIRECTO SIN AU | K56: SUMA | L56: =+L37+L29+L25+L51+L54 -> 1.8357559e+08
B57: ADMINISTRACION | K57: =+'AU Consul P2'!H25 -> 0.13674808 | L57: =+L56*K57 -> 25103608
B58: UTILIDAD 5% | K58: 0.05 | L58: =+L56*K58 -> 9178779.4
B59: TOTAL INCLUIDO AU | K59: =+K57+K58 -> 0.18674808 | L59: =ROUND(SUM(L56:L58),0) -> 217857977
B60: PÓLIZAS DE GARANTÍA (Valor máximo a reconocer contra factura o comprobante de pago) | L60: =+Pólizas!W20 -> 556146.65
B61: TOTAL (INCLUIDO AU Y PÓLIZAS) | L61: =+L59+L60 -> 2.1841412e+08

Sheet andamios
D1: ANALISIS DE PRECIOS UNITARIOS
A3: =+'AU Consul P2'!A3:I3 -> SECRETARÍA DE TALENTO HUMANO Y SERVICIOS ADMINISTRATIVOS- DIRECCIÓN DE SERVICIOS GENERALES
A4: =+'PRESUPUESTO OFICIAL 2026'!B4 -> Mantenimiento del sistema de climatización y equipos electro mecánicos del Centro Administrativo Departamental y sus Sedes Externas LOTE 1
A5: ITEM: | B5: Subanálisis | F5: UNIDAD:
A6: DESCRIPCIÓN: | B6: TORRE DE ANDAMIOS ALTURA 3 METROS CON CANES Y RUEDAS
A8: I. HERRAMIENTA
A9: Descripción | C9: Tipo | D9: Tarifa/Hora | E9: Rendimiento | F9: Valor Unitario
F10: =E10*D10 -> 0
F12: SUB-TOTAL | G12: =SUM(F10:F11) -> 0
A14: II. MAQUINARIA Y EQUIPO
A15: Descripción | C15: Unidad | D15: Precio Unitario | E15: Cantidad | F15: Valor Unitario
F16: =+D16*E16 -> 0
F17: =+D17*E17 -> 0
F18: =+D18*E18 -> 0
F19: =+D19*E19 -> 0
F20: =+D20*E20 -> 0
F21: =+D21*E21 -> 0
F22: SUB-TOTAL | G22: =SUM(F21,F20,F19,F18,F17,F16) -> 0
A23: III. MATERIALES EN OBRA
A24: Descripción | C24: Unidad | D24: Precio Unitario | E24: Cantidad | F24: Valor Unitario
A25: CUERPOS DE ANDAMIOS | C25: Unidad | D25: 6500 | E25: 1 | F25: =+D25*E25 -> 6500
A26: CANES | C26: Unidad | D26: 4500 | E26: 1 | F26: =+D26*E26 -> 4500
A27: RUEDAS | C27: Unidad | D27: 1000 | E27: 4 | F27: =+D27*E27 -> 4000
A28: OTROS | C28: GB | D28: 695 | E28: 1 | F28: =+D28*E28 -> 695
F29: =+D29*E29 -> 0
F30: =+D30*E30 -> 0
F31: =+D31*E31 -> 0
F32: SUB-TOTAL | G32: =SUM(F25:F31) -> 15695
A33: IV. TRANSPORTES
A34: Material | B34: Vol-Peso | C34: Distancia | D34: (M3 ó Ton)/km | E34: Tarifa | F34: Valor Unitario
F35: 0
A36: Trabajador | B36: Jornal | C36: Prestaciones | D36: Jornal Total | E36: Rendimiento | F36: Valor Unitario
F37: 0
F39: SUB-TOTAL | G39: =SUM(F35:F38) -> 0
A40: IV. MANO DE OBRA
A41: Trabajador | B41: Jornal | C41: Prestaciones | D41: Jornal Total | E41: Rendimiento | F41: Valor Unitario
F42: =D42*E42 -> 0
F43: SUB-TOTAL | G43: =SUM(F42:F42) -> 0
F45: TOTAL COSTO DIRECTO : | G45: =SUM(G43,G39,G32,G22,G12) -> 15695

Sheet APU 1,1
D1: ANALISIS DE PRECIOS UNITARIOS
J2: $ galon | K2: $ litro
A3: =+'AU Consul P2'!A3:I3 -> SECRETARÍA DE TALENTO HUMANO Y SERVICIOS ADMINISTRATIVOS- DIRECCIÓN DE SERVICIOS GENERALES | I3: Mercado libre | J3: 95033 | K3: =+J3/3.78 -> 25141.005
A4: =+'PRESUPUESTO OFICIAL 2026'!B4 -> Mantenimiento del sistema de climatización y equipos electro mecánicos del Centro Administrativo Departamental y sus Sedes Externas LOTE 1 | I4: Formex | K4: 24100
A5: ITEM: | B5: =+'PRESUPUESTO OFICIAL 2026'!B10 -> 1.1 | F5: UNIDAD: | G5: =+'PRESUPUESTO OFICIAL 2026'!H10 -> GLO | I5: Wellquem | K5: 35000
A6: DESCRIPCIÓN: | B6: ='PRESUPUESTO OFICIAL 2026'!$C$10 -> Mantenimiento Preventivo Integral de Unidades Manejadoras de Aire (4,000 a 21,696 CFM - 15 a 25 TR) Incluyendo: elementos de transmisión, componentes eléctricos y de control, elementos mecánicos y de soporte, componentes hidráulicos y de refrigeración, calidad de aire, conforme a actividades definidas en el anexo técnico. | I6: $ Prom. | K6: =AVERAGE(K3:K5) -> 28080.335
A8: I. HERRAMIENTA
A9: Descripción | C9: Tipo | D9: Tarifa/Hora | E9: Rendimiento | F9: Valor Unitario
A10: Herramienta menor | C10: Manual | D10: =G44 -> 161904.37 | E10: 0.05 | F10: =E10*D10 -> 8095.2187
F13: SUB-TOTAL | G13: =SUM(F10:F12) -> 8095.2187
K14: 10
A15: II. MAQUINARIA Y EQUIPO | K15: 9
A16: Descripción | C16: Unidad | D16: Precio Unitario | E16: Cantidad | F16: Valor Unitario | K16: 8
A17: Hidrolavadora portatil | C17: hr | D17: 7000 | E17: 0.67 | F17: =+D17*E17 -> 4690 | K17: 6
A18: Multimetro | C18: hr | D18: 3500 | E18: 0.17 | F18: =+D18*E18 -> 595 | K18: 3
A19: Termometro | C19: hr | D19: 3500 | E19: 0.17 | F19: =+D19*E19 -> 595
F20: =+D20*E20 -> 0
F21: =+D21*E21 -> 0
F22: =+D22*E22 -> 0
F23: SUB-TOTAL | G23: =SUM(F22,F21,F20,F19,F18,F17) -> 5880
A24: III. MATERIALES EN OBRA
A25: Descripción | C25: Unidad | D25: Precio Unitario | E25: Cantidad | F25: Valor Unitario | K25: Alquiler | L25: Dia | M25: Hora
A26: Limpiador quimico para serpentines | C26: L | D26: 28100 | E26: 0.5 | F26: =+D26*E26 -> 14050 | L26: 64000 | M26: =L26/8 -> 8000
A27: Jabón liquido | C27: L | D27: 10000 | E27: 0.25 | F27: =+D27*E27 -> 2500 | L27: Total | M27: =M26 -> 8000
A28: Trapos | C28: und | D28: 3400 | E28: 1 | F28: =+D28*E28 -> 3400
A29: Cinta foil | C29: und | D29: =+K47 -> 58303.407 | E29: 0.15 | F29: =+D29*E29 -> 8745.511
A30: Cinta aislante | C30: und | D30: 5553.3333 | E30: 0.25 | F30: =+D30*E30 -> 1388.3333 | J30: 270000
A31: Limpiador de contactos | C31: und | D31: 42100 | E31: 0.1 | F31: =+D31*E31 -> 4210
F32: =+D32*E32 -> 0
F33: SUB-TOTAL | G33: =SUM(F26:F32) -> 34293.844
A34: IV. TRANSPORTES
A35: Material | B35: Vol-Peso | C35: Distancia | D35: (M3 ó Ton)/km | E35: Tarifa | F35: Valor Unitario
A37: Trabajador | B37: Jornal | C37: Prestaciones | D37: Jornal Total | E37: Rendimiento | F37: Valor Unitario
F40: SUB-TOTAL | G40: =SUM(F36:F39) -> 0
A41: IV. MANO DE OBRA
A42: Trabajador | B42: Jornal (H) | C42: Prestaciones (H) | D42: Jornal Total (H) | E42: Rendimiento (HH) | F42: Valor Unitario
A43: =+Insumos!B39 -> Oficial HVAC+Ayudante | B43: =+Insumos!C40 -> 26152.365 | C43: =+Insumos!D40 -> 14323.729 | D43: =SUM(B43:C43) -> 40476.093 | E43: 4 | F43: =D43*E43 -> 161904.37 | J43: Cinta foil | K43: Valor total
F44: SUB-TOTAL | G44: =SUM(F43:F43) -> 161904.37 | J44: 48000 | K44: =J44*1.19 -> 57120
J45: 75500 | K45: =+J45 -> 75500
F46: TOTAL COSTO DIRECTO : | G46: =SUM(G44,G40,G33,G23,G13) -> 210173.44 | J46: 35538 | K46: =J46*1.19 -> 42290.22
K47: =AVERAGE(K44:K46) -> 58303.407
J54: Trapos
J55: 11900 | K55: =J55/5 -> 2380
J56: 12990 | K56: =J56/6 -> 2165
J57: 16850 | K57: =J57/3 -> 5616.6667
K58: =AVERAGE(K55:K57) -> 3387.2222
J68: Cinta aislante
J69: 5900
J70: 6900
J71: 3860
J72: =AVERAGE(J69:J71) -> 5553.3333
J87: Limpiador de contactos
J88: 46900
J89: =30469*1.19 -> 36258.11
J90: 43067
J91: =AVERAGE(J88:J90) -> 42075.037
I107: 49900 | J107: =I107/3.75 -> 13306.667
I108: 36900 | J108: =I108/3.75 -> 9840
I109: 26900 | J109: =I109/4 -> 6725
J111: =AVERAGE(J107:J109) -> 9957.2222

Sheet APU 1,2
D1: ANALISIS DE PRECIOS UNITARIOS
A3: =+'AU Consul P2'!A3:I3 -> SECRETARÍA DE TALENTO HUMANO Y SERVICIOS ADMINISTRATIVOS- DIRECCIÓN DE SERVICIOS GENERALES
A4: =+'PRESUPUESTO OFICIAL 2026'!B4 -> Mantenimiento del sistema de climatización y equipos electro mecánicos del Centro Administrativo Departamental y sus Sedes Externas LOTE 1
A5: ITEM: | B5: =+'PRESUPUESTO OFICIAL 2026'!B12 -> 1.2 | F5: UNIDAD: | G5: =+'PRESUPUESTO OFICIAL 2026'!H10 -> GLO
A6: DESCRIPCIÓN: | B6: Mantenimiento Preventivo Integral de Fancoils incluyendo: inspección, ajuste, limpieza, lubricación, diagnóstico y pruebas funcionales en elementos de transmisión, componentes eléctricos y de control, elementos mecánicos y de soporte, componentes hidráulicos y de refrigeración, y sistemas de calidad de aire, conforme a actividades definidas en el anexo técnico
A8: I. HERRAMIENTA
A9: Descripción | C9: Tipo | D9: Tarifa/Hora | E9: Rendimiento | F9: Valor Unitario
A10: Herramienta menor | C10: Manual | D10: =G44 -> 141666.33 | E10: 0.05 | F10: =E10*D10 -> 7083.3163
F13: SUB-TOTAL | G13: =SUM(F10:F12) -> 7083.3163
A15: II. MAQUINARIA Y EQUIPO
A16: Descripción | C16: Unidad | D16: Precio Unitario | E16: Cantidad | F16: Valor Unitario
A17: Hidrolavadora portatil | C17: hr | D17: 7000 | E17: =20/60 -> 0.33333333 | F17: =+D17*E17 -> 2333.3333
A18: Multimetro | C18: hr | D18: 3500 | E18: 0.17 | F18: =+D18*E18 -> 595
A19: Termometro | C19: hr | D19: 3500 | E19: 0.17 | F19: =+D19*E19 -> 595
F20: =+D20*E20 -> 0
F21: =+D21*E21 -> 0
F22: =+D22*E22 -> 0
F23: SUB-TOTAL | G23: =SUM(F22,F21,F20,F19,F18,F17) -> 3523.3333
A24: III. MATERIALES EN OBRA
A25: Descripción | C25: Unidad | D25: Precio Unitario | E25: Cantidad | F25: Valor Unitario
A26: Limpiador quimico para serpentines | C26: L | D26: 28100 | E26: 0.2 | F26: =+D26*E26 -> 5620
A27: Jabón liquido | C27: L | D27: 10000 | E27: 0.15 | F27: =+D27*E27 -> 1500
A28: Trapos | C28: und | D28: 3400 | E28: 1 | F28: =+D28*E28 -> 3400
A29: Cinta foil | C29: und | D29: =+'APU 1,1'!D29 -> 58303.407 | E29: 0.1 | F29: =+D29*E29 -> 5830.3407
A30: Cinta aislante | C30: und | D30: =+'APU 1,1'!D30 -> 5553.3333 | E30: 0.25 | F30: =+D30*E30 -> 1388.3333
A31: Limpiador de contactos | C31: und | D31: 42100 | E31: 0.1 | F31: =+D31*E31 -> 4210
F32: =+D32*E32 -> 0
F33: SUB-TOTAL | G33: =SUM(F26:F32) -> 21948.674
A34: IV. TRANSPORTES
A35: Material | B35: Vol-Peso | C35: Distancia | D35: (M3 ó Ton)/km | E35: Tarifa | F35: Valor Unitario
A37: Trabajador | B37: Jornal | C37: Prestaciones | D37: Jornal Total | E37: Rendimiento | F37: Valor Unitario
F40: SUB-TOTAL | G40: =SUM(F36:F39) -> 0
A41: IV. MANO DE OBRA
A42: Trabajador | B42: Jornal (H) | C42: Prestaciones (H) | D42: Jornal Total (H) | E42: Rendimiento (HH) | F42: Valor Unitario
A43: =Insumos!B39 -> Oficial HVAC+Ayudante | B43: =+Insumos!C40 -> 26152.365 | C43: =+Insumos!D40 -> 14323.729 | D43: =SUM(B43:C43) -> 40476.093 | E43: 3.5 | F43: =D43*E43 -> 141666.33
F44: SUB-TOTAL | G44: =SUM(F43:F43) -> 141666.33
F46: TOTAL COSTO DIRECTO : | G46: =SUM(G44,G40,G33,G23,G13) -> 174221.65

Sheet APU 1,3
D1: ANALISIS DE PRECIOS UNITARIOS
A3: =+'AU Consul P2'!A3:I3 -> SECRETARÍA DE TALENTO HUMANO Y SERVICIOS ADMINISTRATIVOS- DIRECCIÓN DE SERVICIOS GENERALES
A4: =+'PRESUPUESTO OFICIAL 2026'!B4 -> Mantenimiento del sistema de climatización y equipos electro mecánicos del Centro Administrativo Departamental y sus Sedes Externas LOTE 1
A5: ITEM: | B5: =+'PRESUPUESTO OFICIAL 2026'!B13 -> 1.3 | F5: UNIDAD: | G5: =+'PRESUPUESTO OFICIAL 2026'!H13 -> GLO
A6: DESCRIPCIÓN: | B6: Mantenimiento Preventivo Integral de Equipos Tipo Paquete de Agua Helada - Incluye: inspección, ajuste, limpieza, lubricación, diagnóstico y pruebas funcionales en elementos de transmisión, componentes eléctricos y de control, elementos mecánicos y de soporte, componentes hidráulicos y de refrigeración, y sistemas de calidad de aire, conforme a actividades definidas en el anexo técnico
A8: I. HERRAMIENTA
A9: Descripción | C9: Tipo | D9: Tarifa/Hora | E9: Rendimiento | F9: Valor Unitario
A10: Herramienta menor | C10: Manual | D10: =G43 -> 141666.33 | E10: 0.05 | F10: =E10*D10 -> 7083.3163
F12: SUB-TOTAL | G12: =SUM(F10:F11) -> 7083.3163
A14: II. MAQUINARIA Y EQUIPO
A15: Descripción | C15: Unidad | D15: Precio Unitario | E15: Cantidad | F15: Valor Unitario
A16: Hidrolavadora portatil | C16: hr | D16: 7000 | E16: 0.5 | F16: =+D16*E16 -> 3500
A17: Multimetro | C17: hr | D17: 3500 | E17: 0.17 | F17: =+D17*E17 -> 595
A18: Termometro | C18: hr | D18: 3500 | E18: 0.17 | F18: =+D18*E18 -> 595
F19: =+D19*E19 -> 0
F20: =+D20*E20 -> 0
F21: =+D21*E21 -> 0
F22: SUB-TOTAL | G22: =SUM(F21,F20,F19,F18,F17,F16) -> 4690
A23: III. MATERIALES EN OBRA
A24: Descripción | C24: Unidad | D24: Precio Unitario | E24: Cantidad | F24: Valor Unitario
A25: Limpiador quimico para serpentines | C25: L | D25: 28100 | E25: 0.35 | F25: =D25*E25 -> 9835
A26: Jabón liquido | C26: L | D26: 10000 | E26: 0.2 | F26: =+D26*E26 -> 2000
A27: Trapos | C27: und | D27: 3400 | E27: 1 | F27: =+D27*E27 -> 3400
A28: Cinta foil | C28: und | D28: =+'APU 1,2'!D29 -> 58303.407 | E28: 0.12 | F28: =+D28*E28 -> 6996.4088
A29: Cinta aislante | C29: und | D29: =+'APU 1,1'!D30 -> 5553.3333 | E29: 0.25 | F29: =+D29*E29 -> 1388.3333
A30: Limpiador de contactos | C30: und | D30: 42100 | E30: 0.1 | F30: =+D30*E30 -> 4210
F31: =+D31*E31 -> 0
F32: SUB-TOTAL | G32: =SUM(F25:F31) -> 27829.742
A33: IV. TRANSPORTES
A34: Material | B34: Vol-Peso | C34: Distancia | D34: (M3 ó Ton)/km | E34: Tarifa | F34: Valor Unitario
A36: Trabajador | B36: Jornal | C36: Prestaciones | D36: Jornal Total | E36: Rendimiento | F36: Valor Unitario
F39: SUB-TOTAL | G39: =SUM(F35:F38) -> 0
A40: IV. MANO DE OBRA
A41: Trabajador | B41: Jornal | C41: Prestaciones | D41: Jornal Total | E41: Rendimiento | F41: Valor Unitario
A42: =Insumos!B39 -> Oficial HVAC+Ayudante | B42: =+Insumos!C40 -> 26152.365 | C42: =+Insumos!D40 -> 14323.729 | D42: =SUM(B42:C42) -> 40476.093 | E42: 3.5 | F42: =D42*E42 -> 141666.33
F43: SUB-TOTAL | G43: =SUM(F42:F42) -> 141666.33
F45: TOTAL COSTO DIRECTO : | G45: =SUM(G43,G39,G32,G22,G12) -> 181269.39

Sheet APU 1,4
D1: ANALISIS DE PRECIOS UNITARIOS
A3: =+'AU Consul P2'!A3:I3 -> SECRETARÍA DE TALENTO HUMANO Y SERVICIOS ADMINISTRATIVOS- DIRECCIÓN DE SERVICIOS GENERALES
A4: =+'PRESUPUESTO OFICIAL 2026'!B4 -> Mantenimiento del sistema de climatización y equipos electro mecánicos del Centro Administrativo Departamental y sus Sedes Externas LOTE 1
A5: ITEM: | B5: =+'PRESUPUESTO OFICIAL 2026'!B14 -> 1.4 | F5: UNIDAD: | G5: =+'PRESUPUESTO OFICIAL 2026'!H14 -> GLO
A6: DESCRIPCIÓN: | B6: Mantenimiento Preventivo Integral de Equipos Tipo Paquete de Expansión Directa - Incluye: inspección, ajuste, limpieza, lubricación, diagnóstico y pruebas funcionales en elementos de transmisión, componentes eléctricos y de control, elementos mecánicos y de soporte, componentes hidráulicos y de refrigeración, y sistemas de calidad de aire, conforme a actividades definidas en el anexo técnico
A8: I. HERRAMIENTA
A9: Descripción | C9: Tipo | D9: Tarifa/Hora | E9: Rendimiento | F9: Valor Unitario
A10: Herramienta menor | C10: Manual | D10: =G43 -> 161904.37 | E10: 0.05 | F10: =E10*D10 -> 8095.2187
F11: =E11*D11 -> 0
F12: SUB-TOTAL | G12: =SUM(F10:F11) -> 8095.2187
A14: II. MAQUINARIA Y EQUIPO
A15: Descripción | C15: Unidad | D15: Precio Unitario | E15: Cantidad | F15: Valor Unitario
A16: Hidrolavadora portatil | C16: hr | D16: 7000 | E16: =20/60 -> 0.33333333 | F16: =+D16*E16 -> 2333.3333
A17: Multimetro | C17: hr | D17: 3500 | E17: 0.17 | F17: =+D17*E17 -> 595
A18: Termometro | C18: hr | D18: 3500 | E18: 0.17 | F18: =+D18*E18 -> 595
F19: =+D19*E19 -> 0
F20: =+D20*E20 -> 0
F21: =+D21*E21 -> 0
F22: SUB-TOTAL | G22: =SUM(F21,F20,F19,F18,F17,F16) -> 3523.3333
A23: III. MATERIALES EN OBRA
A24: Descripción | C24: Unidad | D24: Precio Unitario | E24: Cantidad | F24: Valor Unitario
A25: Limpiador quimico para serpentines | C25: L | D25: 28100 | E25: 0.2 | F25: =+D25*E25 -> 5620
A26: Jabón liquido | C26: L | D26: 10000 | E26: 0.2 | F26: =+D26*E26 -> 2000
A27: Trapos | C27: und | D27: 3400 | E27: 1 | F27: =+D27*E27 -> 3400
A28: Cinta foil | C28: und | D28: =+'APU 1,3'!D28 -> 58303.407 | E28: 0.12 | F28: =+D28*E28 -> 6996.4088
A29: Cinta aislante | C29: und | D29: =+'APU 1,1'!D30 -> 5553.3333 | E29: 0.2 | F29: =+D29*E29 -> 1110.6667
A30: Limpiador de contactos | C30: und | D30: 42100 | E30: 0.1 | F30: =+D30*E30 -> 4210
F31: =+D31*E31 -> 0
F32: SUB-TOTAL | G32: =SUM(F25:F31) -> 23337.075
A33: IV. TRANSPORTES
A34: Material | B34: Vol-Peso | C34: Distancia | D34: (M3 ó Ton)/km | E34: Tarifa | F34: Valor Unitario
A36: Trabajador | B36: Jornal | C36: Prestaciones | D36: Jornal Total | E36: Rendimiento | F36: Valor Unitario
F39: SUB-TOTAL | G39: =SUM(F35:F38) -> 0
A40: IV. MANO DE OBRA
A41: Trabajador | B41: Jornal | C41: Prestaciones | D41: Jornal Total | E41: Rendimiento | F41: Valor Unitario
A42: =Insumos!B39 -> Oficial HVAC+Ayudante | B42: =+Insumos!C40 -> 26152.365 | C42: =+Insumos!D40 -> 14323.729 | D42: =SUM(B42:C42) -> 40476.093 | E42: 4 | F42: =D42*E42 -> 161904.37
F43: SUB-TOTAL | G43: =SUM(F42:F42) -> 161904.37
F45: TOTAL COSTO DIRECTO : | G45: =SUM(G43,G39,G32,G22,G12) -> 196860

Sheet APU 1,5
D1: ANALISIS DE PRECIOS UNITARIOS
A3: =+'AU Consul P2'!A3:I3 -> SECRETARÍA DE TALENTO HUMANO Y SERVICIOS ADMINISTRATIVOS- DIRECCIÓN DE SERVICIOS GENERALES
A4: =+'PRESUPUESTO OFICIAL 2026'!B4 -> Mantenimiento del sistema de climatización y equipos electro mecánicos del Centro Administrativo Departamental y sus Sedes Externas LOTE 1
A5: ITEM: | B5: =+'PRESUPUESTO OFICIAL 2026'!B15 -> 1.5 | F5: UNIDAD: | G5: =+'PRESUPUESTO OFICIAL 2026'!H15 -> GLO
A6: DESCRIPCIÓN: | B6: Mantenimiento Preventivo Integral de Equipos Tipo Ventana y Portátiles - Incluye: inspección, ajuste, limpieza, lubricación, diagnóstico y pruebas funcionales en elementos de transmisión, componentes eléctricos y de control, elementos mecánicos y de soporte, componentes hidráulicos y de refrigeración, y sistemas de calidad de aire, conforme a actividades definidas en el anexo técnico
A8: I. HERRAMIENTA
A9: Descripción | C9: Tipo | D9: Tarifa/Hora | E9: Rendimiento | F9: Valor Unitario
A10: Herramienta menor | C10: Manual | D10: =G42 -> 141666.33 | E10: 0.05 | F10: =E10*D10 -> 7083.3163
F11: =E11*D11 -> 0
F12: SUB-TOTAL | G12: =SUM(F10:F11) -> 7083.3163
A14: II. MAQUINARIA Y EQUIPO
A15: Descripción | C15: Unidad | D15: Precio Unitario | E15: Cantidad | F15: Valor Unitario
A16: Hidrolavadora portatil | C16: hr | D16: 7000 | E16: =15/60 -> 0.25 | F16: =+D16*E16 -> 1750
A17: Multimetro | C17: hr | D17: 3500 | E17: 0.17 | F17: =+D17*E17 -> 595
A18: Termometro | C18: hr | D18: 3500 | E18: 0.17 | F18: =+D18*E18 -> 595
F19: =+D19*E19 -> 0
F20: =+D20*E20 -> 0
F21: =+D21*E21 -> 0
F22: SUB-TOTAL | G22: =SUM(F21,F20,F19,F18,F17,F16) -> 2940
A23: III. MATERIALES EN OBRA
A24: Descripción | C24: Unidad | D24: Precio Unitario | E24: Cantidad | F24: Valor Unitario
A25: Limpiador quimico para serpentines | C25: L | D25: 28100 | E25: 0.1 | F25: =+D25*E25 -> 2810
A26: Jabón liquido | C26: L | D26: 10000 | E26: 0.1 | F26: =+D26*E26 -> 1000
A27: Trapos | C27: und | D27: 3400 | E27: 0.8 | F27: =+D27*E27 -> 2720
A28: Cinta aislante | C28: und | D28: =+'APU 1,1'!D30 -> 5553.3333 | E28: 0.1 | F28: =+D28*E28 -> 555.33333
A29: Limpiador de contactos | C29: und | D29: 42100 | E29: 0.1 | F29: =+D29*E29 -> 4210
F30: =+D30*E30 -> 0
F31: SUB-TOTAL | G31: =SUM(F25:F30) -> 11295.333
A32: IV. TRANSPORTES
A33: Material | B33: Vol-Peso | C33: Distancia | D33: (M3 ó Ton)/km | E33: Tarifa | F33: Valor Unitario
A35: Trabajador | B35: Jornal | C35: Prestaciones | D35: Jornal Total | E35: Rendimiento | F35: Valor Unitario
F38: SUB-TOTAL | G38: =SUM(F34:F37) -> 0
A39: IV. MANO DE OBRA
A40: Trabajador | B40: Jornal | C40: Prestaciones | D40: Jornal Total | E40: Rendimiento | F40: Valor Unitario
A41: =Insumos!B39 -> Oficial HVAC+Ayudante | B41: =+Insumos!C40 -> 26152.365 | C41: =+Insumos!D40 -> 14323.729 | D41: =SUM(B41:C41) -> 40476.093 | E41: 3.5 | F41: =D41*E41 -> 141666.33
F42: SUB-TOTAL | G42: =SUM(F41:F41) -> 141666.33
F44: TOTAL COSTO DIRECTO : | G44: =SUM(G42,G38,G31,G21,G11) -> 152961.66

Sheet APU 1,6
D1: ANALISIS DE PRECIOS UNITARIOS
A3: =+'AU Consul P2'!A3:I3 -> SECRETARÍA DE TALENTO HUMANO Y SERVICIOS ADMINISTRATIVOS- DIRECCIÓN DE SERVICIOS GENERALES
A4: =+'PRESUPUESTO OFICIAL 2026'!B4 -> Mantenimiento del sistema de climatización y equipos electro mecánicos del Centro Administrativo Departamental y sus Sedes Externas LOTE 1
A5: ITEM: | B5: =+'PRESUPUESTO OFICIAL 2026'!B16 -> 1.6 | F5: UNIDAD: | G5: =+'PRESUPUESTO OFICIAL 2026'!H16 -> GLO
A6: DESCRIPCIÓN: | B6: Mantenimiento Preventivo Integral de Unidad Interna (Evaporadora) de Aire Acondicionado de Expansión Directa (desde 9,000 BTU en adelante) - Incluye: inspección, limpieza, lubricación, ajuste, diagnóstico y pruebas funcionales en elementos mecánicos, eléctricos y de control, componentes de soporte, sistemas hidráulicos y de refrigeración, y calidad de aire, conforme a actividades definidas en el anexo técnico.
A8: I. HERRAMIENTA
A9: Descripción | C9: Tipo | D9: Tarifa/Hora | E9: Rendimiento | F9: Valor Unitario
A10: Herramienta menor | C10: Manual | D10: =G44 -> 80952.187 | E10: 0.05 | F10: =E10*D10 -> 4047.6093
F13: SUB-TOTAL | G13: =SUM(F10:F12) -> 4047.6093
A15: II. MAQUINARIA Y EQUIPO
A16: Descripción | C16: Unidad | D16: Precio Unitario | E16: Cantidad | F16: Valor Unitario
A17: Hidrolavadora portatil | C17: hr | D17: 7000 | E17: =20/60 -> 0.33333333 | F17: =+D17*E17 -> 2333.3333
A18: Multimetro | C18: hr | D18: 3500 | E18: 0.17 | F18: =+D18*E18 -> 595
A19: Termometro | C19: hr | D19: 3500 | E19: 0.17 | F19: =+D19*E19 -> 595
F20: =+D20*E20 -> 0
F21: =+D21*E21 -> 0
F22: =+D22*E22 -> 0
F23: SUB-TOTAL | G23: =SUM(F22,F21,F20,F19,F18,F17) -> 3523.3333
A24: III. MATERIALES EN OBRA
A25: Descripción | C25: Unidad | D25: Precio Unitario | E25: Cantidad | F25: Valor Unitario
A26: Limpiador quimico para serpentines | C26: L | D26: 28100 | E26: 0.1 | F26: =+D26*E26 -> 2810
A27: Jabón liquido | C27: L | D27: 10000 | E27: 0.15 | F27: =+D27*E27 -> 1500
A28: Trapos | C28: und | D28: 3400 | E28: 1 | F28: =+D28*E28 -> 3400
A29: Cinta foil | C29: und | D29: =+'APU 1,1'!D29 -> 58303.407 | E29: 0.05 | F29: =+D29*E29 -> 2915.1703
A30: Cinta aislante | C30: und | D30: =+'APU 1,1'!D30 -> 5553.3333 | E30: 0.15 | F30: =+D30*E30 -> 833
A31: Limpiador de contactos | C31: und | D31: 42100 | E31: 0.1 | F31: =+D31*E31 -> 4210
F32: =+D32*E32 -> 0
F33: SUB-TOTAL | G33: =SUM(F26:F32) -> 15668.17
A34: IV. TRANSPORTES
A35: Material | B35: Vol-Peso | C35: Distancia | D35: (M3 ó Ton)/km | E35: Tarifa | F35: Valor Unitario
A37: Trabajador | B37: Jornal | C37: Prestaciones | D37: Jornal Total | E37: Rendimiento | F37: Valor Unitario
F40: SUB-TOTAL | G40: =SUM(F36:F39) -> 0
A41: IV. MANO DE OBRA
A42: Trabajador | B42: Jornal | C42: Prestaciones | D42: Jornal Total | E42: Rendimiento | F42: Valor Unitario
A43: =Insumos!B39 -> Oficial HVAC+Ayudante | B43: =+Insumos!C40 -> 26152.365 | C43: =+Insumos!D40 -> 14323.729 | D43: =SUM(B43:C43) -> 40476.093 | E43: 2 | F43: =D43*E43 -> 80952.187
F44: SUB-TOTAL | G44: =SUM(F43:F43) -> 80952.187
F46: TOTAL COSTO DIRECTO : | G46: =SUM(G44,G40,G33,G23,G13) -> 104191.3

Sheet APU 1,7
D1: ANALISIS DE PRECIOS UNITARIOS
A3: =+'AU Consul P2'!A3:I3 -> SECRETARÍA DE TALENTO HUMANO Y SERVICIOS ADMINISTRATIVOS- DIRECCIÓN DE SERVICIOS GENERALES
A4: =+'PRESUPUESTO OFICIAL 2026'!B4 -> Mantenimiento del sistema de climatización y equipos electro mecánicos del Centro Administrativo Departamental y sus Sedes Externas LOTE 1
A5: ITEM: | B5: =+'PRESUPUESTO OFICIAL 2026'!B17 -> 1.7 | F5: UNIDAD: | G5: =+'PRESUPUESTO OFICIAL 2026'!H17 -> GLO
A6: DESCRIPCIÓN: | B6: Mantenimiento Preventivo Integral de Condensadoras de Aire Acondicionado de Expansión Directa (Desde 9,000 BTU en adelante): Incluye Limpieza Interior y Exterior, Revisión y Mantenimiento de Componentes Eléctricos, Mecánicos y de Refrigeración, Verificación de la Operación de Válvulas, Medición de Presión de Refrigerante y Control de Bandas, Poleas y Motores Eléctricos
A8: I. HERRAMIENTA
A9: Descripción | C9: Tipo | D9: Tarifa/Hora | E9: Rendimiento | F9: Valor Unitario
A10: Herramienta menor | C10: Manual | D10: =G44 -> 101190.23 | E10: 0.05 | F10: =E10*D10 -> 5059.5117
F13: SUB-TOTAL | G13: =SUM(F10:F12) -> 5059.5117
A15: II. MAQUINARIA Y EQUIPO
A16: Descripción | C16: Unidad | D16: Precio Unitario | E16: Cantidad | F16: Valor Unitario
A17: Hidrolavadora portatil | C17: hr | D17: 7000 | E17: =20/60 -> 0.33333333 | F17: =+D17*E17 -> 2333.3333
A18: Multimetro | C18: hr | D18: 3500 | E18: 0.17 | F18: =+D18*E18 -> 595
A19: Termometro | C19: hr | D19: 3500 | E19: 0.17 | F19: =+D19*E19 -> 595
F20: =+D20*E20 -> 0
F21: =+D21*E21 -> 0
F22: =+D22*E22 -> 0
F23: SUB-TOTAL | G23: =SUM(F22,F21,F20,F19,F18,F17) -> 3523.3333
A24: III. MATERIALES EN OBRA
A25: Descripción | C25: Unidad | D25: Precio Unitario | E25: Cantidad | F25: Valor Unitario
A26: Limpiador quimico para serpentines | C26: L | D26: 28100 | E26: 0.1 | F26: =+D26*E26 -> 2810
A27: Jabón liquido | C27: L | D27: 10000 | E27: 0.18 | F27: =+D27*E27 -> 1800
A28: Trapos | C28: und | D28: 3400 | E28: 1 | F28: =+D28*E28 -> 3400
A29: Cinta foil | C29: und | D29: =+'APU 1,1'!D29 -> 58303.407 | E29: 0.1 | F29: =+D29*E29 -> 5830.3407
A30: Cinta aislante | C30: und | D30: =+'APU 1,1'!D30 -> 5553.3333 | E30: 0.12 | F30: =+D30*E30 -> 666.4
A31: Limpiador de contactos | C31: und | D31: 42100 | E31: 0.1 | F31: =+D31*E31 -> 4210
F32: =+D32*E32 -> 0
F33: SUB-TOTAL | G33: =SUM(F26:F32) -> 18716.741
A34: IV. TRANSPORTES
A35: Material | B35: Vol-Peso | C35: Distancia | D35: (M3 ó Ton)/km | E35: Tarifa | F35: Valor Unitario
A37: Trabajador | B37: Jornal | C37: Prestaciones | D37: Jornal Total | E37: Rendimiento | F37: Valor Unitario
F40: SUB-TOTAL | G40: =SUM(F36:F39) -> 0
A41: IV. MANO DE OBRA
A42: Trabajador | B42: Jornal | C42: Prestaciones | D42: Jornal Total | E42: Rendimiento | F42: Valor Unitario
A43: =Insumos!B39 -> Oficial HVAC+Ayudante | B43: =+Insumos!C40 -> 26152.365 | C43: =+Insumos!D40 -> 14323.729 | D43: =SUM(B43:C43) -> 40476.093 | E43: 2.5 | F43: =D43*E43 -> 101190.23
F44: SUB-TOTAL | G44: =SUM(F43:F43) -> 101190.23
F46: TOTAL COSTO DIRECTO : | G46: =SUM(G44,G40,G33,G23,G13) -> 128489.82

Sheet APU 1,8
D1: ANALISIS DE PRECIOS UNITARIOS
A3: =+'AU Consul P2'!A3:I3 -> SECRETARÍA DE TALENTO HUMANO Y SERVICIOS ADMINISTRATIVOS- DIRECCIÓN DE SERVICIOS GENERALES
A4: =+'PRESUPUESTO OFICIAL 2026'!B4 -> Mantenimiento del sistema de climatización y equipos electro mecánicos del Centro Administrativo Departamental y sus Sedes Externas LOTE 1
A5: ITEM: | B5: =+'PRESUPUESTO OFICIAL 2026'!B18 -> 1.8 | F5: UNIDAD: | G5: =+'PRESUPUESTO OFICIAL 2026'!H18 -> GLO
A6: DESCRIPCIÓN: | B6: Mantenimiento Preventivo para electrobombas con potencia hasta 15 HP, según actividades establecidas en el anexo técnico. Incluye kit completo de rodamientos, empaque, tornilleria, sello mecánico y pintura.
A8: I. HERRAMIENTA
A9: Descripción | C9: Tipo | D9: Tarifa/Hora | E9: Rendimiento | F9: Valor Unitario
A10: Herramienta menor | C10: Manual | D10: =G43 -> 80952.187 | E10: 0.1 | F10: =E10*D10 -> 8095.2187
F11: =E11*D11 -> 0
F12: SUB-TOTAL | G12: =SUM(F10:F11) -> 8095.2187
A14: II. MAQUINARIA Y EQUIPO
A15: Descripción | C15: Unidad | D15: Precio Unitario | E15: Rendimiento | F15: Valor Unitario
F22: SUB-TOTAL | G22: =SUM(F21,F20,F19,F18,F17,F16) -> 0 | K22: 3358
A23: III. MATERIALES EN OBRA | K23: 5300
A24: Descripción | C24: Unidad | D24: Precio Unitario | E24: Cantidad | F24: Valor Unitario | K24: 7505
A25: Rep.kit mtto Bomba de impulsión HP (sello, empaque | C25: und | D25: 500000 | E25: 1 | F25: =+D25*E25 -> 500000 | K25: =AVERAGE(K22:K24) -> 5387.6667
A26: Pintura | C26: gl | D26: 45000 | E26: 1 | F26: =+D26*E26 -> 45000
F27: =+D27*E27 -> 0
F28: =+D28*E28 -> 0
F29: =+D29*E29 -> 0
F30: =+D30*E30 -> 0
F31: =+D31*E31 -> 0
F32: SUB-TOTAL | G32: =SUM(F25:F31) -> 545000
A33: IV. TRANSPORTES
A34: Material | B34: Vol-Peso | C34: Distancia | D34: (M3 ó Ton)/km | E34: Tarifa | F34: Valor Unitario
A36: Trabajador | B36: Jornal | C36: Prestaciones | D36: Jornal Total | E36: Rendimiento | F36: Valor Unitario
F39: SUB-TOTAL | G39: =SUM(F35:F38) -> 0
A40: IV. MANO DE OBRA
A41: Trabajador | B41: Jornal | C41: Prestaciones | D41: Jornal Total | E41: Rendimiento | F41: Valor Unitario
A42: =Insumos!B39 -> Oficial HVAC+Ayudante | B42: =+Insumos!C40 -> 26152.365 | C42: =+Insumos!D40 -> 14323.729 | D42: =SUM(B42:C42) -> 40476.093 | E42: 2 | F42: =D42*E42 -> 80952.187
F43: SUB-TOTAL | G43: =SUM(F42:F42) -> 80952.187
F45: TOTAL COSTO DIRECTO : | G45: =SUM(G12,G22,G32,G39,G43) -> 634047.41

Sheet APU 1,9
D1: ANALISIS DE PRECIOS UNITARIOS
A3: =+'AU Consul P2'!A3:I3 -> SECRETARÍA DE TALENTO HUMANO Y SERVICIOS ADMINISTRATIVOS- DIRECCIÓN DE SERVICIOS GENERALES
A4: =+'PRESUPUESTO OFICIAL 2026'!B4 -> Mantenimiento del sistema de climatización y equipos electro mecánicos del Centro Administrativo Departamental y sus Sedes Externas LOTE 1
A5: ITEM: | B5: =+'PRESUPUESTO OFICIAL 2026'!B19 -> 1.9 | F5: UNIDAD: | G5: =+'PRESUPUESTO OFICIAL 2026'!H19 -> GLO
A6: DESCRIPCIÓN: | B6: Mantenimiento puerta electrica , incluye mantenimiento y lubricación de partes móviles, cambio de partes móviles dañadas y mantenimiento de motor 220V de 3HP
A8: I. HERRAMIENTA
A9: Descripción | C9: Tipo | D9: Tarifa/Hora | E9: Rendimiento | F9: Valor Unitario
A10: Herramienta menor | C10: Manual | D10: =G42 -> 121428.28 | E10: 0.05 | F10: =E10*D10 -> 6071.414
F11: =E11*D11 -> 0
F12: SUB-TOTAL | G12: =SUM(F10:F11) -> 6071.414
A14: II. MAQUINARIA Y EQUIPO
A15: Descripción | C15: Unidad | D15: Precio Unitario | E15: Cantidad | F15: Valor Unitario
F16: =+D16*E16 -> 0
F17: =+D17*E17 -> 0
F18: =+D18*E18 -> 0
F19: =+D19*E19 -> 0
F20: =+D20*E20 -> 0
F21: SUB-TOTAL | G21: =SUM(F20,F19,F18,F17,F16) -> 0
A22: III. MATERIALES EN OBRA
A23: Descripción | C23: Unidad | D23: Precio Unitario | E23: Cantidad | F23: Valor Unitario
A24: Lubricante multipropósito | C24: L | D24: 44600 | E24: 1 | F24: =+D24*E24 -> 44600
A25: Trapos | C25: und | D25: 3400 | E25: 1 | F25: =+D25*E25 -> 3400
F26: =+D26*E26 -> 0
F27: =+D27*E27 -> 0
F28: =+D28*E28 -> 0
F29: =+D29*E29 -> 0
F30: =+D30*E30 -> 0
F31: SUB-TOTAL | G31: =SUM(F24:F30) -> 48000
A32: IV. TRANSPORTES
A33: Material | B33: Vol-Peso | C33: Distancia | D33: (M3 ó Ton)/km | E33: Tarifa | F33: Valor Unitario
A35: Trabajador | B35: Jornal | C35: Prestaciones | D35: Jornal Total | E35: Rendimiento | F35: Valor Unitario
F38: SUB-TOTAL | G38: =SUM(F34:F37) -> 0
A39: IV. MANO DE OBRA
A40: Trabajador | B40: Jornal | C40: Prestaciones | D40: Jornal Total | E40: Rendimiento | F40: Valor Unitario
A41: =Insumos!B39 -> Oficial HVAC+Ayudante | B41: =+Insumos!C40 -> 26152.365 | C41: =+Insumos!D40 -> 14323.729 | D41: =SUM(B41:C41) -> 40476.093 | E41: 3 | F41: =D41*E41 -> 121428.28
F42: SUB-TOTAL | G42: =SUM(F41:F41) -> 121428.28
F44: TOTAL COSTO DIRECTO : | G44: =SUM(G42,G38,G31,G21,G12) -> 175499.69

Sheet APU 1.10
D1: ANALISIS DE PRECIOS UNITARIOS
A3: =+'AU Consul P2'!A3:I3 -> SECRETARÍA DE TALENTO HUMANO Y SERVICIOS ADMINISTRATIVOS- DIRECCIÓN DE SERVICIOS GENERALES
A4: =+'PRESUPUESTO OFICIAL 2026'!B4 -> Mantenimiento del sistema de climatización y equipos electro mecánicos del Centro Administrativo Departamental y sus Sedes Externas LOTE 1
A5: ITEM: | B5: =+'PRESUPUESTO OFICIAL 2026'!B20 -> 1.1 | F5: UNIDAD: | G5: =+'PRESUPUESTO OFICIAL 2026'!H20 -> GLO
A6: DESCRIPCIÓN: | B6: Mantenimiento Preventivo Integral de Condensadoras Tipo VRF - Incluye inspección, limpieza y mantenimiento de componentes eléctricos, mecánicos y del sistema de refrigeración, tales como compresores, serpentines, válvulas de servicio, sensores, ventiladores, bandejas, líneas de refrigerante y drenajes, conforme a actividades detalladas en el anexo técnico
A8: I. HERRAMIENTA
A9: Descripción | C9: Tipo | D9: Tarifa/Hora | E9: Rendimiento | F9: Valor Unitario
A10: Herramienta menor | C10: Manual | D10: =G44 -> 272670.16 | E10: 0.05 | F10: =E10*D10 -> 13633.508
F11: =E11*D11 -> 0
F12: SUB-TOTAL | G12: =SUM(F10:F11) -> 13633.508
A14: II. MAQUINARIA Y EQUIPO
A15: Descripción | C15: Unidad | D15: Precio Unitario | E15: Cantidad | F15: Valor Unitario
A16: Hidrolavadora portatil | C16: hr | D16: 7000 | E16: =20/60 -> 0.33333333 | F16: =+E16*D16 -> 2333.3333
A17: Multimetro | C17: hr | D17: 3500 | E17: 0.17 | F17: =+D17*E17 -> 595
A18: Termometro | C18: hr | D18: 3500 | E18: 0.17 | F18: =+D18*E18 -> 595
F19: =+D19*E19 -> 0
F20: =+D20*E20 -> 0
F21: =+D21*E21 -> 0
F22: SUB-TOTAL | G22: =SUM(F21,F20,F19,F18,F17,F16) -> 3523.3333
A23: III. MATERIALES EN OBRA
A24: Descripción | C24: Unidad | D24: Precio Unitario | E24: Cantidad | F24: Valor Unitario
A25: Limpiador quimico para serpentines | C25: L | D25: 28100 | E25: 0.2 | F25: =+D25*E25 -> 5620
A26: Jabón liquido | C26: L | D26: 10000 | E26: 0.2 | F26: =+D26*E26 -> 2000
A27: Trapos | C27: und | D27: 3400 | E27: 1 | F27: =+D27*E27 -> 3400
A28: Cinta foil | C28: und | D28: =+'APU 1,1'!D29 -> 58303.407 | E28: 0.05 | F28: =+D28*E28 -> 2915.1703
A29: Cinta aislante | C29: und | D29: =+'APU 1,1'!D30 -> 5553.3333 | E29: 0.2 | F29: =+D29*E29 -> 1110.6667
A30: Limpiador de contactos | C30: und | D30: 42100 | E30: 0.1 | F30: =+D30*E30 -> 4210
F31: =+D31*E31 -> 0
F32: SUB-TOTAL | G32: =SUM(F25:F31) -> 19255.837
A33: IV. TRANSPORTES
A34: Material | B34: Vol-Peso | C34: Distancia | D34: (M3 ó Ton)/km | E34: Tarifa | F34: Valor Unitario
A36: Trabajador | B36: Jornal | C36: Prestaciones | D36: Jornal Total | E36: Rendimiento | F36: Valor Unitario
F37: =+D37*E37 -> 0
F39: SUB-TOTAL | G39: =SUM(F35:F38) -> 0
A40: IV. MANO DE OBRA
A41: Trabajador | B41: Jornal | C41: Prestaciones | D41: Jornal Total | E41: Rendimiento | F41: Valor Unitario
A42: =Insumos!B18 -> Ingeniero Electrico HVAC | B42: =Insumos!C18/7.33 -> 31849.113 | C42: =Insumos!D18/7.33 -> 18564.848 | D42: =SUM(B42:C42) -> 50413.961 | E42: 3 | F42: =D42*E42 -> 151241.88
A43: =Insumos!B39 -> Oficial HVAC+Ayudante | B43: =+Insumos!C40 -> 26152.365 | C43: =+Insumos!D40 -> 14323.729 | D43: =SUM(B43:C43) -> 40476.093 | E43: 3 | F43: =D43*E43 -> 121428.28
F44: SUB-TOTAL | G44: =SUM(F42:F43) -> 272670.16
F46: TOTAL COSTO DIRECTO : | G46: =SUM(G44,G39,G32,G22,G12) -> 309082.84

Sheet APU 1,11
D1: ANALISIS DE PRECIOS UNITARIOS
A3: =+'AU Consul P2'!A3:I3 -> SECRETARÍA DE TALENTO HUMANO Y SERVICIOS ADMINISTRATIVOS- DIRECCIÓN DE SERVICIOS GENERALES
A4: =+'PRESUPUESTO OFICIAL 2026'!B4 -> Mantenimiento del sistema de climatización y equipos electro mecánicos del Centro Administrativo Departamental y sus Sedes Externas LOTE 1
A5: ITEM: | B5: =+'PRESUPUESTO OFICIAL 2026'!B21 -> 1.11 | F5: UNIDAD: | G5: =+'PRESUPUESTO OFICIAL 2026'!H21 -> GLO
A6: DESCRIPCIÓN: | B6: Mantenimiento Preventivo Integral de Unidad Interna (Evaporadora) de Aire Acondicionado de Expansión Directa (desde 9,000 BTU en adelante) del Laboratorio Departamental – Incluye: inspección, limpieza, lubricación, ajuste, diagnóstico y pruebas funcionales en elementos mecánicos, eléctricos y de control, componentes de soporte, sistemas hidráulicos y de refrigeración, y calidad de aire, conforme a actividades definidas en el anexo técnico.
A8: I. HERRAMIENTA
A9: Descripción | C9: Tipo | D9: Tarifa/Hora | E9: Rendimiento | F9: Valor Unitario
A10: Herramienta menor | C10: Manual | D10: =G44 -> 80952.187 | E10: 0.05 | F10: =E10*D10 -> 4047.6093
F13: SUB-TOTAL | G13: =SUM(F10:F12) -> 4047.6093
A15: II. MAQUINARIA Y EQUIPO
A16: Descripción | C16: Unidad | D16: Precio Unitario | E16: Cantidad | F16: Valor Unitario
A17: Hidrolavadora portatil | C17: hr | D17: 7000 | E17: =20/60 -> 0.33333333 | F17: =+D17*E17 -> 2333.3333
A18: Multimetro | C18: hr | D18: 3500 | E18: 0.17 | F18: =+D18*E18 -> 595
A19: Termometro | C19: hr | D19: 3500 | E19: 0.17 | F19: =+D19*E19 -> 595
F20: =+D20*E20 -> 0
F21: =+D21*E21 -> 0
F22: =+D22*E22 -> 0
F23: SUB-TOTAL | G23: =SUM(F22,F21,F20,F19,F18,F17) -> 3523.3333
A24: III. MATERIALES EN OBRA
A25: Descripción | C25: Unidad | D25: Precio Unitario | E25: Cantidad | F25: Valor Unitario
A26: Limpiador quimico para serpentines | C26: L | D26: 28100 | E26: 0.1 | F26: =+D26*E26 -> 2810
A27: Jabón liquido | C27: L | D27: 10000 | E27: 0.15 | F27: =+D27*E27 -> 1500
A28: Trapos | C28: und | D28: 3400 | E28: 1 | F28: =+D28*E28 -> 3400
A29: Cinta foil | C29: und | D29: =+'APU 1,1'!D29 -> 58303.407 | E29: 0.05 | F29: =+D29*E29 -> 2915.1703
A30: Cinta aislante | C30: und | D30: =+'APU 1,1'!D30 -> 5553.3333 | E30: 0.15 | F30: =+D30*E30 -> 833
A31: Limpiador de contactos | C31: und | D31: 42100 | E31: 0.1 | F31: =+D31*E31 -> 4210
F32: =+D32*E32 -> 0
F33: SUB-TOTAL | G33: =SUM(F26:F32) -> 15668.17
A34: IV. TRANSPORTES
A35: Material | B35: Vol-Peso | C35: Distancia | D35: (M3 ó Ton)/km | E35: Tarifa | F35: Valor Unitario
A37: Trabajador | B37: Jornal | C37: Prestaciones | D37: Jornal Total | E37: Rendimiento | F37: Valor Unitario
F40: SUB-TOTAL | G40: =SUM(F36:F39) -> 0
A41: IV. MANO DE OBRA
A42: Trabajador | B42: Jornal | C42: Prestaciones | D42: Jornal Total | E42: Rendimiento | F42: Valor Unitario
A43: =Insumos!B39 -> Oficial HVAC+Ayudante | B43: =+Insumos!C40 -> 26152.365 | C43: =+Insumos!D40 -> 14323.729 | D43: =SUM(B43:C43) -> 40476.093 | E43: 2 | F43: =D43*E43 -> 80952.187
F44: SUB-TOTAL | G44: =SUM(F43:F43) -> 80952.187
F46: TOTAL COSTO DIRECTO : | G46: =SUM(G44,G40,G33,G23,G13) -> 104191.3

Sheet APU 1,12.1
D1: ANALISIS DE PRECIOS UNITARIOS
A3: =+'AU Consul P2'!A3:I3 -> SECRETARÍA DE TALENTO HUMANO Y SERVICIOS ADMINISTRATIVOS- DIRECCIÓN DE SERVICIOS GENERALES
A4: =+'PRESUPUESTO OFICIAL 2026'!B4 -> Mantenimiento del sistema de climatización y equipos electro mecánicos del Centro Administrativo Departamental y sus Sedes Externas LOTE 1
A5: ITEM: | B5: =+'PRESUPUESTO OFICIAL 2026'!B22 -> 1.12 | F5: UNIDAD: | G5: =+'PRESUPUESTO OFICIAL 2026'!H21 -> GLO
A6: DESCRIPCIÓN: | B6: Mantenimiento preventivo a Equipo A.A.P realizando las siguientes actividades: Limpieza general de tapas y exteriores, Lavado de filtros, Lavado de serpentines evaporador y condensador, Verificación general de parámetros, Revisión y limpieza de la bandeja de condensados, Verificación y registro de parámetros de operación (temperaturas, presiones, corrientes, voltajes) los cuales se encuentran de acuerdo a cheklist, Revisión y ajuste de sistemas eléctricos y mecánicos, Validación de eventos. Lavado de cilindro humectador, El equipo queda operando normalmente.
A8: I. HERRAMIENTA
A9: Descripción | C9: Tipo | D9: Tarifa/Hora | E9: Rendimiento | F9: Valor Unitario
A10: Herramienta menor | C10: Manual | D10: =G45 -> 636230.38 | E10: 0.05 | F10: =E10*D10 -> 31811.519
F13: SUB-TOTAL | G13: =SUM(F10:F12) -> 31811.519
A15: II. MAQUINARIA Y EQUIPO
A16: Descripción | C16: Unidad | D16: Precio Unitario | E16: Cantidad | F16: Valor Unitario
A17: Hidrolavadora portatil | C17: hr | D17: 7000 | E17: =20/60 -> 0.33333333 | F17: =+D17*E17 -> 2333.3333
A18: Multimetro | C18: hr | D18: 3500 | E18: 0.17 | F18: =+D18*E18 -> 595
A19: Termometro | C19: hr | D19: 3500 | E19: 0.17 | F19: =+D19*E19 -> 595
F20: =+D20*E20 -> 0
F21: =+D21*E21 -> 0
F22: =+D22*E22 -> 0
F23: SUB-TOTAL | G23: =SUM(F22,F21,F20,F19,F18,F17) -> 3523.3333
A24: III. MATERIALES EN OBRA
A25: Descripción | C25: Unidad | D25: Precio Unitario | E25: Cantidad | F25: Valor Unitario
A26: Limpiador quimico para serpentines | C26: L | D26: 28100 | E26: 0.1 | F26: =+D26*E26 -> 2810
A27: Jabón liquido | C27: L | D27: 10000 | E27: 0.15 | F27: =+D27*E27 -> 1500
A28: Trapos | C28: und | D28: 3400 | E28: 1 | F28: =+D28*E28 -> 3400
A29: Cinta foil | C29: und | D29: =+'APU 1,1'!D29 -> 58303.407 | E29: 0.05 | F29: =+D29*E29 -> 2915.1703
A30: Cinta aislante | C30: und | D30: =+'APU 1,1'!D30 -> 5553.3333 | E30: 0.15 | F30: =+D30*E30 -> 833
A31: Limpiador de contactos | C31: und | D31: 42100 | E31: 0.1 | F31: =+D31*E31 -> 4210
F32: =+D32*E32 -> 0
F33: SUB-TOTAL | G33: =SUM(F26:F32) -> 15668.17
A34: IV. TRANSPORTES
A35: Material | B35: Vol-Peso | C35: Distancia | D35: (M3 ó Ton)/km | E35: Tarifa | F35: Valor Unitario
A37: Trabajador | B37: Jornal | C37: Prestaciones | D37: Jornal Total | E37: Rendimiento | F37: Valor Unitario
F40: SUB-TOTAL | G40: =SUM(F36:F39) -> 0
A41: IV. MANO DE OBRA
A42: Trabajador | B42: Jornal | C42: Prestaciones | D42: Jornal Total | E42: Rendimiento | F42: Valor Unitario
A43: =Insumos!B18 -> Ingeniero Electrico HVAC | B43: =Insumos!C18/7.33 -> 31849.113 | C43: =Insumos!D18/7.33 -> 18564.848 | D43: =SUM(B43:C43) -> 50413.961 | E43: 7 | F43: =D43*E43 -> 352897.73
A44: =Insumos!B39 -> Oficial HVAC+Ayudante | B44: =+Insumos!C40 -> 26152.365 | C44: =+Insumos!D40 -> 14323.729 | D44: =SUM(B44:C44) -> 40476.093 | E44: 7 | F44: =D44*E44 -> 283332.65
F45: SUB-TOTAL | G45: =SUM(F43:F44) -> 636230.38
F47: TOTAL COSTO DIRECTO : | G47: =SUM(G45,G40,G33,G23,G13) -> 687233.41

Sheet APU 1,13
D1: ANALISIS DE PRECIOS UNITARIOS
A3: =+'AU Consul P2'!A3:I3 -> SECRETARÍA DE TALENTO HUMANO Y SERVICIOS ADMINISTRATIVOS- DIRECCIÓN DE SERVICIOS GENERALES
A4: =+'PRESUPUESTO OFICIAL 2026'!B4 -> Mantenimiento del sistema de climatización y equipos electro mecánicos del Centro Administrativo Departamental y sus Sedes Externas LOTE 1
A5: ITEM: | B5: =+'PRESUPUESTO OFICIAL 2026'!B24 -> 1.13 | F5: UNIDAD: | G5: =+'PRESUPUESTO OFICIAL 2026'!H24 -> GLO
A6: DESCRIPCIÓN: | B6: Mantenimiento preventivo de extractor de aire en laboratorio departamental. Incluye inspección general, limpieza del equipo (hélices, carcasa, rejillas), revisión y ajuste de partes mecánicas, verificación eléctrica, lubricación si aplica, pruebas de funcionamiento y reposición de filtros de aire.
A8: I. HERRAMIENTA
A9: Descripción | C9: Tipo | D9: Tarifa/Hora | E9: Rendimiento | F9: Valor Unitario
A10: Herramienta menor | C10: Manual | D10: =G44 -> 121428.28 | E10: 0.05 | F10: =E10*D10 -> 6071.414
F13: SUB-TOTAL | G13: =SUM(F10:F12) -> 6071.414
A15: II. MAQUINARIA Y EQUIPO
A16: Descripción | C16: Unidad | D16: Precio Unitario | E16: Cantidad | F16: Valor Unitario
A17: Hidrolavadora portatil | C17: hr | D17: 7000 | E17: 0.25 | F17: =+D17*E17 -> 1750
F18: =+D18*E18 -> 0
F19: =+D19*E19 -> 0
F20: =+D20*E20 -> 0
F21: =+D21*E21 -> 0
F22: =+D22*E22 -> 0
F23: SUB-TOTAL | G23: =SUM(F22,F21,F20,F19,F18,F17) -> 1750
A24: III. MATERIALES EN OBRA
A25: Descripción | C25: Unidad | D25: Precio Unitario | E25: Cantidad | F25: Valor Unitario
A26: Jabón líquido/desengrasante | C26: L | D26: 10000 | E26: 0.1 | F26: =+D26*E26 -> 1000 | K26: HEPA
A27: Lubricante multipropósito | C27: L | D27: 44600 | E27: 0.05 | F27: =+D27*E27 -> 2230 | K27: Tela guata
A28: Limpiador de contactos | C28: und | D28: 42100 | E28: 0.05 | F28: =+D28*E28 -> 2105
A29: Trapos | C29: und | D29: 3400 | E29: 1 | F29: =+D29*E29 -> 3400
A30: Cinta aislante | C30: und | D30: =+'APU 1,1'!D30 -> 5553.3333 | E30: 0.15 | F30: =+D30*E30 -> 833
F31: =+D31*E31 -> 0
F32: =+D32*E32 -> 0
F33: SUB-TOTAL | G33: =SUM(F26:F32) -> 9568
A34: IV. TRANSPORTES
A35: Material | B35: Vol-Peso | C35: Distancia | D35: (M3 ó Ton)/km | E35: Tarifa | F35: Valor Unitario
A37: Trabajador | B37: Jornal | C37: Prestaciones | D37: Jornal Total | E37: Rendimiento | F37: Valor Unitario
F40: SUB-TOTAL | G40: =SUM(F36:F39) -> 0
A41: IV. MANO DE OBRA
A42: Trabajador | B42: Jornal | C42: Prestaciones | D42: Jornal Total | E42: Rendimiento | F42: Valor Unitario
A43: =Insumos!B39 -> Oficial HVAC+Ayudante | B43: =+Insumos!C40 -> 26152.365 | C43: =+Insumos!D40 -> 14323.729 | D43: =SUM(B43:C43) -> 40476.093 | E43: 3 | F43: =D43*E43 -> 121428.28
F44: SUB-TOTAL | G44: =SUM(F43:F43) -> 121428.28
F46: TOTAL COSTO DIRECTO : | G46: =SUM(G44,G40,G33,G23,G13) -> 138817.69

Sheet APU 2,1
D1: ANALISIS DE PRECIOS UNITARIOS
A3: =+'AU Consul P2'!A3:I3 -> SECRETARÍA DE TALENTO HUMANO Y SERVICIOS ADMINISTRATIVOS- DIRECCIÓN DE SERVICIOS GENERALES | J3: ACDEPOT
A4: =+'PRESUPUESTO OFICIAL 2026'!B4 -> Mantenimiento del sistema de climatización y equipos electro mecánicos del Centro Administrativo Departamental y sus Sedes Externas LOTE 1 | J4: Area | K4: Precio
A5: ITEM: | B5: =+'PRESUPUESTO OFICIAL 2026'!B27 -> 2.1 | F5: UNIDAD: | G5: =+'PRESUPUESTO OFICIAL 2026'!H27 -> GLO | J5: 3.48 | K5: 162792
A6: DESCRIPCIÓN: | B6: Mantenimiento de ductos del Sistema de Distribución de Aire – Incluye inspección del estado y aislamiento de ductos, reparación de fugas, y verificación de soportes, conforme a actividades detalladas en el anexo técnico | J6: 1 | K6: =J6*K5/J5 -> 46779.31
A8: I. HERRAMIENTA | J8: INSULMARKET
A9: Descripción | C9: Tipo | D9: Tarifa/Hora | E9: Rendimiento | F9: Valor Unitario | J9: Area | K9: Precio
A10: Herramienta menor | C10: Manual | D10: =G43 -> 296689.76 | E10: 0.05 | F10: =E10*D10 -> 14834.488 | J10: =10*(1.2*3) -> 36 | K10: =1618560+(0.19*1618560) -> 1926086.4
A11: Equipo alturas | C11: Alturas | D11: 1400 | E11: 0.3 | F11: =D11*E11 -> 420
F12: =E12*D12 -> 0 | J12: 1 | K12: =J12*K10/J10 -> 53502.4
F13: SUB-TOTAL | G13: =SUM(F10:F12) -> 15254.488
J14: INSULMARKET
A15: II. MAQUINARIA Y EQUIPO | J15: Area | K15: Precio
A16: Descripción | C16: Unidad | D16: Precio Unitario | E16: Cantidad | F16: Valor Unitario | J16: =10*(1.2*3) -> 36 | K16: =2023200+(0.19*2023200) -> 2407608
F17: =+E17*D17 -> 0 | J17: 1 | K17: =J17*K16/J16 -> 66878
F18: =+D18*E18 -> 0
F19: =+D19*E19 -> 0 | K19: =AVERAGE(K6,K12,K17) -> 55719.903
F20: =+D20*E20 -> 0
F21: =+D21*E21 -> 0 | J21: INSULMARKET
F22: =+D22*E22 -> 0 | J22: Metros | K22: Precio
F23: SUB-TOTAL | G23: =SUM(F22,F21,F20,F19,F18,F17) -> 0 | J23: 50 | K23: =48000+(0.19*48000) -> 57120
A24: III. MATERIALES EN OBRA | J24: 1 | K24: =J24*K23/J23 -> 1142.4
A25: Descripción | C25: Unidad | D25: Precio Unitario | E25: Cantidad | F25: Valor Unitario
A26: Cinta foil | C26: und | D26: =+'APU 1,1'!D29 -> 58303.407 | E26: 0.01 | F26: =+D26*E26 -> 583.03407 | J26: Empaquetaduras y empaques
J27: Metros | K27: Precio
J28: 50 | K28: =75500+(0.19*75500) -> 89845
F29: =+D29*E29 -> 0 | J29: 1 | K29: =J29*K28/J28 -> 1796.9
F30: =+D30*E30 -> 0
F31: =+D31*E31 -> 0
F32: =+D32*E32 -> 0 | J32: Cellux
F33: SUB-TOTAL | G33: =SUM(F26:F32) -> 583.03407 | J33: Metros | K33: Precio
A34: IV. TRANSPORTES | J34: 50 | K34: =35538+(0.19*35538) -> 42290.22
A35: Material | B35: Vol-Peso | C35: Distancia | D35: (M3 ó Ton)/km | E35: Tarifa | F35: Valor Unitario | J35: 1 | K35: =J35*K34/J34 -> 845.8044
A37: Trabajador | B37: Jornal | C37: Prestaciones | D37: Jornal Total | E37: Rendimiento | F37: Valor Unitario | K37: =AVERAGE(K24,K29,K35) -> 1261.7015
F39: SUB-TOTAL | G39: =SUM(F36:F38) -> 0
A40: IV. MANO DE OBRA
A41: Trabajador | B41: Jornal | C41: Prestaciones | D41: Jornal Total | E41: Rendimiento | F41: Valor Unitario
A42: =+Insumos!B39 -> Oficial HVAC+Ayudante | B42: =+Insumos!C39 -> 191696.83 | C42: =+Insumos!D39 -> 104992.93 | D42: =+C42+B42 -> 296689.76 | E42: 1 | F42: =+D42*E42 -> 296689.76 | I42: un dia dos personas un piso
F43: SUB-TOTAL | G43: =SUM(F42:F42) -> 296689.76
C44: =+C42/B42 -> 0.547703 | K44: 3750
F45: TOTAL COSTO DIRECTO : | G45: =SUM(G43,G39,G33,G23,G13) -> 312527.29
J69: 97000
J70: 100300
J71: 119900
J72: =AVERAGE(J69:J71) -> 105733.33

Sheet APU 2,2
D1: ANALISIS DE PRECIOS UNITARIOS
A3: =+'AU Consul P2'!A3:I3 -> SECRETARÍA DE TALENTO HUMANO Y SERVICIOS ADMINISTRATIVOS- DIRECCIÓN DE SERVICIOS GENERALES
A4: =+'PRESUPUESTO OFICIAL 2026'!B4 -> Mantenimiento del sistema de climatización y equipos electro mecánicos del Centro Administrativo Departamental y sus Sedes Externas LOTE 1
A5: ITEM: | B5: =+'PRESUPUESTO OFICIAL 2026'!B28 -> 2.2 | F5: UNIDAD: | G5: =+'PRESUPUESTO OFICIAL 2026'!H28 -> UN
A6: DESCRIPCIÓN: | B6: Mantenimiento Preventivo de Rejillas y Difusores del Sistema de Distribución de Aire – Incluye limpieza y verificación funcional, conforme a actividades detalladas en el anexo técnico
A8: I. HERRAMIENTA
A9: Descripción | C9: Tipo | D9: Tarifa/Hora | E9: Rendimiento | F9: Valor Unitario
A10: Herramienta menor | C10: Manual | D10: =G43 -> 12142.828 | E10: 0.05 | F10: =E10*D10 -> 607.1414
F11: =E11*D11 -> 0
F12: SUB-TOTAL | G12: =SUM(F10:F11) -> 607.1414
A14: II. MAQUINARIA Y EQUIPO
A15: Descripción | C15: Unidad | D15: Precio Unitario | E15: Cantidad | F15: Valor Unitario
F19: =+D19*E19 -> 0
F20: =+D20*E20 -> 0
F21: =+D21*E21 -> 0
F22: SUB-TOTAL | G22: =SUM(F21,F20,F19,F18,F17,F16) -> 0
A23: III. MATERIALES EN OBRA
A24: Descripción | C24: Unidad | D24: Precio Unitario | E24: Cantidad | F24: Valor Unitario
A25: Jabón liquido | C25: L | D25: 10000 | E25: 0.025 | F25: =D25*E25 -> 250
A26: Trapos | C26: und | D26: 3400 | E26: 0.25 | F26: =D26*E26 -> 850
F27: =+D27*E27 -> 0
F28: =+D28*E28 -> 0
F29: =+D29*E29 -> 0
F30: =+D30*E30 -> 0
F31: =+D31*E31 -> 0
F32: SUB-TOTAL | G32: =SUM(F25:F31) -> 1100
A33: IV. TRANSPORTES
A34: Material | B34: Vol-Peso | C34: Distancia | D34: (M3 ó Ton)/km | E34: Tarifa | F34: Valor Unitario
A36: Trabajador | B36: Jornal | C36: Prestaciones | D36: Jornal Total | E36: Rendimiento | F36: Valor Unitario
F39: SUB-TOTAL | G39: =SUM(F35:F38) -> 0
A40: IV. MANO DE OBRA
A41: Trabajador | B41: Jornal | C41: Prestaciones | D41: Jornal Total | E41: Rendimiento | F41: Valor Unitario
A42: =+Insumos!B39 -> Oficial HVAC+Ayudante | B42: =+Insumos!C40 -> 26152.365 | C42: =+Insumos!D40 -> 14323.729 | D42: =+C42+B42 -> 40476.093 | E42: 0.3 | F42: =+D42*E42 -> 12142.828
F43: SUB-TOTAL | G43: =SUM(F42:F42) -> 12142.828
F45: TOTAL COSTO DIRECTO : | G45: =SUM(G43,G39,G32,G22,G12) -> 13849.969

Sheet APU 3,1
D1: ANALISIS DE PRECIOS UNITARIOS
A3: =+'AU Consul P2'!A3:I3 -> SECRETARÍA DE TALENTO HUMANO Y SERVICIOS ADMINISTRATIVOS- DIRECCIÓN DE SERVICIOS GENERALES
A4: =+'PRESUPUESTO OFICIAL 2026'!B4 -> Mantenimiento del sistema de climatización y equipos electro mecánicos del Centro Administrativo Departamental y sus Sedes Externas LOTE 1
A5: ITEM: | B5: =+'PRESUPUESTO OFICIAL 2026'!B31 -> 3.1 | F5: UNIDAD: | G5: =+'PRESUPUESTO OFICIAL 2026'!H31 -> GLO
A6: DESCRIPCIÓN: | B6: Servicio de mantenimiento preventivo y habilitación operativa de extractores o inyectores de aire, que contempla la inspección del sistema eléctrico y de control, limpieza general, lubricación de componentes mecánicos, y elaboración de un informe del estado final del equipo, de acuerdo con las actividades establecidas en el anexo técnico
A8: I. HERRAMIENTA
A9: Descripción | C9: Tipo | D9: Tarifa/Hora | E9: Rendimiento | F9: Valor Unitario
A10: Herramienta menor | C10: Manual | D10: =G43 -> 121428.28 | E10: 0.05 | F10: =E10*D10 -> 6071.414
F12: SUB-TOTAL | G12: =SUM(F10:F11) -> 6071.414
A14: II. MAQUINARIA Y EQUIPO
A15: Descripción | C15: Unidad | D15: Precio Unitario | E15: Cantidad | F15: Valor Unitario
A16: Hidrolavadora portatil | C16: hr | D16: 7000 | E16: 0.4 | F16: =+D16*E16 -> 2800
F17: =+D17*E17 -> 0
F18: =+D18*E18 -> 0
F19: =+D19*E19 -> 0
F20: =+D20*E20 -> 0
F21: =+D21*E21 -> 0
F22: SUB-TOTAL | G22: =SUM(F21,F20,F19,F18,F17,F16) -> 2800
A23: III. MATERIALES EN OBRA
A24: Descripción | C24: Unidad | D24: Precio Unitario | E24: Cantidad | F24: Valor Unitario
A25: Jabón líquido/desengrasante | C25: L | D25: 10000 | E25: 0.1 | F25: =+D25*E25 -> 1000
A26: Lubricante multipropósito | C26: L | D26: 44600 | E26: 0.05 | F26: =+D26*E26 -> 2230
A27: Limpiador de contactos | C27: und | D27: 42100 | E27: 0.1 | F27: =+D27*E27 -> 4210
A28: Trapos | C28: und | D28: 3400 | E28: 1 | F28: =+D28*E28 -> 3400
A29: Cinta aislante | C29: und | D29: =+'APU 1,1'!D30 -> 5553.3333 | E29: 0.1 | F29: =+D29*E29 -> 555.33333
F30: =+D30*E30 -> 0
F31: =+D31*E31 -> 0
F32: SUB-TOTAL | G32: =SUM(F25:F31) -> 11395.333
A33: IV. TRANSPORTES
A34: Material | B34: Vol-Peso | C34: Distancia | D34: (M3 ó Ton)/km | E34: Tarifa | F34: Valor Unitario
F35: 0
A36: Trabajador | B36: Jornal | C36: Prestaciones | D36: Jornal Total | E36: Rendimiento | F36: Valor Unitario
F37: 0
F39: SUB-TOTAL | G39: =SUM(F35:F38) -> 0
A40: IV. MANO DE OBRA
A41: Trabajador | B41: Jornal | C41: Prestaciones | D41: Jornal Total | E41: Rendimiento | F41: Valor Unitario
A42: =+Insumos!B39 -> Oficial HVAC+Ayudante | B42: =+Insumos!C40 -> 26152.365 | C42: =+Insumos!D40 -> 14323.729 | D42: =SUM(B42:C42) -> 40476.093 | E42: 3 | F42: =D42*E42 -> 121428.28
F43: SUB-TOTAL | G43: =SUM(F42:F42) -> 121428.28
F45: TOTAL COSTO DIRECTO : | G45: =SUM(G43,G39,G32,G22,G12) -> 141695.03

Sheet APU 3,2
D1: ANALISIS DE PRECIOS UNITARIOS
A3: =+'AU Consul P2'!A3:I3 -> SECRETARÍA DE TALENTO HUMANO Y SERVICIOS ADMINISTRATIVOS- DIRECCIÓN DE SERVICIOS GENERALES
A4: =+'PRESUPUESTO OFICIAL 2026'!B4 -> Mantenimiento del sistema de climatización y equipos electro mecánicos del Centro Administrativo Departamental y sus Sedes Externas LOTE 1
A5: ITEM: | B5: =+'PRESUPUESTO OFICIAL 2026'!B32 -> 3.2 | F5: UNIDAD: | G5: =+'PRESUPUESTO OFICIAL 2026'!H32 -> GLO
A6: DESCRIPCIÓN: | B6: Mantenimiento preventivo de puertas automatizadas de parqueadero – Incluye verificación del sistema de apertura y cierre, inspección de rieles, cadenas o cremalleras, lubricación de mecanismos móviles, revisión de sensores de presencia, chequeo del panel de control, aseguramiento de la estructura y prueba funcional completa, conforme a actividades definidas en el anexo técnico | M6: lubricante
M7: 43900
A8: I. HERRAMIENTA | M8: 39900
A9: Descripción | C9: Tipo | D9: Tarifa/Hora | E9: Rendimiento | F9: Valor Unitario
A10: Herramienta menor | C10: Manual | D10: =G43 -> 80952.187 | E10: 0.1 | F10: =E10*D10 -> 8095.2187
L11: 37900
F12: SUB-TOTAL | G12: =SUM(F10:F11) -> 8095.2187 | L12: 47000
L13: 48900
A14: II. MAQUINARIA Y EQUIPO | L14: =AVERAGE(L11:L13) -> 44600
A15: Descripción | C15: Unidad | D15: Precio Unitario | E15: Cantidad | F15: Valor Unitario
F16: =+D16*E16 -> 0
F17: =+D17*E17 -> 0
F18: =+D18*E18 -> 0
F19: =+D19*E19 -> 0
F20: =+D20*E20 -> 0
F21: =+D21*E21 -> 0
F22: SUB-TOTAL | G22: =SUM(F21,F20,F19,F18,F17,F16) -> 0
A23: III. MATERIALES EN OBRA
A24: Descripción | C24: Unidad | D24: Precio Unitario | E24: Cantidad | F24: Valor Unitario
A25: Lubricante | C25: ml | D25: 44600 | E25: 1 | F25: =+D25*E25 -> 44600
A26: Accesorios (tornillería, bisagras, pernos, rieles) | C26: gl | D26: 100000 | E26: 1 | F26: =+D26*E26 -> 100000
F27: =+D27*E27 -> 0
F28: =+D28*E28 -> 0
F29: =+D29*E29 -> 0
F30: =+D30*E30 -> 0
F31: =+D31*E31 -> 0
F32: SUB-TOTAL | G32: =SUM(F25:F31) -> 144600
A33: IV. TRANSPORTES
A34: Material | B34: Vol-Peso | C34: Distancia | D34: (M3 ó Ton)/km | E34: Tarifa | F34: Valor Unitario
A36: Trabajador | B36: Jornal | C36: Prestaciones | D36: Jornal Total | E36: Rendimiento | F36: Valor Unitario
F39: SUB-TOTAL | G39: =SUM(F35:F38) -> 0
A40: IV. MANO DE OBRA
A41: Trabajador | B41: Jornal | C41: Prestaciones | D41: Jornal Total | E41: Rendimiento | F41: Valor Unitario
A42: =+Insumos!B30 -> Cuadrilla (Electrico + Ayudante) | B42: =+Insumos!C40 -> 26152.365 | C42: =+Insumos!D40 -> 14323.729 | D42: =SUM(B42:C42) -> 40476.093 | E42: 2 | F42: =D42*E42 -> 80952.187
F43: SUB-TOTAL | G43: =SUM(F42:F42) -> 80952.187
F45: TOTAL COSTO DIRECTO : | G45: =SUM(G43,G39,G32,G22,G12) -> 233647.41

Sheet APU 3,3
D1: ANALISIS DE PRECIOS UNITARIOS
A3: =+'AU Consul P2'!A3:I3 -> SECRETARÍA DE TALENTO HUMANO Y SERVICIOS ADMINISTRATIVOS- DIRECCIÓN DE SERVICIOS GENERALES
A4: =+'PRESUPUESTO OFICIAL 2026'!B4 -> Mantenimiento del sistema de climatización y equipos electro mecánicos del Centro Administrativo Departamental y sus Sedes Externas LOTE 1
A5: ITEM: | B5: =+'PRESUPUESTO OFICIAL 2026'!B33 -> 3.3 | F5: UNIDAD: | G5: =+'PRESUPUESTO OFICIAL 2026'!H33 -> GLO
A6: DESCRIPCIÓN: | B6: Mantenimiento preventivo de puertas presurizadas – Incluye revisión de gato hidráulico, comprobación de cierre automático, ajuste de velocidad y amortiguación, inspección y lubricación de bisagras, verificación de sellos perimetrales, alineamiento estructural, detección de obstrucciones y prueba funcional completa, conforme a actividades definidas en el anexo técnico
A8: I. HERRAMIENTA
A9: Descripción | C9: Tipo | D9: Tarifa/Hora | E9: Rendimiento | F9: Valor Unitario
A10: Herramienta menor | C10: Manual | D10: =G43 -> 80952.187 | E10: 0.05 | F10: =E10*D10 -> 4047.6093
F12: SUB-TOTAL | G12: =SUM(F10:F11) -> 4047.6093
A14: II. MAQUINARIA Y EQUIPO
A15: Descripción | C15: Unidad | D15: Precio Unitario | E15: Cantidad | F15: Valor Unitario
F20: =+D20*E20 -> 0
F21: =+D21*E21 -> 0
F22: SUB-TOTAL | G22: =SUM(F21,F20,F19,F18,F17,F16) -> 0
A23: III. MATERIALES EN OBRA
A24: Descripción | C24: Unidad | D24: Precio Unitario | E24: Cantidad | F24: Valor Unitario
A25: Trapos | C25: und | D25: 3400 | E25: 0.2 | F25: =D25*E25 -> 680
A26: Lubricante multiproposito | C26: und | D26: 44600 | E26: 0.1 | F26: =D26*E26 -> 4460
F27: =+D27*E27 -> 0
F28: =+D28*E28 -> 0
F29: =+D29*E29 -> 0
F30: =+D30*E30 -> 0
F31: =+D31*E31 -> 0
F32: SUB-TOTAL | G32: =SUM(F25:F31) -> 5140
A33: IV. TRANSPORTES
A34: Material | B34: Vol-Peso | C34: Distancia | D34: (M3 ó Ton)/km | E34: Tarifa | F34: Valor Unitario
A36: Trabajador | B36: Jornal | C36: Prestaciones | D36: Jornal Total | E36: Rendimiento | F36: Valor Unitario
F39: SUB-TOTAL | G39: =SUM(F35:F38) -> 0
A40: IV. MANO DE OBRA
A41: Trabajador | B41: Jornal | C41: Prestaciones | D41: Jornal Total | E41: Rendimiento | F41: Valor Unitario
A42: =+Insumos!B30 -> Cuadrilla (Electrico + Ayudante) | B42: =+Insumos!C40 -> 26152.365 | C42: =+Insumos!D40 -> 14323.729 | D42: =+C42+B42 -> 40476.093 | E42: 2 | F42: =D42*E42 -> 80952.187
F43: SUB-TOTAL | G43: =SUM(F42:F42) -> 80952.187
F45: TOTAL COSTO DIRECTO : | G45: =SUM(G43,G39,G32,G22,G12) -> 90139.796

Sheet APU 3,4
D1: ANALISIS DE PRECIOS UNITARIOS
A3: =+'AU Consul P2'!A3:I3 -> SECRETARÍA DE TALENTO HUMANO Y SERVICIOS ADMINISTRATIVOS- DIRECCIÓN DE SERVICIOS GENERALES
A4: =+'PRESUPUESTO OFICIAL 2026'!B4 -> Mantenimiento del sistema de climatización y equipos electro mecánicos del Centro Administrativo Departamental y sus Sedes Externas LOTE 1
A5: ITEM: | B5: =+'PRESUPUESTO OFICIAL 2026'!B34 -> 3.4 | F5: UNIDAD: | G5: =+'PRESUPUESTO OFICIAL 2026'!H34 -> GLO
A6: DESCRIPCIÓN: | B6: Mantenimiento preventivo de equipos de gimnasio – Incluye inspección de funcionamiento general, lubricación de poleas y rieles, revisión de cables y bandas, verificación de pantallas o interfaces, comprobación de tornillería estructural, limpieza con productos no corrosivos y reporte de daños en tapicería, conforme a actividades definidas en el anexo técnico
A8: I. HERRAMIENTA
A9: Descripción | C9: Tipo | D9: Tarifa/Hora | E9: Rendimiento | F9: Valor Unitario
A10: Herramienta menor | C10: Manual | D10: =G43 -> 101190.23 | E10: 0.05 | F10: =E10*D10 -> 5059.5117
F11: =E11*D11 -> 0
F12: SUB-TOTAL | G12: =SUM(F10:F11) -> 5059.5117
A14: II. MAQUINARIA Y EQUIPO
A15: Descripción | C15: Unidad | D15: Precio Unitario | E15: Cantidad | F15: Valor Unitario
F16: =+D16*E16 -> 0
F17: =+D17*E17 -> 0
F18: =+D18*E18 -> 0
F19: =+D19*E19 -> 0
F20: =+D20*E20 -> 0
F21: =+D21*E21 -> 0
F22: SUB-TOTAL | G22: =SUM(F21,F20,F19,F18,F17,F16) -> 0
A23: III. MATERIALES EN OBRA
A24: Descripción | C24: Unidad | D24: Precio Unitario | E24: Cantidad | F24: Valor Unitario
A25: Trapos | C25: und | D25: 3400 | E25: 0.2 | F25: =D25*E25 -> 680
A26: Lubricante multiproposito | C26: und | D26: 44600 | E26: 0.3 | F26: =D26*E26 -> 13380
F27: =+D27*E27 -> 0
F28: =+D28*E28 -> 0
F29: =+D29*E29 -> 0
F30: =+D30*E30 -> 0
F31: =+D31*E31 -> 0
F32: SUB-TOTAL | G32: =SUM(F25:F31) -> 14060
A33: IV. TRANSPORTES
A34: Material | B34: Vol-Peso | C34: Distancia | D34: (M3 ó Ton)/km | E34: Tarifa | F34: Valor Unitario
A36: Trabajador | B36: Jornal | C36: Prestaciones | D36: Jornal Total | E36: Rendimiento | F36: Valor Unitario
F37: =+D37*E37 -> 0
F39: SUB-TOTAL | G39: =SUM(F35:F38) -> 0
A40: IV. MANO DE OBRA
A41: Trabajador | B41: Jornal | C41: Prestaciones | D41: Jornal Total | E41: Rendimiento | F41: Valor Unitario
A42: =+Insumos!B30 -> Cuadrilla (Electrico + Ayudante) | B42: =+Insumos!C40 -> 26152.365 | C42: =+Insumos!D40 -> 14323.729 | D42: =+C42+B42 -> 40476.093 | E42: 2.5 | F42: =D42*E42 -> 101190.23
F43: SUB-TOTAL | G43: =SUM(F42:F42) -> 101190.23
F45: TOTAL COSTO DIRECTO : | G45: =SUM(G43,G39,G32,G22,G12) -> 120309.75

Sheet APU 3,5
D1: ANALISIS DE PRECIOS UNITARIOS
A3: =+'AU Consul P2'!A3:I3 -> SECRETARÍA DE TALENTO HUMANO Y SERVICIOS ADMINISTRATIVOS- DIRECCIÓN DE SERVICIOS GENERALES
A4: =+'PRESUPUESTO OFICIAL 2026'!B4 -> Mantenimiento del sistema de climatización y equipos electro mecánicos del Centro Administrativo Departamental y sus Sedes Externas LOTE 1
A5: ITEM: | B5: =+'PRESUPUESTO OFICIAL 2026'!B35 -> 3.5 | F5: UNIDAD: | G5: =+'PRESUPUESTO OFICIAL 2026'!H35 -> GLO
A6: DESCRIPCIÓN: | B6: Mantenimiento preventivo al sistema DMS2 del laboratorio Departamental, incluyendo respaldo de configuración, verificación de comunicación con equipos HVAC, análisis de alarmas y actualización del software de monitoreo.
A8: I. HERRAMIENTA
A9: Descripción | C9: Tipo | D9: Tarifa/Hora | E9: Rendimiento | F9: Valor Unitario
A10: Herramienta menor | C10: Manual | D10: =G43 -> 252069.81 | E10: 0.05 | F10: =E10*D10 -> 12603.49
F11: =E11*D11 -> 0
F12: SUB-TOTAL | G12: =SUM(F10:F11) -> 12603.49
A14: II. MAQUINARIA Y EQUIPO
A15: Descripción | C15: Unidad | D15: Precio Unitario | E15: Cantidad | F15: Valor Unitario
F16: =+D16*E16 -> 0
F17: =+D17*E17 -> 0
F18: =+D18*E18 -> 0
F19: =+D19*E19 -> 0
F20: =+D20*E20 -> 0
F21: =+D21*E21 -> 0
F22: SUB-TOTAL | G22: =SUM(F21,F20,F19,F18,F17,F16) -> 0
A23: III. MATERIALES EN OBRA
A24: Descripción | C24: Unidad | D24: Precio Unitario | E24: Cantidad | F24: Valor Unitario
F25: =D25*E25 -> 0
F26: =D26*E26 -> 0
F27: =+D27*E27 -> 0
F28: =+D28*E28 -> 0
F29: =+D29*E29 -> 0
F30: =+D30*E30 -> 0
F31: =+D31*E31 -> 0
F32: SUB-TOTAL | G32: =SUM(F25:F31) -> 0
A33: IV. TRANSPORTES
A34: Material | B34: Vol-Peso | C34: Distancia | D34: (M3 ó Ton)/km | E34: Tarifa | F34: Valor Unitario
A36: Trabajador | B36: Jornal | C36: Prestaciones | D36: Jornal Total | E36: Rendimiento | F36: Valor Unitario
F37: =+D37*E37 -> 0
F39: SUB-TOTAL | G39: =SUM(F35:F38) -> 0
A40: IV. MANO DE OBRA
A41: Trabajador | B41: Jornal | C41: Prestaciones | D41: Jornal Total | E41: Rendimiento | F41: Valor Unitario
A42: =+Insumos!B42 -> Ingeniero HVAC Automatización | B42: =+Insumos!C18/7.33 -> 31849.113 | C42: =+Insumos!D18/7.33 -> 18564.848 | D42: =+C42+B42 -> 50413.961 | E42: 5 | F42: =D42*E42 -> 252069.81
F43: SUB-TOTAL | G43: =SUM(F42:F42) -> 252069.81
F45: TOTAL COSTO DIRECTO : | G45: =SUM(G43,G39,G32,G22,G12) -> 264673.3

Sheet APU 3,6
D1: ANALISIS DE PRECIOS UNITARIOS
A3: =+'AU Consul P2'!A3:I3 -> SECRETARÍA DE TALENTO HUMANO Y SERVICIOS ADMINISTRATIVOS- DIRECCIÓN DE SERVICIOS GENERALES
A4: =+'PRESUPUESTO OFICIAL 2026'!B4 -> Mantenimiento del sistema de climatización y equipos electro mecánicos del Centro Administrativo Departamental y sus Sedes Externas LOTE 1
A5: ITEM: | B5: =+'PRESUPUESTO OFICIAL 2026'!B36 -> 3.6 | F5: UNIDAD: | G5: =+'PRESUPUESTO OFICIAL 2026'!H36 -> GLO
A6: DESCRIPCIÓN: | B6: Mantenimiento preventivo a compactadora de 7 toneladas, incluyendo requintada de tornillos, ajustes en sensores de inicio y fin de carrera, limpieza general con aire a presión, lubricación de componentes móviles, revisión de filtros, inspección de tuberías, detección de posibles fugas, verificación de guías y control de niveles de aceite para asegurar su correcto funcionamiento.
A8: I. HERRAMIENTA
A9: Descripción | C9: Tipo | D9: Tarifa/Hora | E9: Rendimiento | F9: Valor Unitario
A10: Herramienta menor | C10: Manual | D10: =G43 -> 121428.28 | E10: 0.05 | F10: =E10*D10 -> 6071.414
F11: =E11*D11 -> 0
F12: SUB-TOTAL | G12: =SUM(F10:F11) -> 6071.414
A14: II. MAQUINARIA Y EQUIPO
A15: Descripción | C15: Unidad | D15: Precio Unitario | E15: Cantidad | F15: Valor Unitario
F16: =+D16*E16 -> 0
F17: =+D17*E17 -> 0
F18: =+D18*E18 -> 0
F19: =+D19*E19 -> 0
F20: =+D20*E20 -> 0
F21: =+D21*E21 -> 0
F22: SUB-TOTAL | G22: =SUM(F21,F20,F19,F18,F17,F16) -> 0
A23: III. MATERIALES EN OBRA | I23: 43500
A24: Descripción | C24: Unidad | D24: Precio Unitario | E24: Cantidad | F24: Valor Unitario | I24: 21200
A25: Grasa lubricante | C25: und | D25: 33900 | E25: 0.2 | F25: =D25*E25 -> 6780 | I25: 34900
F26: =D26*E26 -> 0 | I26: =AVERAGE(I23:I25) -> 33200
F27: =D27*E27 -> 0
F28: =+D28*E28 -> 0
F29: =+D29*E29 -> 0
F30: =+D30*E30 -> 0
F31: =+D31*E31 -> 0
F32: SUB-TOTAL | G32: =SUM(F25:F31) -> 6780
A33: IV. TRANSPORTES
A34: Material | B34: Vol-Peso | C34: Distancia | D34: (M3 ó Ton)/km | E34: Tarifa | F34: Valor Unitario
A36: Trabajador | B36: Jornal | C36: Prestaciones | D36: Jornal Total | E36: Rendimiento | F36: Valor Unitario
F37: =+D37*E37 -> 0
F39: SUB-TOTAL | G39: =SUM(F35:F38) -> 0
A40: IV. MANO DE OBRA
A41: Trabajador | B41: Jornal | C41: Prestaciones | D41: Jornal Total | E41: Rendimiento | F41: Valor Unitario
A42: =+Insumos!B41 -> Cuadrilla(Oficial+Ayudante) | B42: =+Insumos!C40 -> 26152.365 | C42: =+Insumos!D40 -> 14323.729 | D42: =+C42+B42 -> 40476.093 | E42: 3 | F42: =D42*E42 -> 121428.28
F43: SUB-TOTAL | G43: =SUM(F42:F42) -> 121428.28
F45: TOTAL COSTO DIRECTO : | G45: =SUM(G43,G39,G32,G22,G12) -> 134279.69

Sheet APU 4.1
D1: ANALISIS DE PRECIOS UNITARIOS
A3: =+'AU Consul P2'!A3:I3 -> SECRETARÍA DE TALENTO HUMANO Y SERVICIOS ADMINISTRATIVOS- DIRECCIÓN DE SERVICIOS GENERALES
A4: =+'PRESUPUESTO OFICIAL 2026'!B4 -> Mantenimiento del sistema de climatización y equipos electro mecánicos del Centro Administrativo Departamental y sus Sedes Externas LOTE 1
A5: ITEM: | B5: =+'PRESUPUESTO OFICIAL 2026'!B39 -> 4.1 | F5: UNIDAD: | G5: =+'PRESUPUESTO OFICIAL 2026'!H39 -> GLO
A6: DESCRIPCIÓN: | B6: Reparación de electrobomba de impulsión de 12 a 15 HP 220/400V diámetro de salida 2", presión de 140 PSI, trifásica, velocidad de 3500 RPM, incluye kit completo de rodamientos, empaque, tornilleria, sello mecánico y pintura.
A8: I. HERRAMIENTA
A9: Descripción | C9: Tipo | D9: Tarifa/Hora | E9: Rendimiento | F9: Valor Unitario
A10: Herramienta menor | C10: Manual | D10: =G43 -> 80952.187 | E10: 0.1 | F10: =E10*D10 -> 8095.2187
F11: =E11*D11 -> 0
F12: SUB-TOTAL | G12: =SUM(F10:F11) -> 8095.2187
A14: II. MAQUINARIA Y EQUIPO
A15: Descripción | C15: Unidad | D15: Precio Unitario | E15: Cantidad | F15: Valor Unitario
F16: =+D16*E16 -> 0
F17: =+D17*E17 -> 0
F18: =+D18*E18 -> 0
F19: =+D19*E19 -> 0
F20: =+D20*E20 -> 0
F21: =+D21*E21 -> 0
F22: SUB-TOTAL | G22: =SUM(F21,F20,F19,F18,F17,F16) -> 0
A23: III. MATERIALES EN OBRA
A24: Descripción | C24: Unidad | D24: Precio Unitario | E24: Cantidad | F24: Valor Unitario
A25: Rep. Kit Bomba de impulsión HP ( rodamientos, empaque, tornilleria, sello mecánico | C25: und | D25: 802500 | E25: 1 | F25: =D25*E25 -> 802500 | I25: se retira
A26: Pintura | C26: gl | D26: 45000 | E26: 1 | F26: =D26*E26 -> 45000
F27: =+D27*E27 -> 0
F28: =+D28*E28 -> 0
F29: =+D29*E29 -> 0
F30: =+D30*E30 -> 0
F31: =+D31*E31 -> 0
F32: SUB-TOTAL | G32: =SUM(F25:F31) -> 847500
A33: IV. TRANSPORTES
A34: Material | B34: Vol-Peso | C34: Distancia | D34: (M3 ó Ton)/km | E34: Tarifa | F34: Valor Unitario
A36: Trabajador | B36: Jornal | C36: Prestaciones | D36: Jornal Total | E36: Rendimiento | F36: Valor Unitario
F37: =+D37*E37 -> 0
F39: SUB-TOTAL | G39: =SUM(F35:F38) -> 0
A40: IV. MANO DE OBRA
A41: Trabajador | B41: Jornal | C41: Prestaciones | D41: Jornal Total | E41: Rendimiento | F41: Valor Unitario
A42: =+Insumos!B30 -> Cuadrilla (Electrico + Ayudante) | B42: =+Insumos!C40 -> 26152.365 | C42: =+Insumos!D40 -> 14323.729 | D42: =+C42+B42 -> 40476.093 | E42: 2 | F42: =D42*E42 -> 80952.187
F43: SUB-TOTAL | G43: =SUM(F42:F42) -> 80952.187
F45: TOTAL COSTO DIRECTO : | G45: =SUM(G43,G39,G32,G22,G12) -> 936547.41

Sheet APU 4.2
D1: ANALISIS DE PRECIOS UNITARIOS
A3: =+'AU Consul P2'!A3:I3 -> SECRETARÍA DE TALENTO HUMANO Y SERVICIOS ADMINISTRATIVOS- DIRECCIÓN DE SERVICIOS GENERALES
A4: =+'PRESUPUESTO OFICIAL 2026'!B4 -> Mantenimiento del sistema de climatización y equipos electro mecánicos del Centro Administrativo Departamental y sus Sedes Externas LOTE 1
A5: ITEM: | B5: =+'PRESUPUESTO OFICIAL 2026'!B40 -> 4.2 | F5: UNIDAD: | G5: =+'PRESUPUESTO OFICIAL 2026'!H40 -> GLO
A6: DESCRIPCIÓN: | B6: Reparación de motor de puerta eléctrica 220V de 3HP, incluye mantenimiento y lubricación de partes móviles y cambio de partes móviles dañadas.
A8: I. HERRAMIENTA
A9: Descripción | C9: Tipo | D9: Tarifa/Hora | E9: Rendimiento | F9: Valor Unitario
A10: Herramienta menor | C10: Manual | D10: =G43 -> 80952.187 | E10: 0.1 | F10: =E10*D10 -> 8095.2187
F11: =E11*D11 -> 0
F12: SUB-TOTAL | G12: =SUM(F10:F11) -> 8095.2187
A14: II. MAQUINARIA Y EQUIPO
A15: Descripción | C15: Unidad | D15: Precio Unitario | E15: Cantidad | F15: Valor Unitario
F16: =+D16*E16 -> 0
F17: =+D17*E17 -> 0
F18: =+D18*E18 -> 0
F19: =+D19*E19 -> 0
F20: =+D20*E20 -> 0
F21: =+D21*E21 -> 0
F22: SUB-TOTAL | G22: =SUM(F21,F20,F19,F18,F17,F16) -> 0
A23: III. MATERIALES EN OBRA
A24: Descripción | C24: Unidad | D24: Precio Unitario | E24: Cantidad | F24: Valor Unitario
A25: Kit reparación ( | C25: und | D25: 600000 | E25: 1 | F25: =D25*E25 -> 600000
A26: Lubricante | C26: gl | D26: 40000 | E26: 1 | F26: =D26*E26 -> 40000
F28: =+D28*E28 -> 0
F29: =+D29*E29 -> 0
F30: =+D30*E30 -> 0
F31: =+D31*E31 -> 0
F32: SUB-TOTAL | G32: =SUM(F25:F31) -> 640000
A33: IV. TRANSPORTES
A34: Material | B34: Vol-Peso | C34: Distancia | D34: (M3 ó Ton)/km | E34: Tarifa | F34: Valor Unitario
A36: Trabajador | B36: Jornal | C36: Prestaciones | D36: Jornal Total | E36: Rendimiento | F36: Valor Unitario
F37: =+D37*E37 -> 0
F39: SUB-TOTAL | G39: =SUM(F35:F38) -> 0
A40: IV. MANO DE OBRA
A41: Trabajador | B41: Jornal | C41: Prestaciones | D41: Jornal Total | E41: Rendimiento | F41: Valor Unitario
A42: =+Insumos!B30 -> Cuadrilla (Electrico + Ayudante) | B42: =+Insumos!C40 -> 26152.365 | C42: =+Insumos!D40 -> 14323.729 | D42: =+C42+B42 -> 40476.093 | E42: 2 | F42: =D42*E42 -> 80952.187
F43: SUB-TOTAL | G43: =SUM(F42:F42) -> 80952.187
F45: TOTAL COSTO DIRECTO : | G45: =SUM(G43,G39,G32,G22,G12) -> 729047.41

Sheet APU 4.1.
D1: ANALISIS DE PRECIOS UNITARIOS
A3: =+'AU Consul P2'!A3:I3 -> SECRETARÍA DE TALENTO HUMANO Y SERVICIOS ADMINISTRATIVOS- DIRECCIÓN DE SERVICIOS GENERALES | J3: ACDEPOT
A4: =+'PRESUPUESTO OFICIAL 2026'!B41 -> 4.1 | J4: Area | K4: Precio
A5: ITEM: | B5: =+'PRESUPUESTO OFICIAL 2026'!B41 -> 4.1 | F5: UNIDAD: | G5: =+'PRESUPUESTO OFICIAL 2026'!H41 -> m2 | J5: 3.48 | K5: 162792
A6: DESCRIPCIÓN: | B6: Mantenimiento de ductos del Sistema de Distribución de Aire – Incluye inspección del estado y aislamiento de ductos, reparación de fugas, y verificación de soportes, conforme a actividades detalladas en el anexo técnico | J6: 1 | K6: =J6*K5/J5 -> 46779.31
A8: I. HERRAMIENTA | J8: INSULMARKET
A9: Descripción | C9: Tipo | D9: Tarifa/Hora | E9: Rendimiento | F9: Valor Unitario | J9: Area | K9: Precio
A10: Herramienta menor | C10: Manual | D10: =G43 -> 40476.093 | E10: 0.05 | F10: =E10*D10 -> 2023.8047 | J10: =10*(1.2*3) -> 36 | K10: =1618560+(0.19*1618560) -> 1926086.4
A11: Equipo alturas | C11: Alturas | D11: 1400 | E11: 0.3 | F11: =D11*E11 -> 420
F12: =E12*D12 -> 0 | J12: 1 | K12: =J12*K10/J10 -> 53502.4
F13: SUB-TOTAL | G13: =SUM(F10:F12) -> 2443.8047
J14: INSULMARKET
A15: II. MAQUINARIA Y EQUIPO | J15: Area | K15: Precio
A16: Descripción | C16: Unidad | D16: Precio Unitario | E16: Cantidad | F16: Valor Unitario | J16: =10*(1.2*3) -> 36 | K16: =2023200+(0.19*2023200) -> 2407608
F17: =+E17*D17 -> 0 | J17: 1 | K17: =J17*K16/J16 -> 66878
F18: =+D18*E18 -> 0
F19: =+D19*E19 -> 0 | K19: =AVERAGE(K6,K12,K17) -> 55719.903
F20: =+D20*E20 -> 0
F21: =+D21*E21 -> 0 | J21: INSULMARKET
F22: =+D22*E22 -> 0 | J22: Metros | K22: Precio
F23: SUB-TOTAL | G23: =SUM(F22,F21,F20,F19,F18,F17) -> 0 | J23: 50 | K23: =48000+(0.19*48000) -> 57120
A24: III. MATERIALES EN OBRA | J24: 1 | K24: =J24*K23/J23 -> 1142.4
A25: Descripción | C25: Unidad | D25: Precio Unitario | E25: Cantidad | F25: Valor Unitario
A26: Lamina poliisocianurato | C26: m2 | D26: 56000 | E26: 1 | F26: =+D26*E26 -> 56000 | J26: Empaquetaduras y empaques
A27: Cinta foil | C27: und | D27: =+'APU 1,1'!D29 -> 58303.407 | E27: 0.15 | F27: =+D27*E27 -> 8745.511 | J27: Metros | K27: Precio
A28: Pegante industrial | C28: Gal | D28: 105800 | E28: 0.05 | F28: =+D28*E28 -> 5290 | J28: 50 | K28: =75500+(0.19*75500) -> 89845
F29: =+D29*E29 -> 0 | J29: 1 | K29: =J29*K28/J28 -> 1796.9
F30: =+D30*E30 -> 0
F31: =+D31*E31 -> 0
F32: =+D32*E32 -> 0 | J32: Cellux
F33: SUB-TOTAL | G33: =SUM(F26:F32) -> 70035.511 | J33: Metros | K33: Precio
A34: IV. TRANSPORTES | J34: 50 | K34: =35538+(0.19*35538) -> 42290.22
A35: Material | B35: Vol-Peso | C35: Distancia | D35: (M3 ó Ton)/km | E35: Tarifa | F35: Valor Unitario | J35: 1 | K35: =J35*K34/J34 -> 845.8044
A37: Trabajador | B37: Jornal | C37: Prestaciones | D37: Jornal Total | E37: Rendimiento | F37: Valor Unitario | K37: =AVERAGE(K24,K29,K35) -> 1261.7015
F39: SUB-TOTAL | G39: =SUM(F36:F38) -> 0
A40: IV. MANO DE OBRA
A41: Trabajador | B41: Jornal | C41: Prestaciones | D41: Jornal Total | E41: Rendimiento | F41: Valor Unitario
A42: =+Insumos!B39 -> Oficial HVAC+Ayudante | B42: =+Insumos!C40 -> 26152.365 | C42: =+Insumos!D40 -> 14323.729 | D42: =+C42+B42 -> 40476.093 | E42: 1 | F42: =+D42*E42 -> 40476.093
F43: SUB-TOTAL | G43: =SUM(F42:F42) -> 40476.093
K44: 3750
F45: TOTAL COSTO DIRECTO : | G45: =SUM(G43,G39,G33,G23,G13) -> 112955.41
J69: 97000
J70: 100300
J71: 119900
J72: =AVERAGE(J69:J71) -> 105733.33

Sheet APU 4.2.
D1: ANALISIS DE PRECIOS UNITARIOS
A3: =+'AU Consul P2'!A3:I3 -> SECRETARÍA DE TALENTO HUMANO Y SERVICIOS ADMINISTRATIVOS- DIRECCIÓN DE SERVICIOS GENERALES
A4: =+'PRESUPUESTO OFICIAL 2026'!B41 -> 4.1
A5: ITEM: | B5: =+'PRESUPUESTO OFICIAL 2026'!B42 -> 4.2 | F5: UNIDAD: | G5: =+'PRESUPUESTO OFICIAL 2026'!H42 -> GLO
A6: DESCRIPCIÓN: | B6: Suministro, instalación, calibración y retiro del equipo existente para sistemas de presurización tipo HIDROFLO, utilizado en redes hidráulicas de edificaciones. El ítem contempla todas las actividades necesarias para garantizar el funcionamiento correcto del nuevo equipo, cumpliendo con los requisitos técnicos, eléctricos e hidráulicos.
A8: I. HERRAMIENTA
A9: Descripción | C9: Tipo | D9: Tarifa/Hora | E9: Rendimiento | F9: Valor Unitario
A10: Herramienta menor | C10: Manual | D10: =G43 -> 202380.47 | E10: 0.05 | F10: =E10*D10 -> 10119.023
F13: SUB-TOTAL | G13: =SUM(F10:F12) -> 10119.023
A15: II. MAQUINARIA Y EQUIPO
A16: Descripción | C16: Unidad | D16: Precio Unitario | E16: Cantidad | F16: Valor Unitario
F17: =+E17*D17 -> 0
F18: =+D18*E18 -> 0
F19: =+D19*E19 -> 0
F20: =+D20*E20 -> 0
F21: =+D21*E21 -> 0
F22: =+D22*E22 -> 0
F23: SUB-TOTAL | G23: =SUM(F22,F21,F20,F19,F18,F17) -> 0
A24: III. MATERIALES EN OBRA
A25: Descripción | C25: Unidad | D25: Precio Unitario | E25: Cantidad | F25: Valor Unitario
A26: Tanque hidroneumático hydrom-mac 380 L | C26: und | D26: 2524704 | E26: 1 | F26: =+D26*E26 -> 2524704
F27: =+D27*E27 -> 0
F28: =+D28*E28 -> 0
F29: =+D29*E29 -> 0
F30: =+D30*E30 -> 0
F31: =+D31*E31 -> 0
F32: =+D32*E32 -> 0
F33: SUB-TOTAL | G33: =SUM(F26:F32) -> 2524704
A34: IV. TRANSPORTES
A35: Material | B35: Vol-Peso | C35: Distancia | D35: (M3 ó Ton)/km | E35: Tarifa | F35: Valor Unitario
A37: Trabajador | B37: Jornal | C37: Prestaciones | D37: Jornal Total | E37: Rendimiento | F37: Valor Unitario
F39: SUB-TOTAL | G39: =SUM(F36:F38) -> 0
A40: IV. MANO DE OBRA
A41: Trabajador | B41: Jornal | C41: Prestaciones | D41: Jornal Total | E41: Rendimiento | F41: Valor Unitario
A42: =+Insumos!B30 -> Cuadrilla (Electrico + Ayudante) | B42: =+Insumos!C40 -> 26152.365 | C42: =+Insumos!D40 -> 14323.729 | D42: =+C42+B42 -> 40476.093 | E42: 5 | F42: =+D42*E42 -> 202380.47
F43: SUB-TOTAL | G43: =SUM(F42:F42) -> 202380.47
F45: TOTAL COSTO DIRECTO : | G45: =SUM(G43,G39,G33,G23,G13) -> 2737203.5

Sheet APU 4.5
D1: ANALISIS DE PRECIOS UNITARIOS
A3: =+'AU Consul P2'!A3:I3 -> SECRETARÍA DE TALENTO HUMANO Y SERVICIOS ADMINISTRATIVOS- DIRECCIÓN DE SERVICIOS GENERALES
A4: =+'PRESUPUESTO OFICIAL 2026'!B41 -> 4.1
A5: ITEM: | B5: =+'PRESUPUESTO OFICIAL 2026'!B43 -> 4.5 | F5: UNIDAD: | G5: =+'PRESUPUESTO OFICIAL 2026'!H43 -> GLO
A6: DESCRIPCIÓN: | B6: Reparación integral de motor eléctrico con potencia entre 1 y 10 HP, que incluye desmontaje, diagnóstico, sustitución de rodamientos, reparación o rectificación de eje, pintura, conexionado eléctrico y pruebas funcionales para asegurar el correcto funcionamiento del motor.
A8: I. HERRAMIENTA
A9: Descripción | C9: Tipo | D9: Tarifa/Hora | E9: Rendimiento | F9: Valor Unitario
A10: Herramienta menor | C10: Manual | D10: =G43 -> 80952.187 | E10: 0.05 | F10: =E10*D10 -> 4047.6093
F13: SUB-TOTAL | G13: =SUM(F10:F12) -> 4047.6093
A15: II. MAQUINARIA Y EQUIPO
A16: Descripción | C16: Unidad | D16: Precio Unitario | E16: Cantidad | F16: Valor Unitario
F17: =+E17*D17 -> 0
F18: =+D18*E18 -> 0
F19: =+D19*E19 -> 0
F20: =+D20*E20 -> 0
F21: =+D21*E21 -> 0
F22: =+D22*E22 -> 0
F23: SUB-TOTAL | G23: =SUM(F22,F21,F20,F19,F18,F17) -> 0
A24: III. MATERIALES EN OBRA
A25: Descripción | C25: Unidad | D25: Precio Unitario | E25: Cantidad | F25: Valor Unitario
A26: Cable para embobinado | C26: MT | D26: 10000 | F26: =+D26*E26 -> 0 | I26: se retira
A27: Tornilleria general | C27: UND | D27: 33000 | E27: 2 | F27: =+D27*E27 -> 66000
F28: =+D28*E28 -> 0
F29: =+D29*E29 -> 0
F30: =+D30*E30 -> 0
F31: =+D31*E31 -> 0
F32: =+D32*E32 -> 0
F33: SUB-TOTAL | G33: =SUM(F26:F32) -> 66000
A34: IV. TRANSPORTES
A35: Material | B35: Vol-Peso | C35: Distancia | D35: (M3 ó Ton)/km | E35: Tarifa | F35: Valor Unitario
A37: Trabajador | B37: Jornal | C37: Prestaciones | D37: Jornal Total | E37: Rendimiento | F37: Valor Unitario
F39: SUB-TOTAL | G39: =SUM(F36:F38) -> 0
A40: IV. MANO DE OBRA
A41: Trabajador | B41: Jornal | C41: Prestaciones | D41: Jornal Total | E41: Rendimiento | F41: Valor Unitario
A42: =+Insumos!B30 -> Cuadrilla (Electrico + Ayudante) | B42: =+Insumos!C40 -> 26152.365 | C42: =+Insumos!D40 -> 14323.729 | D42: =+C42+B42 -> 40476.093 | E42: 2 | F42: =+D42*E42 -> 80952.187
F43: SUB-TOTAL | G43: =SUM(F42:F42) -> 80952.187
F45: TOTAL COSTO DIRECTO : | G45: =SUM(G43,G39,G33,G23,G13) -> 150999.8

Sheet APU 4.3.
D1: ANALISIS DE PRECIOS UNITARIOS
A3: =+'AU Consul P2'!A3:I3 -> SECRETARÍA DE TALENTO HUMANO Y SERVICIOS ADMINISTRATIVOS- DIRECCIÓN DE SERVICIOS GENERALES
A4: =+'PRESUPUESTO OFICIAL 2026'!B41 -> 4.1
A5: ITEM: | B5: =+'PRESUPUESTO OFICIAL 2026'!B44 -> 4.3 | F5: UNIDAD: | G5: =+'PRESUPUESTO OFICIAL 2026'!H44 -> GLO
A6: DESCRIPCIÓN: | B6: Suministro, retiro e instalación de contactor trifásico 3 polos, 25 amperios, categoría AC3, tensión de bobina 220V 60Hz, con contacto auxiliar normalmente abierto (1NA). Incluye desconexión del contactor averiado, verificación del cableado, montaje del nuevo equipo, pruebas de funcionamiento y puesta en marcha.
A8: I. HERRAMIENTA
A9: Descripción | C9: Tipo | D9: Tarifa/Hora | E9: Rendimiento | F9: Valor Unitario
A10: Herramienta menor | C10: Manual | D10: =G43 -> 40476.093 | E10: 0.05 | F10: =E10*D10 -> 2023.8047
L11: =130330 -> 130330 | M11: =L11*1.19 -> 155092.7
L12: 59530 | M12: 59530
F13: SUB-TOTAL | G13: =SUM(F10:F12) -> 2023.8047 | L13: 81000 | M13: 81000
M14: =AVERAGE(M11:M13) -> 98540.9
A15: II. MAQUINARIA Y EQUIPO
A16: Descripción | C16: Unidad | D16: Precio Unitario | E16: Cantidad | F16: Valor Unitario
F18: =+D18*E18 -> 0
F19: =+D19*E19 -> 0
F20: =+D20*E20 -> 0
F21: =+D21*E21 -> 0
F22: =+D22*E22 -> 0
F23: SUB-TOTAL | G23: =SUM(F22,F21,F20,F19,F18,F17) -> 0
A24: III. MATERIALES EN OBRA
A25: Descripción | C25: Unidad | D25: Precio Unitario | E25: Cantidad | F25: Valor Unitario
A26: Contactor 3P 1NA 25A AC3 220VAC 60 HZ | C26: und | D26: 98600 | E26: 1 | F26: =+D26*E26 -> 98600
A27: Cinta aislante | C27: und | D27: =+'APU 1,1'!D30 -> 5553.3333 | E27: 0.1 | F27: =+E27*D27 -> 555.33333
F28: =+D28*E28 -> 0
F29: =+D29*E29 -> 0
F30: =+D30*E30 -> 0
F31: =+D31*E31 -> 0
F32: =+D32*E32 -> 0
F33: SUB-TOTAL | G33: =SUM(F26:F32) -> 99155.333
A34: IV. TRANSPORTES
A35: Material | B35: Vol-Peso | C35: Distancia | D35: (M3 ó Ton)/km | E35: Tarifa | F35: Valor Unitario
A37: Trabajador | B37: Jornal | C37: Prestaciones | D37: Jornal Total | E37: Rendimiento | F37: Valor Unitario
F39: SUB-TOTAL | G39: =SUM(F36:F38) -> 0
A40: IV. MANO DE OBRA
A41: Trabajador | B41: Jornal | C41: Prestaciones | D41: Jornal Total | E41: Rendimiento | F41: Valor Unitario
A42: =+Insumos!B30 -> Cuadrilla (Electrico + Ayudante) | B42: =+Insumos!C40 -> 26152.365 | C42: =+Insumos!D40 -> 14323.729 | D42: =+C42+B42 -> 40476.093 | E42: 1 | F42: =+D42*E42 -> 40476.093
F43: SUB-TOTAL | G43: =SUM(F42:F42) -> 40476.093
F45: TOTAL COSTO DIRECTO : | G45: =SUM(G43,G39,G33,G23,G13) -> 141655.23

Sheet APU 4.4.
D1: ANALISIS DE PRECIOS UNITARIOS
A3: =+'AU Consul P2'!A3:I3 -> SECRETARÍA DE TALENTO HUMANO Y SERVICIOS ADMINISTRATIVOS- DIRECCIÓN DE SERVICIOS GENERALES
A4: =+'PRESUPUESTO OFICIAL 2026'!B41 -> 4.1
A5: ITEM: | B5: =+'PRESUPUESTO OFICIAL 2026'!B45 -> 4.4 | F5: UNIDAD: | G5: =+'PRESUPUESTO OFICIAL 2026'!H45 -> GLO
A6: DESCRIPCIÓN: | B6: Suministro, retiro e instalación de relé térmico de 25 amperios compatible con contactor trifásico. Incluye desmontaje del relé averiado, conexión del nuevo equipo, verificación de fases, pruebas de disparo y puesta en funcionamiento del sistema.
A8: I. HERRAMIENTA
A9: Descripción | C9: Tipo | D9: Tarifa/Hora | E9: Rendimiento | F9: Valor Unitario
A10: Herramienta menor | C10: Manual | D10: =G43 -> 40476.093 | E10: 0.05 | F10: =E10*D10 -> 2023.8047
F13: SUB-TOTAL | G13: =SUM(F10:F12) -> 2023.8047
A15: II. MAQUINARIA Y EQUIPO
A16: Descripción | C16: Unidad | D16: Precio Unitario | E16: Cantidad | F16: Valor Unitario
M17: 51008
F18: =+D18*E18 -> 0 | M18: 45684
F19: =+D19*E19 -> 0 | M19: 50000
F20: =+D20*E20 -> 0 | M20: =AVERAGE(M17:M19) -> 48897.333
F21: =+D21*E21 -> 0
F22: =+D22*E22 -> 0
F23: SUB-TOTAL | G23: =SUM(F22,F21,F20,F19,F18,F17) -> 0
A24: III. MATERIALES EN OBRA
A25: Descripción | C25: Unidad | D25: Precio Unitario | E25: Cantidad | F25: Valor Unitario
A26: Rele termico 17-25 A | C26: und | D26: 49000 | E26: 1 | F26: =+D26*E26 -> 49000
A27: Cinta aislante | C27: und | D27: =+'APU 1,1'!D30 -> 5553.3333 | E27: 0.1 | F27: =+E27*D27 -> 555.33333
F28: =+D28*E28 -> 0
F29: =+D29*E29 -> 0
F30: =+D30*E30 -> 0
F31: =+D31*E31 -> 0
F32: =+D32*E32 -> 0
F33: SUB-TOTAL | G33: =SUM(F26:F32) -> 49555.333
A34: IV. TRANSPORTES
A35: Material | B35: Vol-Peso | C35: Distancia | D35: (M3 ó Ton)/km | E35: Tarifa | F35: Valor Unitario
A37: Trabajador | B37: Jornal | C37: Prestaciones | D37: Jornal Total | E37: Rendimiento | F37: Valor Unitario
F39: SUB-TOTAL | G39: =SUM(F36:F38) -> 0
A40: IV. MANO DE OBRA
A41: Trabajador | B41: Jornal | C41: Prestaciones | D41: Jornal Total | E41: Rendimiento | F41: Valor Unitario
A42: =+Insumos!B30 -> Cuadrilla (Electrico + Ayudante) | B42: =+Insumos!C40 -> 26152.365 | C42: =+Insumos!D40 -> 14323.729 | D42: =+C42+B42 -> 40476.093 | E42: 1 | F42: =+D42*E42 -> 40476.093
F43: SUB-TOTAL | G43: =SUM(F42:F42) -> 40476.093
F45: TOTAL COSTO DIRECTO : | G45: =SUM(G43,G39,G33,G23,G13) -> 92055.231

Sheet APU 4.5. 
D1: ANALISIS DE PRECIOS UNITARIOS
A3: =+'AU Consul P2'!A3:I3 -> SECRETARÍA DE TALENTO HUMANO Y SERVICIOS ADMINISTRATIVOS- DIRECCIÓN DE SERVICIOS GENERALES
A4: =+'PRESUPUESTO OFICIAL 2026'!B41 -> 4.1
A5: ITEM: | B5: =+'PRESUPUESTO OFICIAL 2026'!B46 -> 4.5 | F5: UNIDAD: | G5: =+'PRESUPUESTO OFICIAL 2026'!H46 -> GLO
A6: DESCRIPCIÓN: | B6: Suministro, retiro e instalación de temporizador electrónico AC110V 16A 250VAC. Incluye desmontaje del equipo anterior, instalación del nuevo dispositivo, conexión eléctrica, verificación de continuidad y puesta en funcionamiento del sistema.
A8: I. HERRAMIENTA
A9: Descripción | C9: Tipo | D9: Tarifa/Hora | E9: Rendimiento | F9: Valor Unitario
A10: Herramienta menor | C10: Manual | D10: =G43 -> 40476.093 | E10: 0.1 | F10: =E10*D10 -> 4047.6093
F13: SUB-TOTAL | G13: =SUM(F10:F12) -> 4047.6093
A15: II. MAQUINARIA Y EQUIPO
A16: Descripción | C16: Unidad | D16: Precio Unitario | E16: Cantidad | F16: Valor Unitario
A17: Cinta aislante | C17: und | D17: =+'APU 1,1'!D30 -> 5553.3333 | E17: 0.1 | F17: =+E17*D17 -> 555.33333 | M17: 92000
F18: =+D18*E18 -> 0 | M18: 70000
F19: =+D19*E19 -> 0 | M19: 65000
F20: =+D20*E20 -> 0 | M20: {=AVERAGE(M17:M19)} -> 75666.667
F21: =+D21*E21 -> 0
F22: =+D22*E22 -> 0
F23: SUB-TOTAL | G23: =SUM(F22,F21,F20,F19,F18,F17) -> 555.33333
A24: III. MATERIALES EN OBRA
A25: Descripción | C25: Unidad | D25: Precio Unitario | E25: Cantidad | F25: Valor Unitario
A26: Temporizador electrónico AC110V 16A 250VAC | C26: und | D26: 76000 | E26: 1 | F26: =+D26*E26 -> 76000
F27: =+D27*E27 -> 0
F28: =+D28*E28 -> 0
F29: =+D29*E29 -> 0
F30: =+D30*E30 -> 0
F31: =+D31*E31 -> 0
F32: =+D32*E32 -> 0
F33: SUB-TOTAL | G33: =SUM(F26:F32) -> 76000
A34: IV. TRANSPORTES
A35: Material | B35: Vol-Peso | C35: Distancia | D35: (M3 ó Ton)/km | E35: Tarifa | F35: Valor Unitario
A37: Trabajador | B37: Jornal | C37: Prestaciones | D37: Jornal Total | E37: Rendimiento | F37: Valor Unitario
F39: SUB-TOTAL | G39: =SUM(F36:F38) -> 0
A40: IV. MANO DE OBRA
A41: Trabajador | B41: Jornal | C41: Prestaciones | D41: Jornal Total | E41: Rendimiento | F41: Valor Unitario
A42: =+Insumos!B30 -> Cuadrilla (Electrico + Ayudante) | B42: =+Insumos!C40 -> 26152.365 | C42: =+Insumos!D40 -> 14323.729 | D42: =+C42+B42 -> 40476.093 | E42: 1 | F42: =+D42*E42 -> 40476.093
F43: SUB-TOTAL | G43: =SUM(F42:F42) -> 40476.093
F45: TOTAL COSTO DIRECTO : | G45: =SUM(G43,G39,G33,G23,G13) -> 121079.04

Sheet APU 4.6.
D1: ANALISIS DE PRECIOS UNITARIOS
A3: =+'AU Consul P2'!A3:I3 -> SECRETARÍA DE TALENTO HUMANO Y SERVICIOS ADMINISTRATIVOS- DIRECCIÓN DE SERVICIOS GENERALES
A4: =+'PRESUPUESTO OFICIAL 2026'!B41 -> 4.1
A5: ITEM: | B5: =+'PRESUPUESTO OFICIAL 2026'!B47 -> 4.6 | F5: UNIDAD: | G5: =+'PRESUPUESTO OFICIAL 2026'!H47 -> GLO
A6: DESCRIPCIÓN: | B6: Suministro e instalación de chumacera tipo flanche cuadrado UCF209-28, con eje de 1-3/4", incluyendo retiro de la unidad existente, limpieza y preparación del área de montaje, montaje del nuevo rodamiento, alineación con el eje, fijación con pernos, aplicación de lubricante y verificación de funcionamiento.
A8: I. HERRAMIENTA
A9: Descripción | C9: Tipo | D9: Tarifa/Hora | E9: Rendimiento | F9: Valor Unitario
A10: Herramienta menor | C10: Manual | D10: =G43 -> 161904.37 | E10: 0.1 | F10: =E10*D10 -> 16190.437
F13: SUB-TOTAL | G13: =SUM(F10:F12) -> 16190.437
A15: II. MAQUINARIA Y EQUIPO
A16: Descripción | C16: Unidad | D16: Precio Unitario | E16: Cantidad | F16: Valor Unitario
M17: 128200
F18: =+D18*E18 -> 0 | M18: 114900
F19: =+D19*E19 -> 0 | M19: 124394.51
F20: =+D20*E20 -> 0 | M20: =AVERAGE(M17:M19) -> 122498.17
F21: =+D21*E21 -> 0
F22: =+D22*E22 -> 0
F23: SUB-TOTAL | G23: =SUM(F22,F21,F20,F19,F18,F17) -> 0
A24: III. MATERIALES EN OBRA
A25: Descripción | C25: Unidad | D25: Precio Unitario | E25: Cantidad | F25: Valor Unitario
A26: Chumacera tipo flanche cuadrado UCF209-28, con eje de 1-3/4" | C26: und | D26: 122500 | E26: 1 | F26: =+D26*E26 -> 122500
A27: Cinta aislante | C27: und | D27: =+'APU 1,1'!D30 -> 5553.3333 | E27: 0.1 | F27: =+E27*D27 -> 555.33333
F28: =+D28*E28 -> 0
F29: =+D29*E29 -> 0
F30: =+D30*E30 -> 0
F31: =+D31*E31 -> 0
F32: =+D32*E32 -> 0
F33: SUB-TOTAL | G33: =SUM(F26:F32) -> 123055.33
A34: IV. TRANSPORTES
A35: Material | B35: Vol-Peso | C35: Distancia | D35: (M3 ó Ton)/km | E35: Tarifa | F35: Valor Unitario
A37: Trabajador | B37: Jornal | C37: Prestaciones | D37: Jornal Total | E37: Rendimiento | F37: Valor Unitario
F39: SUB-TOTAL | G39: =SUM(F36:F38) -> 0
A40: IV. MANO DE OBRA
A41: Trabajador | B41: Jornal | C41: Prestaciones | D41: Jornal Total | E41: Rendimiento | F41: Valor Unitario
A42: =+Insumos!B39 -> Oficial HVAC+Ayudante | B42: =+Insumos!C40 -> 26152.365 | C42: =+Insumos!D40 -> 14323.729 | D42: =+C42+B42 -> 40476.093 | E42: 4 | F42: =+D42*E42 -> 161904.37
F43: SUB-TOTAL | G43: =SUM(F42:F42) -> 161904.37
F45: TOTAL COSTO DIRECTO : | G45: =SUM(G43,G39,G33,G23,G13) -> 301150.14

Sheet APU 4.7.
D1: ANALISIS DE PRECIOS UNITARIOS
A3: =+'AU Consul P2'!A3:I3 -> SECRETARÍA DE TALENTO HUMANO Y SERVICIOS ADMINISTRATIVOS- DIRECCIÓN DE SERVICIOS GENERALES
A4: =+'PRESUPUESTO OFICIAL 2026'!B41 -> 4.1
A5: ITEM: | B5: =+'PRESUPUESTO OFICIAL 2026'!B48 -> 4.7 | F5: UNIDAD: | G5: =+'PRESUPUESTO OFICIAL 2026'!H48 -> GLO
A6: DESCRIPCIÓN: | B6: Suministro e instalación de bomba de condensado para sistema de drenaje, incluyendo el retiro de la bomba existente (si aplica), desconexión eléctrica e hidráulica, limpieza del área de trabajo, preparación de puntos de anclaje, conexión de línea de drenaje, instalación del nuevo equipo, reconexión eléctrica con pruebas de funcionamiento.
A8: I. HERRAMIENTA
A9: Descripción | C9: Tipo | D9: Tarifa/Hora | E9: Rendimiento | F9: Valor Unitario
A10: Herramienta menor | C10: Manual | D10: =G43 -> 80952.187 | E10: 0.1 | F10: =E10*D10 -> 8095.2187
F13: SUB-TOTAL | G13: =SUM(F10:F12) -> 8095.2187
A15: II. MAQUINARIA Y EQUIPO
A16: Descripción | C16: Unidad | D16: Precio Unitario | E16: Cantidad | F16: Valor Unitario | M16: 303450
M17: 175000
F18: =+D18*E18 -> 0 | M18: 224000
F19: =+D19*E19 -> 0 | M19: 250000
F20: =+D20*E20 -> 0 | M20: =AVERAGE(M16:M19) -> 238112.5
F21: =+D21*E21 -> 0
F22: =+D22*E22 -> 0
F23: SUB-TOTAL | G23: =SUM(F22,F21,F20,F19,F18,F17) -> 0
A24: III. MATERIALES EN OBRA
A25: Descripción | C25: Unidad | D25: Precio Unitario | E25: Cantidad | F25: Valor Unitario
A26: Bomba de condensado tipo tanque 220V | C26: und | D26: 238113 | E26: 1 | F26: =+D26*E26 -> 238113
A27: Cinta aislante | C27: und | D27: =+'APU 1,1'!D30 -> 5553.3333 | E27: 0.1 | F27: =+E27*D27 -> 555.33333
F28: =+D28*E28 -> 0
F29: =+D29*E29 -> 0
F30: =+D30*E30 -> 0
F31: =+D31*E31 -> 0
F32: =+D32*E32 -> 0
F33: SUB-TOTAL | G33: =SUM(F26:F32) -> 238668.33
A34: IV. TRANSPORTES
A35: Material | B35: Vol-Peso | C35: Distancia | D35: (M3 ó Ton)/km | E35: Tarifa | F35: Valor Unitario
A37: Trabajador | B37: Jornal | C37: Prestaciones | D37: Jornal Total | E37: Rendimiento | F37: Valor Unitario
F39: SUB-TOTAL | G39: =SUM(F36:F38) -> 0
A40: IV. MANO DE OBRA
A41: Trabajador | B41: Jornal | C41: Prestaciones | D41: Jornal Total | E41: Rendimiento | F41: Valor Unitario
A42: =+Insumos!B39 -> Oficial HVAC+Ayudante | B42: =+Insumos!C40 -> 26152.365 | C42: =+Insumos!D40 -> 14323.729 | D42: =+C42+B42 -> 40476.093 | E42: 2 | F42: =+D42*E42 -> 80952.187
F43: SUB-TOTAL | G43: =SUM(F42:F42) -> 80952.187
F45: TOTAL COSTO DIRECTO : | G45: =SUM(G43,G39,G33,G23,G13) -> 327715.74

Sheet ESTRUCTURA APU
D1: ANALISIS DE PRECIOS UNITARIOS
A3: =#REF! -> #REF!
A4: =#REF! -> #REF!
A5: ITEM: | F5: UNIDAD:
A6: DESCRIPCIÓN:
A8: I. MAQUINARIA, EQUIPO Y HERRAMIENTA MENOR
A9: Descripción | C9: Tipo | D9: Tarifa/Hora | E9: Rendimiento | F9: Valor Unitario
F10: =E10*D10 -> 0
F11: =E11*D11 -> 0
F12: =E12*D12 -> 0
F14: SUB-TOTAL | G14: =SUM(F10:F13) -> 0
A15: II. MATERIALES EN OBRA
A16: Descripción | C16: Unidad | D16: Precio Unitario | E16: Cantidad | F16: Valor Unitario
F17: =E17*D17 -> 0
F18: =E18*D18 -> 0
F19: =E19*D19 -> 0
F20: =E20*D20 -> 0
F21: =E21*D21 -> 0
F22: =E22*D22 -> 0
F23: =E23*D23 -> 0
F24: =E24*D24 -> 0
F25: =E25*D25 -> 0
F26: =E26*D26 -> 0
F27: =E27*D27 -> 0
F28: =E28*D28 -> 0
... F30: =E30*D30 -> 0
F31: SUB-TOTAL | G31: =SUM(F17:F30) -> 0
A32: III. TRANSPORTES
A33: Trasporte externo | B33: Vol-Peso | C33: Distancia | D33: (M3 ó Ton)/km | E33: Tarifa | F33: Valor Unitario
F34: =+E34 -> 0
A35: Trasiego interno (Trabajador) | B35: Jornal | C35: Prestaciones | D35: Jornal Total | E35: Rendimiento | F35: Valor Unitario
F36: =D36/ E36 -> #DIV/0!
F39: SUB-TOTAL | G39: =SUM(F34:F38) -> #DIV/0!
A40: IV. MANO DE OBRA
A41: Trabajador | B41: Jornal | C41: Prestaciones | D41: Jornal Total | E41: Rendimiento | F41: Valor Unitario
D42: =C42+B42 -> 0 | F42: =D42/E42 -> #DIV/0!
D43: =C43+B43 -> 0 | F43: =D43/E43 -> #DIV/0!
F46: SUB-TOTAL | G46: =SUM(F42:F45) -> #DIV/0!
F48: TOTAL COSTO DIRECTO : | G48: =ROUND(G14+G31+G39+G46,0) -> #DIV/0!

Sheet Hoja1

Sheet APU 4.8.
D1: ANALISIS DE PRECIOS UNITARIOS
A3: =+'AU Consul P2'!A3:I3 -> SECRETARÍA DE TALENTO HUMANO Y SERVICIOS ADMINISTRATIVOS- DIRECCIÓN DE SERVICIOS GENERALES
A4: =+'PRESUPUESTO OFICIAL 2026'!B41 -> 4.1
A5: ITEM: | B5: =+'PRESUPUESTO OFICIAL 2026'!B49 -> 4.8 | F5: UNIDAD: | G5: =+'PRESUPUESTO OFICIAL 2026'!H49 -> GLO
A6: DESCRIPCIÓN: | B6: Suministro e instalación de prefiltros tipo guata y filtros HEPA en extractores y unidades manejadoras de aire (UMA) del laboratorio departamental, incluyendo retiro y disposición de filtros usados, limpieza de portafiltros, pruebas de ajuste y registro de mantenimiento preventivo, de acuerdo con especificaciones técnicas y normativas vigentes.
A8: I. HERRAMIENTA
A9: Descripción | C9: Tipo | D9: Tarifa/Hora | E9: Rendimiento | F9: Valor Unitario
A10: Herramienta menor | C10: Manual | D10: =G43 -> 20238.047 | E10: 0.05 | F10: =E10*D10 -> 1011.9023
F13: SUB-TOTAL | G13: =SUM(F10:F12) -> 1011.9023
A15: II. MAQUINARIA Y EQUIPO
A16: Descripción | C16: Unidad | D16: Precio Unitario | E16: Cantidad | F16: Valor Unitario
F17: =+E17*D17 -> 0 | L17: 258500 | M17: =L17*1.19 -> 307615
F18: =+D18*E18 -> 0
F19: =+D19*E19 -> 0
F20: =+D20*E20 -> 0
F21: =+D21*E21 -> 0
F22: =+D22*E22 -> 0
F23: SUB-TOTAL | G23: =SUM(F22,F21,F20,F19,F18,F17) -> 0
A24: III. MATERIALES EN OBRA
A25: Descripción | C25: Unidad | D25: Precio Unitario | E25: Cantidad | F25: Valor Unitario
A26: Filtro tipo cartucho HEPA | C26: und | D26: 307615 | E26: 1 | F26: =+D26*E26 -> 307615 | L26: 24800
A27: Prefiltro tela guata | C27: m | D27: 18050 | E27: 0.5 | F27: =+D27*E27 -> 9025 | L27: 14850
F28: =+D28*E28 -> 0 | L28: 14500
F29: =+D29*E29 -> 0 | L29: =AVERAGE(L26:L28) -> 18050
F30: =+D30*E30 -> 0
F31: =+D31*E31 -> 0
F32: =+D32*E32 -> 0
F33: SUB-TOTAL | G33: =SUM(F26:F32) -> 316640
A34: IV. TRANSPORTES
A35: Material | B35: Vol-Peso | C35: Distancia | D35: (M3 ó Ton)/km | E35: Tarifa | F35: Valor Unitario
A37: Trabajador | B37: Jornal | C37: Prestaciones | D37: Jornal Total | E37: Rendimiento | F37: Valor Unitario
F39: SUB-TOTAL | G39: =SUM(F36:F38) -> 0
A40: IV. MANO DE OBRA
A41: Trabajador | B41: Jornal | C41: Prestaciones | D41: Jornal Total | E41: Rendimiento | F41: Valor Unitario
A42: =+Insumos!B39 -> Oficial HVAC+Ayudante | B42: =+Insumos!C40 -> 26152.365 | C42: =+Insumos!D40 -> 14323.729 | D42: =+C42+B42 -> 40476.093 | E42: 0.5 | F42: =+D42*E42 -> 20238.047
F43: SUB-TOTAL | G43: =SUM(F42:F42) -> 20238.047
F45: TOTAL COSTO DIRECTO : | G45: =SUM(G43,G39,G33,G23,G13) -> 337889.95

Sheet APU 4.9.
D1: ANALISIS DE PRECIOS UNITARIOS
A3: =+'AU Consul P2'!A3:I3 -> SECRETARÍA DE TALENTO HUMANO Y SERVICIOS ADMINISTRATIVOS- DIRECCIÓN DE SERVICIOS GENERALES
A4: =+'PRESUPUESTO OFICIAL 2026'!B41 -> 4.1
A5: ITEM: | B5: =+'PRESUPUESTO OFICIAL 2026'!B50 -> 4.9 | F5: UNIDAD: | G5: =+'PRESUPUESTO OFICIAL 2026'!H50 -> GLO
A6: DESCRIPCIÓN: | B6: Suministro, instalación y puesta en marcha de extractor axial de 6 pulgadas para baños y cafetines del Centro Administrativo Departamental (CAD), incluyendo materiales, conexión eléctrica, fijación mecánica, sellado y pruebas de funcionamiento, conforme a especificaciones técnicas del fabricante
A8: I. HERRAMIENTA
A9: Descripción | C9: Tipo | D9: Tarifa/Hora | E9: Rendimiento | F9: Valor Unitario
A10: Herramienta menor | C10: Manual | D10: =G43 -> 80952.187 | E10: 0.05 | F10: =E10*D10 -> 4047.6093
F13: SUB-TOTAL | G13: =SUM(F10:F12) -> 4047.6093
A15: II. MAQUINARIA Y EQUIPO
A16: Descripción | C16: Unidad | D16: Precio Unitario | E16: Cantidad | F16: Valor Unitario
M17: 83000
F18: =+D18*E18 -> 0 | M18: 76945
F19: =+D19*E19 -> 0 | M19: 119900
F20: =+D20*E20 -> 0 | M20: =AVERAGE(M17:M19) -> 93281.667
F21: =+D21*E21 -> 0
F22: =+D22*E22 -> 0
F23: SUB-TOTAL | G23: =SUM(F22,F21,F20,F19,F18,F17) -> 0
A24: III. MATERIALES EN OBRA
A25: Descripción | C25: Unidad | D25: Precio Unitario | E25: Cantidad | F25: Valor Unitario
A26: Extractor de aire 6" con rejilla | C26: 1 | D26: 93282 | E26: 1 | F26: =+D26*E26 -> 93282
A27: Cinta aislante | C27: und | D27: =+'APU 1,1'!D30 -> 5553.3333 | E27: 0.2 | F27: =+E27*D27 -> 1110.6667
F28: =+D28*E28 -> 0
F29: =+D29*E29 -> 0
F30: =+D30*E30 -> 0
F31: =+D31*E31 -> 0
F32: =+D32*E32 -> 0
F33: SUB-TOTAL | G33: =SUM(F26:F32) -> 94392.667
A34: IV. TRANSPORTES
A35: Material | B35: Vol-Peso | C35: Distancia | D35: (M3 ó Ton)/km | E35: Tarifa | F35: Valor Unitario
A37: Trabajador | B37: Jornal | C37: Prestaciones | D37: Jornal Total | E37: Rendimiento | F37: Valor Unitario
F39: SUB-TOTAL | G39: =SUM(F36:F38) -> 0
A40: IV. MANO DE OBRA
A41: Trabajador | B41: Jornal | C41: Prestaciones | D41: Jornal Total | E41: Rendimiento | F41: Valor Unitario
A42: =+Insumos!B30 -> Cuadrilla (Electrico + Ayudante) | B42: =+Insumos!C40 -> 26152.365 | C42: =+Insumos!D40 -> 14323.729 | D42: =+C42+B42 -> 40476.093 | E42: 2 | F42: =+D42*E42 -> 80952.187
F43: SUB-TOTAL | G43: =SUM(F42:F42) -> 80952.187
F45: TOTAL COSTO DIRECTO : | G45: =SUM(G43,G39,G33,G23,G13) -> 179392.46
